Workbook
Name AXL_Debt: [1]AXL_BS!$B$65
Name AXL_Debt: [1]AXL_BS!$B$65
Name AXL_Debt: [1]AXL_BS!$B$65
Name BEA_Debt: #REF!
Name BWA_Debt: [1]BWA_BS!$B$111
Name BWA_Debt: [1]BWA_BS!$B$111
Name BWA_Debt: [1]BWA_BS!$B$111
Name DAN_Debt: [1]DAN_BS!$B$94
Name DAN_Debt: [1]DAN_BS!$B$94
Name DAN_Debt: [1]DAN_BS!$B$94
Name GNTX_NCI: [1]GNTX_LTM!$E$13
Name GNTX_NCI: [1]GNTX_LTM!$E$13
Name GNTX_NCI: [1]GNTX_LTM!$E$13
Name GNTX_Net_Debt: [1]GNTX_LTM!$E$11
Name GNTX_Net_Debt: [1]GNTX_LTM!$E$11
Name GNTX_Net_Debt: [1]GNTX_LTM!$E$11
Name GNTX_PS: [1]GNTX_LTM!$E$12
Name GNTX_PS: [1]GNTX_LTM!$E$12
Name GNTX_PS: [1]GNTX_LTM!$E$12
Name IQ_CH: 110000
Name IQ_CQ: 5000
Name IQ_CY: 10000
Name IQ_DAILY: 500000
Name IQ_FH: 100000
Name IQ_FQ: 500
Name IQ_FY: 1000
Name IQ_LTM: 2000
Name IQ_MONTH: 15000
Name IQ_NTM: 6000
Name IQ_WEEK: 50000
Name IQ_YTD: 3000
Name Krispy_Cash_LQ: [2]KKD_BS_LQ!$B$3
Name Krispy_Cash_LQ: [2]KKD_BS_LQ!$B$3
Name Krispy_Cash_LQ: [2]KKD_BS_LQ!$B$3
Name Krispy_EBITDA_LTM: [2]KKD_LTM!$E$6
Name Krispy_EBITDA_LTM: [2]KKD_LTM!$E$6
Name Krispy_EBITDA_LTM: [2]KKD_LTM!$E$6
Name LEA_Debt: [1]LEA_BS!$B$58
Name LEA_Debt: [1]LEA_BS!$B$58
Name LEA_Debt: [1]LEA_BS!$B$58
Name TAP_LTM: #REF!
Name THRM_Debt: [1]THRM_BS!$B$78
Name THRM_Debt: [1]THRM_BS!$B$78
Name THRM_Debt: [1]THRM_BS!$B$78
Name VC_Debt: [1]VC_BS!$B$109
Name VC_Debt: [1]VC_BS!$B$109
Name VC_Debt: [1]VC_BS!$B$109

Sheet Title

Sheet Ratio Analysis
A1: FINANCIAL RATIOS
A2: Financial Ratios | B2: 2020 | C2: 2021 | D2: 2022 | E2: 2023 | F2: 2024 | G2: Peer Average 2024 | I2: Index/Match Function Inputs for Ratios
A3: Liquidity | I3: Liquidity
A4: Current Ratio | B4: =INDEX('Balance Sheet'!$A$10:$F$64,MATCH('Ratio Analysis'!$J$4,'Balance Sheet'!$A$10:$A$64,0),MATCH('Ratio Analysis'!B$2,'Balance Sheet'!$A$11:$F$11,0))/INDEX('Balance Sheet'!$A$10:$F$64,MATCH('Ratio Analysis'!$K$4,'Balance Sheet'!$A$10:$A$64,0),MATCH('Ratio Analysis'!B$2,'Balance Sheet'!$A$11:$F$11,0)) -> 0.61868222 | C4: =INDEX('Balance Sheet'!$A$10:$F$64,MATCH('Ratio Analysis'!$J$4,'Balance Sheet'!$A$10:$A$64,0),MATCH('Ratio Analysis'!C$2,'Balance Sheet'!$A$11:$F$11,0))/INDEX('Balance Sheet'!$A$10:$F$64,MATCH('Ratio Analysis'!$K$4,'Balance Sheet'!$A$10:$A$64,0),MATCH('Ratio Analysis'!C$2,'Balance Sheet'!$A$11:$F$11,0)) -> 0.76713047 | D4: =INDEX('Balance Sheet'!$A$10:$F$64,MATCH('Ratio Analysis'!$J$4,'Balance Sheet'!$A$10:$A$64,0),MATCH('Ratio Analysis'!D$2,'Balance Sheet'!$A$11:$F$11,0))/INDEX('Balance Sheet'!$A$10:$F$64,MATCH('Ratio Analysis'!$K$4,'Balance Sheet'!$A$10:$A$64,0),MATCH('Ratio Analysis'!D$2,'Balance Sheet'!$A$11:$F$11,0)) -> 0.781537 | E4: =INDEX('Balance Sheet'!$A$10:$F$64,MATCH('Ratio Analysis'!$J$4,'Balance Sheet'!$A$10:$A$64,0),MATCH('Ratio Analysis'!E$2,'Balance Sheet'!$A$11:$F$11,0))/INDEX('Balance Sheet'!$A$10:$F$64,MATCH('Ratio Analysis'!$K$4,'Balance Sheet'!$A$10:$A$64,0),MATCH('Ratio Analysis'!E$2,'Balance Sheet'!$A$11:$F$11,0)) -> 0.69601231 | F4: =INDEX('Balance Sheet'!$A$10:$F$64,MATCH('Ratio Analysis'!$J$4,'Balance Sheet'!$A$10:$A$64,0),MATCH('Ratio Analysis'!F$2,'Balance Sheet'!$A$11:$F$11,0))/INDEX('Balance Sheet'!$A$10:$F$64,MATCH('Ratio Analysis'!$K$4,'Balance Sheet'!$A$10:$A$64,0),MATCH('Ratio Analysis'!F$2,'Balance Sheet'!$A$11:$F$11,0)) -> 0.9353737 | G4: =AVERAGE(B29,B43,B57,B71) -> 1.1124197 | I4: Current Ratio | J4: Total Current Assets | K4: Total Current Liabilities
A5: Quick Ratio | B5: =(INDEX('Balance Sheet'!$A$10:$F$64,MATCH('Ratio Analysis'!$J$5,'Balance Sheet'!$A$10:$A$64,0),MATCH('Ratio Analysis'!B$2,'Balance Sheet'!$A$11:$F$11,0))-INDEX('Balance Sheet'!$A$10:$F$64,MATCH('Ratio Analysis'!$K$5,'Balance Sheet'!$A$10:$A$64,0),MATCH('Ratio Analysis'!B$2,'Balance Sheet'!$A$11:$F$11,0)))/INDEX('Balance Sheet'!$A$10:$F$64,MATCH('Ratio Analysis'!$L$5,'Balance Sheet'!$A$10:$A$64,0),MATCH('Ratio Analysis'!B$2,'Balance Sheet'!$A$11:$F$11,0)) -> 0.44876714 | C5: =(INDEX('Balance Sheet'!$A$10:$F$64,MATCH('Ratio Analysis'!$J$5,'Balance Sheet'!$A$10:$A$64,0),MATCH('Ratio Analysis'!C$2,'Balance Sheet'!$A$11:$F$11,0))-INDEX('Balance Sheet'!$A$10:$F$64,MATCH('Ratio Analysis'!$K$5,'Balance Sheet'!$A$10:$A$64,0),MATCH('Ratio Analysis'!C$2,'Balance Sheet'!$A$11:$F$11,0)))/INDEX('Balance Sheet'!$A$10:$F$64,MATCH('Ratio Analysis'!$L$5,'Balance Sheet'!$A$10:$A$64,0),MATCH('Ratio Analysis'!C$2,'Balance Sheet'!$A$11:$F$11,0)) -> 0.54497267 | D5: =(INDEX('Balance Sheet'!$A$10:$F$64,MATCH('Ratio Analysis'!$J$5,'Balance Sheet'!$A$10:$A$64,0),MATCH('Ratio Analysis'!D$2,'Balance Sheet'!$A$11:$F$11,0))-INDEX('Balance Sheet'!$A$10:$F$64,MATCH('Ratio Analysis'!$K$5,'Balance Sheet'!$A$10:$A$64,0),MATCH('Ratio Analysis'!D$2,'Balance Sheet'!$A$11:$F$11,0)))/INDEX('Balance Sheet'!$A$10:$F$64,MATCH('Ratio Analysis'!$L$5,'Balance Sheet'!$A$10:$A$64,0),MATCH('Ratio Analysis'!D$2,'Balance Sheet'!$A$11:$F$11,0)) -> 0.54663151 | E5: =(INDEX('Balance Sheet'!$A$10:$F$64,MATCH('Ratio Analysis'!$J$5,'Balance Sheet'!$A$10:$A$64,0),MATCH('Ratio Analysis'!E$2,'Balance Sheet'!$A$11:$F$11,0))-INDEX('Balance Sheet'!$A$10:$F$64,MATCH('Ratio Analysis'!$K$5,'Balance Sheet'!$A$10:$A$64,0),MATCH('Ratio Analysis'!E$2,'Balance Sheet'!$A$11:$F$11,0)))/INDEX('Balance Sheet'!$A$10:$F$64,MATCH('Ratio Analysis'!$L$5,'Balance Sheet'!$A$10:$A$64,0),MATCH('Ratio Analysis'!E$2,'Balance Sheet'!$A$11:$F$11,0)) -> 0.49997557 | F5: =(INDEX('Balance Sheet'!$A$10:$F$64,MATCH('Ratio Analysis'!$J$5,'Balance Sheet'!$A$10:$A$64,0),MATCH('Ratio Analysis'!F$2,'Balance Sheet'!$A$11:$F$11,0))-INDEX('Balance Sheet'!$A$10:$F$64,MATCH('Ratio Analysis'!$K$5,'Balance Sheet'!$A$10:$A$64,0),MATCH('Ratio Analysis'!F$2,'Balance Sheet'!$A$11:$F$11,0)))/INDEX('Balance Sheet'!$A$10:$F$64,MATCH('Ratio Analysis'!$L$5,'Balance Sheet'!$A$10:$A$64,0),MATCH('Ratio Analysis'!F$2,'Balance Sheet'!$A$11:$F$11,0)) -> 0.69637462 | G5: =AVERAGE(B30,B44,B58,B72) -> 0.64284975 | I5: Quick Ratio | J5: Total Current Assets | K5: Inventory | L5: Total Current Liabilities
A7: Activity/Efficiency | I7: Activity/Efficiency
A8: Avg. Days Inventory Out. | B8: =365/(INDEX('Income Statement'!$A$10:$F$57,MATCH('Ratio Analysis'!$J$8,'Income Statement'!$A$10:$A$57,0),MATCH('Ratio Analysis'!B$2,'Income Statement'!$A$11:$F$11,0))/INDEX('Balance Sheet'!$A$10:$F$64,MATCH('Ratio Analysis'!$K$8,'Balance Sheet'!$A$10:$A$64,0),MATCH('Ratio Analysis'!B$2,'Balance Sheet'!$A$11:$F$11,0))) -> 41.390468 | C8: =365/(INDEX('Income Statement'!$A$10:$F$57,MATCH('Ratio Analysis'!$J$8,'Income Statement'!$A$10:$A$57,0),MATCH('Ratio Analysis'!C$2,'Income Statement'!$A$11:$F$11,0))/INDEX('Balance Sheet'!$A$10:$F$64,MATCH('Ratio Analysis'!$K$8,'Balance Sheet'!$A$10:$A$64,0),MATCH('Ratio Analysis'!C$2,'Balance Sheet'!$A$11:$F$11,0))) -> 47.173361 | D8: =365/(INDEX('Income Statement'!$A$10:$F$57,MATCH('Ratio Analysis'!$J$8,'Income Statement'!$A$10:$A$57,0),MATCH('Ratio Analysis'!D$2,'Income Statement'!$A$11:$F$11,0))/INDEX('Balance Sheet'!$A$10:$F$64,MATCH('Ratio Analysis'!$K$8,'Balance Sheet'!$A$10:$A$64,0),MATCH('Ratio Analysis'!D$2,'Balance Sheet'!$A$11:$F$11,0))) -> 41.075321 | E8: =365/(INDEX('Income Statement'!$A$10:$F$57,MATCH('Ratio Analysis'!$J$8,'Income Statement'!$A$10:$A$57,0),MATCH('Ratio Analysis'!E$2,'Income Statement'!$A$11:$F$11,0))/INDEX('Balance Sheet'!$A$10:$F$64,MATCH('Ratio Analysis'!$K$8,'Balance Sheet'!$A$10:$A$64,0),MATCH('Ratio Analysis'!E$2,'Balance Sheet'!$A$11:$F$11,0))) -> 39.932841 | F8: =365/(INDEX('Income Statement'!$A$10:$F$57,MATCH('Ratio Analysis'!$J$8,'Income Statement'!$A$10:$A$57,0),MATCH('Ratio Analysis'!F$2,'Income Statement'!$A$11:$F$11,0))/INDEX('Balance Sheet'!$A$10:$F$64,MATCH('Ratio Analysis'!$K$8,'Balance Sheet'!$A$10:$A$64,0),MATCH('Ratio Analysis'!F$2,'Balance Sheet'!$A$11:$F$11,0))) -> 37.448827 | G8: =AVERAGE(B31,B45,B59,B73) -> 82.023469 | I8: Avg. Days Inventory Out. | J8: Cost Of Goods Sold | K8: Inventory
A9: Avg. Days Sales Out. | B9: =365/(INDEX('Income Statement'!$A$10:$F$15,MATCH('Ratio Analysis'!$J$9,'Income Statement'!$A$10:$A$15,0),MATCH('Ratio Analysis'!B$2,'Income Statement'!$A$11:$F$11,0))/INDEX('Balance Sheet'!$A$10:$F$19,MATCH('Ratio Analysis'!$K$9,'Balance Sheet'!$A$10:$A$19,0),MATCH('Ratio Analysis'!$B$2,'Balance Sheet'!$A$11:$F$11,0))) -> 20.779366 | C9: =365/(INDEX('Income Statement'!$A$10:$F$15,MATCH('Ratio Analysis'!$J$9,'Income Statement'!$A$10:$A$15,0),MATCH('Ratio Analysis'!C$2,'Income Statement'!$A$11:$F$11,0))/INDEX('Balance Sheet'!$A$10:$F$19,MATCH('Ratio Analysis'!$K$9,'Balance Sheet'!$A$10:$A$19,0),MATCH('Ratio Analysis'!$B$2,'Balance Sheet'!$A$11:$F$11,0))) -> 19.514577 | D9: =365/(INDEX('Income Statement'!$A$10:$F$15,MATCH('Ratio Analysis'!$J$9,'Income Statement'!$A$10:$A$15,0),MATCH('Ratio Analysis'!D$2,'Income Statement'!$A$11:$F$11,0))/INDEX('Balance Sheet'!$A$10:$F$19,MATCH('Ratio Analysis'!$K$9,'Balance Sheet'!$A$10:$A$19,0),MATCH('Ratio Analysis'!$B$2,'Balance Sheet'!$A$11:$F$11,0))) -> 18.746285 | E9: =365/(INDEX('Income Statement'!$A$10:$F$15,MATCH('Ratio Analysis'!$J$9,'Income Statement'!$A$10:$A$15,0),MATCH('Ratio Analysis'!E$2,'Income Statement'!$A$11:$F$11,0))/INDEX('Balance Sheet'!$A$10:$F$19,MATCH('Ratio Analysis'!$K$9,'Balance Sheet'!$A$10:$A$19,0),MATCH('Ratio Analysis'!$B$2,'Balance Sheet'!$A$11:$F$11,0))) -> 17.142564 | F9: =365/(INDEX('Income Statement'!$A$10:$F$15,MATCH('Ratio Analysis'!$J$9,'Income Statement'!$A$10:$A$15,0),MATCH('Ratio Analysis'!F$2,'Income Statement'!$A$11:$F$11,0))/INDEX('Balance Sheet'!$A$10:$F$19,MATCH('Ratio Analysis'!$K$9,'Balance Sheet'!$A$10:$A$19,0),MATCH('Ratio Analysis'!$B$2,'Balance Sheet'!$A$11:$F$11,0))) -> 17.25329 | G9: =AVERAGE(B32,B46,B60,B74) -> 27.170988 | I9: Avg. Days Sales Out. | J9: Revenue | K9: Accounts Receivable
A10: Total Asset Turnover | B10: =INDEX('Income Statement'!$A$10:$F$15,MATCH('Ratio Analysis'!$J$10,'Income Statement'!$A$10:$A$15,0),MATCH('Ratio Analysis'!B$2,'Income Statement'!$A$11:$F$11,0))/INDEX('Balance Sheet'!$A$10:$F$35,MATCH('Ratio Analysis'!$K$10,'Balance Sheet'!$A$10:$A$35,0),MATCH('Ratio Analysis'!B$2,'Balance Sheet'!$A$11:$F$11,0)) -> 0.35322398 | C10: =INDEX('Income Statement'!$A$10:$F$15,MATCH('Ratio Analysis'!$J$10,'Income Statement'!$A$10:$A$15,0),MATCH('Ratio Analysis'!C$2,'Income Statement'!$A$11:$F$11,0))/INDEX('Balance Sheet'!$A$10:$F$35,MATCH('Ratio Analysis'!$K$10,'Balance Sheet'!$A$10:$A$35,0),MATCH('Ratio Analysis'!C$2,'Balance Sheet'!$A$11:$F$11,0)) -> 0.37219668 | D10: =INDEX('Income Statement'!$A$10:$F$15,MATCH('Ratio Analysis'!$J$10,'Income Statement'!$A$10:$A$15,0),MATCH('Ratio Analysis'!D$2,'Income Statement'!$A$11:$F$11,0))/INDEX('Balance Sheet'!$A$10:$F$35,MATCH('Ratio Analysis'!$K$10,'Balance Sheet'!$A$10:$A$35,0),MATCH('Ratio Analysis'!D$2,'Balance Sheet'!$A$11:$F$11,0)) -> 0.41367233 | E10: =INDEX('Income Statement'!$A$10:$F$15,MATCH('Ratio Analysis'!$J$10,'Income Statement'!$A$10:$A$15,0),MATCH('Ratio Analysis'!E$2,'Income Statement'!$A$11:$F$11,0))/INDEX('Balance Sheet'!$A$10:$F$35,MATCH('Ratio Analysis'!$K$10,'Balance Sheet'!$A$10:$A$35,0),MATCH('Ratio Analysis'!E$2,'Balance Sheet'!$A$11:$F$11,0)) -> 0.44367983 | F10: =INDEX('Income Statement'!$A$10:$F$15,MATCH('Ratio Analysis'!$J$10,'Income Statement'!$A$10:$A$15,0),MATCH('Ratio Analysis'!F$2,'Income Statement'!$A$11:$F$11,0))/INDEX('Balance Sheet'!$A$10:$F$35,MATCH('Ratio Analysis'!$K$10,'Balance Sheet'!$A$10:$A$35,0),MATCH('Ratio Analysis'!F$2,'Balance Sheet'!$A$11:$F$11,0)) -> 0.4460891 | G10: =AVERAGE(B33,B47,B61,B75) -> 0.68150225 | I10: Total Asset Turnover | J10: Revenue | K10: Total Assets
A12: Leverage/Coverage | I12: Leverage/Coverage
A13: Total Debt Ratio | B13: =(INDEX('Balance Sheet'!$A$10:$F$64,MATCH('Ratio Analysis'!$J$13,'Balance Sheet'!$A$10:$A$64,0),MATCH('Ratio Analysis'!B$2,'Balance Sheet'!$A$11:$F$11,0))-INDEX('Balance Sheet'!$A$10:$F$64,MATCH('Ratio Analysis'!$K$13,'Balance Sheet'!$A$10:$A$64,0),MATCH('Ratio Analysis'!B$2,'Balance Sheet'!$A$11:$F$11,0)))/INDEX('Balance Sheet'!$A$10:$F$64,MATCH('Ratio Analysis'!$J$13,'Balance Sheet'!$A$10:$A$64,0),MATCH('Ratio Analysis'!B$2,'Balance Sheet'!$A$11:$F$11,0)) -> 0.53820739 | C13: =(INDEX('Balance Sheet'!$A$10:$F$64,MATCH('Ratio Analysis'!$J$13,'Balance Sheet'!$A$10:$A$64,0),MATCH('Ratio Analysis'!C$2,'Balance Sheet'!$A$11:$F$11,0))-INDEX('Balance Sheet'!$A$10:$F$64,MATCH('Ratio Analysis'!$K$13,'Balance Sheet'!$A$10:$A$64,0),MATCH('Ratio Analysis'!C$2,'Balance Sheet'!$A$11:$F$11,0)))/INDEX('Balance Sheet'!$A$10:$F$64,MATCH('Ratio Analysis'!$J$13,'Balance Sheet'!$A$10:$A$64,0),MATCH('Ratio Analysis'!C$2,'Balance Sheet'!$A$11:$F$11,0)) -> 0.50526449 | D13: =(INDEX('Balance Sheet'!$A$10:$F$64,MATCH('Ratio Analysis'!$J$13,'Balance Sheet'!$A$10:$A$64,0),MATCH('Ratio Analysis'!D$2,'Balance Sheet'!$A$11:$F$11,0))-INDEX('Balance Sheet'!$A$10:$F$64,MATCH('Ratio Analysis'!$K$13,'Balance Sheet'!$A$10:$A$64,0),MATCH('Ratio Analysis'!D$2,'Balance Sheet'!$A$11:$F$11,0)))/INDEX('Balance Sheet'!$A$10:$F$64,MATCH('Ratio Analysis'!$J$13,'Balance Sheet'!$A$10:$A$64,0),MATCH('Ratio Analysis'!D$2,'Balance Sheet'!$A$11:$F$11,0)) -> 0.50073256 | E13: =(INDEX('Balance Sheet'!$A$10:$F$64,MATCH('Ratio Analysis'!$J$13,'Balance Sheet'!$A$10:$A$64,0),MATCH('Ratio Analysis'!E$2,'Balance Sheet'!$A$11:$F$11,0))-INDEX('Balance Sheet'!$A$10:$F$64,MATCH('Ratio Analysis'!$K$13,'Balance Sheet'!$A$10:$A$64,0),MATCH('Ratio Analysis'!E$2,'Balance Sheet'!$A$11:$F$11,0)))/INDEX('Balance Sheet'!$A$10:$F$64,MATCH('Ratio Analysis'!$J$13,'Balance Sheet'!$A$10:$A$64,0),MATCH('Ratio Analysis'!E$2,'Balance Sheet'!$A$11:$F$11,0)) -> 0.49061425 | F13: =(INDEX('Balance Sheet'!$A$10:$F$64,MATCH('Ratio Analysis'!$J$13,'Balance Sheet'!$A$10:$A$64,0),MATCH('Ratio Analysis'!F$2,'Balance Sheet'!$A$11:$F$11,0))-INDEX('Balance Sheet'!$A$10:$F$64,MATCH('Ratio Analysis'!$K$13,'Balance Sheet'!$A$10:$A$64,0),MATCH('Ratio Analysis'!F$2,'Balance Sheet'!$A$11:$F$11,0)))/INDEX('Balance Sheet'!$A$10:$F$64,MATCH('Ratio Analysis'!$J$13,'Balance Sheet'!$A$10:$A$64,0),MATCH('Ratio Analysis'!F$2,'Balance Sheet'!$A$11:$F$11,0)) -> 0.4838649 | G13: =AVERAGE(B34,B48,B62,B76) -> 0.36924825 | I13: Total Debt Ratio | J13: Total Assets | K13: Total Equity
A14: Times Interest Earned | B14: =INDEX('Income Statement'!$A$10:$F$57,MATCH('Ratio Analysis'!$J$14,'Income Statement'!$A$10:$A$57,0),MATCH('Ratio Analysis'!B$2,'Income Statement'!$A$11:$F$11,0))/INDEX('Income Statement'!$A$10:$F$57,MATCH('Ratio Analysis'!$K$14,'Income Statement'!$A$10:$A$57,0),MATCH('Ratio Analysis'!B$2,'Income Statement'!$A$11:$F$11,0))*-1 -> 5.0589949 | C14: =INDEX('Income Statement'!$A$10:$F$57,MATCH('Ratio Analysis'!$J$14,'Income Statement'!$A$10:$A$57,0),MATCH('Ratio Analysis'!C$2,'Income Statement'!$A$11:$F$11,0))/INDEX('Income Statement'!$A$10:$F$57,MATCH('Ratio Analysis'!$K$14,'Income Statement'!$A$10:$A$57,0),MATCH('Ratio Analysis'!C$2,'Income Statement'!$A$11:$F$11,0))*-1 -> 5.9366116 | D14: =INDEX('Income Statement'!$A$10:$F$57,MATCH('Ratio Analysis'!$J$14,'Income Statement'!$A$10:$A$57,0),MATCH('Ratio Analysis'!D$2,'Income Statement'!$A$11:$F$11,0))/INDEX('Income Statement'!$A$10:$F$57,MATCH('Ratio Analysis'!$K$14,'Income Statement'!$A$10:$A$57,0),MATCH('Ratio Analysis'!D$2,'Income Statement'!$A$11:$F$11,0))*-1 -> 4.5051875 | E14: =INDEX('Income Statement'!$A$10:$F$57,MATCH('Ratio Analysis'!$J$14,'Income Statement'!$A$10:$A$57,0),MATCH('Ratio Analysis'!E$2,'Income Statement'!$A$11:$F$11,0))/INDEX('Income Statement'!$A$10:$F$57,MATCH('Ratio Analysis'!$K$14,'Income Statement'!$A$10:$A$57,0),MATCH('Ratio Analysis'!E$2,'Income Statement'!$A$11:$F$11,0))*-1 -> 6.8337607 | F14: =INDEX('Income Statement'!$A$10:$F$57,MATCH('Ratio Analysis'!$J$14,'Income Statement'!$A$10:$A$57,0),MATCH('Ratio Analysis'!F$2,'Income Statement'!$A$11:$F$11,0))/INDEX('Income Statement'!$A$10:$F$57,MATCH('Ratio Analysis'!$K$14,'Income Statement'!$A$10:$A$57,0),MATCH('Ratio Analysis'!F$2,'Income Statement'!$A$11:$F$11,0))*-1 -> 6.4057305 | G14: =AVERAGE(B35,B49,B77) -> 5.7229727 | I14: Times Interest Earned | J14: Operating Income | K14: Interest Expense
A16: Profitability | I16: Profitability
A17: Gross Margin % | B17: =INDEX('Income Statement'!$A$10:$F$57,MATCH('Ratio Analysis'!$J$17,'Income Statement'!$A$10:$A$57,0),MATCH('Ratio Analysis'!B$2,'Income Statement'!$A$11:$F$11,0))/INDEX('Income Statement'!$A$10:$F$57,MATCH('Ratio Analysis'!$K$17,'Income Statement'!$A$10:$A$57,0),MATCH('Ratio Analysis'!B$2,'Income Statement'!$A$11:$F$11,0)) -> 0.39319453 | C17: =INDEX('Income Statement'!$A$10:$F$57,MATCH('Ratio Analysis'!$J$17,'Income Statement'!$A$10:$A$57,0),MATCH('Ratio Analysis'!C$2,'Income Statement'!$A$11:$F$11,0))/INDEX('Income Statement'!$A$10:$F$57,MATCH('Ratio Analysis'!$K$17,'Income Statement'!$A$10:$A$57,0),MATCH('Ratio Analysis'!C$2,'Income Statement'!$A$11:$F$11,0)) -> 0.39431112 | D17: =INDEX('Income Statement'!$A$10:$F$57,MATCH('Ratio Analysis'!$J$17,'Income Statement'!$A$10:$A$57,0),MATCH('Ratio Analysis'!D$2,'Income Statement'!$A$11:$F$11,0))/INDEX('Income Statement'!$A$10:$F$57,MATCH('Ratio Analysis'!$K$17,'Income Statement'!$A$10:$A$57,0),MATCH('Ratio Analysis'!D$2,'Income Statement'!$A$11:$F$11,0)) -> 0.34157555 | E17: =INDEX('Income Statement'!$A$10:$F$57,MATCH('Ratio Analysis'!$J$17,'Income Statement'!$A$10:$A$57,0),MATCH('Ratio Analysis'!E$2,'Income Statement'!$A$11:$F$11,0))/INDEX('Income Statement'!$A$10:$F$57,MATCH('Ratio Analysis'!$K$17,'Income Statement'!$A$10:$A$57,0),MATCH('Ratio Analysis'!E$2,'Income Statement'!$A$11:$F$11,0)) -> 0.3733347 | F17: =INDEX('Income Statement'!$A$10:$F$57,MATCH('Ratio Analysis'!$J$17,'Income Statement'!$A$10:$A$57,0),MATCH('Ratio Analysis'!F$2,'Income Statement'!$A$11:$F$11,0))/INDEX('Income Statement'!$A$10:$F$57,MATCH('Ratio Analysis'!$K$17,'Income Statement'!$A$10:$A$57,0),MATCH('Ratio Analysis'!F$2,'Income Statement'!$A$11:$F$11,0)) -> 0.38990281 | G17: =AVERAGE(B36,B50,B64,B78) -> 0.46611775 | I17: Gross Margin % | J17: Gross Profit | K17: Revenue
A18: EBIT Margin % | B18: =INDEX('Income Statement'!$A$10:$F$28,MATCH('Ratio Analysis'!$J$18,'Income Statement'!$A$10:$A$28,0),MATCH('Ratio Analysis'!B$2,'Income Statement'!$A$11:$F$11,0))/INDEX('Income Statement'!$A$10:$F$28,MATCH('Ratio Analysis'!$K$18,'Income Statement'!$A$10:$A$28,0),MATCH('Ratio Analysis'!B$2,'Income Statement'!$A$11:$F$11,0)) -> 0.1438989 | C18: =INDEX('Income Statement'!$A$10:$F$28,MATCH('Ratio Analysis'!$J$18,'Income Statement'!$A$10:$A$28,0),MATCH('Ratio Analysis'!C$2,'Income Statement'!$A$11:$F$11,0))/INDEX('Income Statement'!$A$10:$F$28,MATCH('Ratio Analysis'!$K$18,'Income Statement'!$A$10:$A$28,0),MATCH('Ratio Analysis'!C$2,'Income Statement'!$A$11:$F$11,0)) -> 0.1503254 | D18: =INDEX('Income Statement'!$A$10:$F$28,MATCH('Ratio Analysis'!$J$18,'Income Statement'!$A$10:$A$28,0),MATCH('Ratio Analysis'!D$2,'Income Statement'!$A$11:$F$11,0))/INDEX('Income Statement'!$A$10:$F$28,MATCH('Ratio Analysis'!$K$18,'Income Statement'!$A$10:$A$28,0),MATCH('Ratio Analysis'!D$2,'Income Statement'!$A$11:$F$11,0)) -> 0.10550416 | E18: =INDEX('Income Statement'!$A$10:$F$28,MATCH('Ratio Analysis'!$J$18,'Income Statement'!$A$10:$A$28,0),MATCH('Ratio Analysis'!E$2,'Income Statement'!$A$11:$F$11,0))/INDEX('Income Statement'!$A$10:$F$28,MATCH('Ratio Analysis'!$K$18,'Income Statement'!$A$10:$A$28,0),MATCH('Ratio Analysis'!E$2,'Income Statement'!$A$11:$F$11,0)) -> 0.13665069 | F18: =INDEX('Income Statement'!$A$10:$F$28,MATCH('Ratio Analysis'!$J$18,'Income Statement'!$A$10:$A$28,0),MATCH('Ratio Analysis'!F$2,'Income Statement'!$A$11:$F$11,0))/INDEX('Income Statement'!$A$10:$F$28,MATCH('Ratio Analysis'!$K$18,'Income Statement'!$A$10:$A$28,0),MATCH('Ratio Analysis'!F$2,'Income Statement'!$A$11:$F$11,0)) -> 0.15574955 | G18: =AVERAGE(B37,B51,B65,B79) -> 0.19490425 | I18: EBIT Margin % | J18: Operating Income | K18: Revenue
A19: Return on Assets % | B19: =INDEX('Income Statement'!$A$10:$F$57,MATCH('Ratio Analysis'!$J$19,'Income Statement'!$A$10:$A$57,0),MATCH('Ratio Analysis'!B$2,'Income Statement'!$A$11:$F$11,0))/INDEX('Balance Sheet'!$A$10:$F$35,MATCH('Ratio Analysis'!$K$19,'Balance Sheet'!$A$10:$A$35,0),MATCH('Ratio Analysis'!B$2,'Balance Sheet'!$A$11:$F$11,0)) -> -0.034722349 | C19: =INDEX('Income Statement'!$A$10:$F$57,MATCH('Ratio Analysis'!$J$19,'Income Statement'!$A$10:$A$57,0),MATCH('Ratio Analysis'!C$2,'Income Statement'!$A$11:$F$11,0))/INDEX('Balance Sheet'!$A$10:$F$35,MATCH('Ratio Analysis'!$K$19,'Balance Sheet'!$A$10:$A$35,0),MATCH('Ratio Analysis'!C$2,'Balance Sheet'!$A$11:$F$11,0)) -> 0.036413339 | D19: =INDEX('Income Statement'!$A$10:$F$57,MATCH('Ratio Analysis'!$J$19,'Income Statement'!$A$10:$A$57,0),MATCH('Ratio Analysis'!D$2,'Income Statement'!$A$11:$F$11,0))/INDEX('Balance Sheet'!$A$10:$F$35,MATCH('Ratio Analysis'!$K$19,'Balance Sheet'!$A$10:$A$35,0),MATCH('Ratio Analysis'!D$2,'Balance Sheet'!$A$11:$F$11,0)) -> -0.0067766339 | E19: =INDEX('Income Statement'!$A$10:$F$57,MATCH('Ratio Analysis'!$J$19,'Income Statement'!$A$10:$A$57,0),MATCH('Ratio Analysis'!E$2,'Income Statement'!$A$11:$F$11,0))/INDEX('Balance Sheet'!$A$10:$F$35,MATCH('Ratio Analysis'!$K$19,'Balance Sheet'!$A$10:$A$35,0),MATCH('Ratio Analysis'!E$2,'Balance Sheet'!$A$11:$F$11,0)) -> 0.035977115 | F19: =INDEX('Income Statement'!$A$10:$F$57,MATCH('Ratio Analysis'!$J$19,'Income Statement'!$A$10:$A$57,0),MATCH('Ratio Analysis'!F$2,'Income Statement'!$A$11:$F$11,0))/INDEX('Balance Sheet'!$A$10:$F$35,MATCH('Ratio Analysis'!$K$19,'Balance Sheet'!$A$10:$A$35,0),MATCH('Ratio Analysis'!F$2,'Balance Sheet'!$A$11:$F$11,0)) -> 0.043062733 | G19: =AVERAGE(B38,B52,B66,B80) -> 0.059713 | I19: Return on Assets % | J19: Net Income | K19: Total Assets
A20: Return on Equity % | B20: =INDEX('Income Statement'!$A$10:$F$57,MATCH('Ratio Analysis'!$J$19,'Income Statement'!$A$10:$A$57,0),MATCH('Ratio Analysis'!B$2,'Income Statement'!$A$11:$F$11,0))/INDEX('Balance Sheet'!$A$10:$F$64,MATCH('Ratio Analysis'!$K$20,'Balance Sheet'!$A$10:$A$64,0),MATCH('Ratio Analysis'!B$2,'Balance Sheet'!$A$11:$F$11,0)) -> -0.075190353 | C20: =INDEX('Income Statement'!$A$10:$F$57,MATCH('Ratio Analysis'!$J$19,'Income Statement'!$A$10:$A$57,0),MATCH('Ratio Analysis'!C$2,'Income Statement'!$A$11:$F$11,0))/INDEX('Balance Sheet'!$A$10:$F$64,MATCH('Ratio Analysis'!$K$20,'Balance Sheet'!$A$10:$A$64,0),MATCH('Ratio Analysis'!C$2,'Balance Sheet'!$A$11:$F$11,0)) -> 0.073601628 | D20: =INDEX('Income Statement'!$A$10:$F$57,MATCH('Ratio Analysis'!$J$19,'Income Statement'!$A$10:$A$57,0),MATCH('Ratio Analysis'!D$2,'Income Statement'!$A$11:$F$11,0))/INDEX('Balance Sheet'!$A$10:$F$64,MATCH('Ratio Analysis'!$K$20,'Balance Sheet'!$A$10:$A$64,0),MATCH('Ratio Analysis'!D$2,'Balance Sheet'!$A$11:$F$11,0)) -> -0.013573154 | E20: =INDEX('Income Statement'!$A$10:$F$57,MATCH('Ratio Analysis'!$J$19,'Income Statement'!$A$10:$A$57,0),MATCH('Ratio Analysis'!E$2,'Income Statement'!$A$11:$F$11,0))/INDEX('Balance Sheet'!$A$10:$F$64,MATCH('Ratio Analysis'!$K$20,'Balance Sheet'!$A$10:$A$64,0),MATCH('Ratio Analysis'!E$2,'Balance Sheet'!$A$11:$F$11,0)) -> 0.070628429 | F20: =INDEX('Income Statement'!$A$10:$F$57,MATCH('Ratio Analysis'!$J$19,'Income Statement'!$A$10:$A$57,0),MATCH('Ratio Analysis'!F$2,'Income Statement'!$A$11:$F$11,0))/INDEX('Balance Sheet'!$A$10:$F$64,MATCH('Ratio Analysis'!$K$20,'Balance Sheet'!$A$10:$A$64,0),MATCH('Ratio Analysis'!F$2,'Balance Sheet'!$A$11:$F$11,0)) -> 0.083433065 | G20: =AVERAGE(B39,B53,B67,B81) -> 0.095207 | I20: Return on Equity % | J20: Net Income | K20: Total Equity
A21: Decompose ROE using Dupont Identity | I21: Decompose ROE using Dupont Identity
A22: Profit Margin | B22: ='Income Statement'!B57/'Income Statement'!B13 -> -0.098301222 | C22: ='Income Statement'!C57/'Income Statement'!C13 -> 0.097833594 | D22: ='Income Statement'!D57/'Income Statement'!D13 -> -0.016381647 | E22: ='Income Statement'!E57/'Income Statement'!E13 -> 0.08108801 | F22: ='Income Statement'!F57/'Income Statement'!F13 -> 0.09653393 | I22: Profit Margin | J22: Net Income | K22: Revenue
A23: Asset Turnover | B23: =B10 -> 0.35322398 | C23: =C10 -> 0.37219668 | D23: =D10 -> 0.41367233 | E23: =E10 -> 0.44367983 | F23: =F10 -> 0.4460891 | I23: Asset Turnover
A24: Equity Multipler | B24: ='Balance Sheet'!B35/'Balance Sheet'!B62 -> 2.1654742 | C24: ='Balance Sheet'!C35/'Balance Sheet'!C62 -> 2.021282 | D24: ='Balance Sheet'!D35/'Balance Sheet'!D62 -> 2.0029345 | E24: ='Balance Sheet'!E35/'Balance Sheet'!E62 -> 1.9631488 | F24: ='Balance Sheet'!F35/'Balance Sheet'!F62 -> 1.9374772 | I24: Equity Multipler | J24: Total Assets | K24: Total Equity
A25: ROE % | B25: =B22*B23*B24 -> -0.075190353 | C25: =C22*C23*C24 -> 0.073601628 | D25: =D22*D23*D24 -> -0.013573154 | E25: =E22*E23*E24 -> 0.070628429 | F25: =F22*F23*F24 -> 0.083433065 | I25: ROE %
A26: *Peer Group Consists Of: Heineken N.V. (ENXTAM:HEIA), Anheuser-Busch InBev SA/NV (ENXTBR:ABI), The Boston Beer Company, Inc. (NYSE:SAM), and Constellation Brands, Inc. (NYSE:STZ).
A28: Ratios Heinekein | B28: 2024
A29: Current Ratio | B29: =INDEX('Heineken Ratios'!$A$12:$F$159,MATCH('Ratio Analysis'!$A29,'Heineken Ratios'!$A$12:$A$159,0),MATCH('Ratio Analysis'!$F$2,'Heineken Ratios'!$A$13:$F$13,0)) -> 0.765486 | M29: Financial Ratios | N29: Coors 2024 | O29: Peer Average 2024
A30: Quick Ratio | B30: =INDEX('Heineken Ratios'!$A$12:$F$159,MATCH('Ratio Analysis'!$A30,'Heineken Ratios'!$A$12:$A$159,0),MATCH('Ratio Analysis'!$F$2,'Heineken Ratios'!$A$13:$F$13,0)) -> 0.459404 | M30: Avg. Days Inventory Out. | N30: 37.448827 | O30: 82.023469
A31: Avg. Days Inventory Out. | B31: =INDEX('Heineken Ratios'!$A$12:$F$159,MATCH('Ratio Analysis'!$A31,'Heineken Ratios'!$A$12:$A$159,0),MATCH('Ratio Analysis'!$F$2,'Heineken Ratios'!$A$13:$F$13,0)) -> 70.357644 | M31: Avg. Days Sales Out. | N31: 17.25329 | O31: 27.170988
A32: Avg. Days Sales Out. | B32: =INDEX('Heineken Ratios'!$A$12:$F$159,MATCH('Ratio Analysis'!$A32,'Heineken Ratios'!$A$12:$A$159,0),MATCH('Ratio Analysis'!$F$2,'Heineken Ratios'!$A$13:$F$13,0)) -> 39.894
A33: Total Asset Turnover | B33: =INDEX('Heineken Ratios'!$A$12:$F$159,MATCH('Ratio Analysis'!$A33,'Heineken Ratios'!$A$12:$A$159,0),MATCH('Ratio Analysis'!$F$2,'Heineken Ratios'!$A$13:$F$13,0)) -> 0.547546
A34: Total Debt Ratio | B34: =INDEX('Heineken Ratios'!$A$12:$F$159,MATCH('Ratio Analysis'!$A34,'Heineken Ratios'!$A$12:$A$159,0),MATCH('Ratio Analysis'!$F$2,'Heineken Ratios'!$A$13:$F$13,0)) -> 0.432156
A35: Times Interest Earned | B35: =INDEX('Heineken Ratios'!$A$12:$F$159,MATCH('Ratio Analysis'!$A35,'Heineken Ratios'!$A$12:$A$159,0),MATCH('Ratio Analysis'!$F$2,'Heineken Ratios'!$A$13:$F$13,0)) -> 5.660294
A36: Gross Margin % | B36: =INDEX('Heineken Ratios'!$A$12:$F$159,MATCH('Ratio Analysis'!$A36,'Heineken Ratios'!$A$12:$A$159,0),MATCH('Ratio Analysis'!$F$2,'Heineken Ratios'!$A$13:$F$13,0)) -> 0.363904
A37: EBIT Margin % | B37: =INDEX('Heineken Ratios'!$A$12:$F$159,MATCH('Ratio Analysis'!$A37,'Heineken Ratios'!$A$12:$A$159,0),MATCH('Ratio Analysis'!$F$2,'Heineken Ratios'!$A$13:$F$13,0)) -> 0.12907
A38: Return on Assets % | B38: =INDEX('Heineken Ratios'!$A$12:$F$159,MATCH('Ratio Analysis'!$A38,'Heineken Ratios'!$A$12:$A$159,0),MATCH('Ratio Analysis'!$F$2,'Heineken Ratios'!$A$13:$F$13,0)) -> 0.044169
A39: Return on Equity % | B39: =INDEX('Heineken Ratios'!$A$12:$F$159,MATCH('Ratio Analysis'!$A39,'Heineken Ratios'!$A$12:$A$159,0),MATCH('Ratio Analysis'!$F$2,'Heineken Ratios'!$A$13:$F$13,0)) -> 0.051381
A42: Ratios Constellation | B42: 2024
A43: Current Ratio | B43: =INDEX('Constellation Brands Ratios'!$A$12:$F$159,MATCH('Ratio Analysis'!$A43,'Constellation Brands Ratios'!$A$12:$A$159,0),MATCH('Ratio Analysis'!$F$2,'Constellation Brands Ratios'!$A$13:$F$13,0)) -> 1.187096
A44: Quick Ratio | B44: =INDEX('Constellation Brands Ratios'!$A$12:$F$159,MATCH('Ratio Analysis'!$A44,'Constellation Brands Ratios'!$A$12:$A$159,0),MATCH('Ratio Analysis'!$F$2,'Constellation Brands Ratios'!$A$13:$F$13,0)) -> 0.39243
A45: Avg. Days Inventory Out. | B45: =INDEX('Constellation Brands Ratios'!$A$12:$F$159,MATCH('Ratio Analysis'!$A45,'Constellation Brands Ratios'!$A$12:$A$159,0),MATCH('Ratio Analysis'!$F$2,'Constellation Brands Ratios'!$A$13:$F$13,0)) -> 147.30512
A46: Avg. Days Sales Out. | B46: =INDEX('Constellation Brands Ratios'!$A$12:$F$159,MATCH('Ratio Analysis'!$A46,'Constellation Brands Ratios'!$A$12:$A$159,0),MATCH('Ratio Analysis'!$F$2,'Constellation Brands Ratios'!$A$13:$F$13,0)) -> 31.861032
A47: Total Asset Turnover | B47: =INDEX('Constellation Brands Ratios'!$A$12:$F$159,MATCH('Ratio Analysis'!$A47,'Constellation Brands Ratios'!$A$12:$A$159,0),MATCH('Ratio Analysis'!$F$2,'Constellation Brands Ratios'!$A$13:$F$13,0)) -> 0.39567
A48: Total Debt Ratio | B48: =INDEX('Constellation Brands Ratios'!$A$12:$F$159,MATCH('Ratio Analysis'!$A48,'Constellation Brands Ratios'!$A$12:$A$159,0),MATCH('Ratio Analysis'!$F$2,'Constellation Brands Ratios'!$A$13:$F$13,0)) -> 0.5551
A49: Times Interest Earned | B49: =INDEX('Constellation Brands Ratios'!$A$12:$F$159,MATCH('Ratio Analysis'!$A49,'Constellation Brands Ratios'!$A$12:$A$159,0),MATCH('Ratio Analysis'!$F$2,'Constellation Brands Ratios'!$A$13:$F$13,0)) -> 7.310937
A50: Gross Margin % | B50: =INDEX('Constellation Brands Ratios'!$A$12:$F$159,MATCH('Ratio Analysis'!$A50,'Constellation Brands Ratios'!$A$12:$A$159,0),MATCH('Ratio Analysis'!$F$2,'Constellation Brands Ratios'!$A$13:$F$13,0)) -> 0.504035
A51: EBIT Margin % | B51: =INDEX('Constellation Brands Ratios'!$A$12:$F$159,MATCH('Ratio Analysis'!$A51,'Constellation Brands Ratios'!$A$12:$A$159,0),MATCH('Ratio Analysis'!$F$2,'Constellation Brands Ratios'!$A$13:$F$13,0)) -> 0.320052
A52: Return on Assets % | B52: =INDEX('Constellation Brands Ratios'!$A$12:$F$159,MATCH('Ratio Analysis'!$A52,'Constellation Brands Ratios'!$A$12:$A$159,0),MATCH('Ratio Analysis'!$F$2,'Constellation Brands Ratios'!$A$13:$F$13,0)) -> 0.079147
A53: Return on Equity % | B53: =INDEX('Constellation Brands Ratios'!$A$12:$F$159,MATCH('Ratio Analysis'!$A53,'Constellation Brands Ratios'!$A$12:$A$159,0),MATCH('Ratio Analysis'!$F$2,'Constellation Brands Ratios'!$A$13:$F$13,0)) -> 0.187802
A56: Ratios Boston-Beer | B56: 2024
A57: Current Ratio | B57: =INDEX('Boston Beer Ratios'!$A$12:$F$159,MATCH('Ratio Analysis'!$A57,'Boston Beer Ratios'!$A$12:$A$159,0),MATCH('Ratio Analysis'!$F$2,'Boston Beer Ratios'!$A$13:$F$13,0)) -> 1.801549
A58: Quick Ratio | B58: =INDEX('Boston Beer Ratios'!$A$12:$F$159,MATCH('Ratio Analysis'!$A58,'Boston Beer Ratios'!$A$12:$A$159,0),MATCH('Ratio Analysis'!$F$2,'Boston Beer Ratios'!$A$13:$F$13,0)) -> 1.208497
A59: Avg. Days Inventory Out. | B59: =INDEX('Boston Beer Ratios'!$A$12:$F$159,MATCH('Ratio Analysis'!$A59,'Boston Beer Ratios'!$A$12:$A$159,0),MATCH('Ratio Analysis'!$F$2,'Boston Beer Ratios'!$A$13:$F$13,0)) -> 37.878568
A60: Avg. Days Sales Out. | B60: =INDEX('Boston Beer Ratios'!$A$12:$F$159,MATCH('Ratio Analysis'!$A60,'Boston Beer Ratios'!$A$12:$A$159,0),MATCH('Ratio Analysis'!$F$2,'Boston Beer Ratios'!$A$13:$F$13,0)) -> 11.610872
A61: Total Asset Turnover | B61: =INDEX('Boston Beer Ratios'!$A$12:$F$159,MATCH('Ratio Analysis'!$A61,'Boston Beer Ratios'!$A$12:$A$159,0),MATCH('Ratio Analysis'!$F$2,'Boston Beer Ratios'!$A$13:$F$13,0)) -> 1.502177
A62: Total Debt Ratio | B62: =INDEX('Boston Beer Ratios'!$A$12:$F$159,MATCH('Ratio Analysis'!$A62,'Boston Beer Ratios'!$A$12:$A$159,0),MATCH('Ratio Analysis'!$F$2,'Boston Beer Ratios'!$A$13:$F$13,0)) -> 0.040608
A63: Times Interest Earned | B63: =INDEX('Boston Beer Ratios'!$A$12:$F$159,MATCH('Ratio Analysis'!$A63,'Boston Beer Ratios'!$A$12:$A$159,0),MATCH('Ratio Analysis'!$F$2,'Boston Beer Ratios'!$A$13:$F$13,0)) -> NA | C63: *Negative Value
A64: Gross Margin % | B64: =INDEX('Boston Beer Ratios'!$A$12:$F$159,MATCH('Ratio Analysis'!$A64,'Boston Beer Ratios'!$A$12:$A$159,0),MATCH('Ratio Analysis'!$F$2,'Boston Beer Ratios'!$A$13:$F$13,0)) -> 0.443996
A65: EBIT Margin % | B65: =INDEX('Boston Beer Ratios'!$A$12:$F$159,MATCH('Ratio Analysis'!$A65,'Boston Beer Ratios'!$A$12:$A$159,0),MATCH('Ratio Analysis'!$F$2,'Boston Beer Ratios'!$A$13:$F$13,0)) -> 0.075409
A66: Return on Assets % | B66: =INDEX('Boston Beer Ratios'!$A$12:$F$159,MATCH('Ratio Analysis'!$A66,'Boston Beer Ratios'!$A$12:$A$159,0),MATCH('Ratio Analysis'!$F$2,'Boston Beer Ratios'!$A$13:$F$13,0)) -> 0.070798
A67: Return on Equity % | B67: =INDEX('Boston Beer Ratios'!$A$12:$F$159,MATCH('Ratio Analysis'!$A67,'Boston Beer Ratios'!$A$12:$A$159,0),MATCH('Ratio Analysis'!$F$2,'Boston Beer Ratios'!$A$13:$F$13,0)) -> 0.059871
A70: Ratios Busch | B70: 2024
A71: Current Ratio | B71: =INDEX('Busch Ratios'!$A$12:$F$159,MATCH('Ratio Analysis'!$A71,'Busch Ratios'!$A$12:$A$159,0),MATCH('Ratio Analysis'!$F$2,'Busch Ratios'!$A$13:$F$13,0)) -> 0.695548
A72: Quick Ratio | B72: =INDEX('Busch Ratios'!$A$12:$F$159,MATCH('Ratio Analysis'!$A72,'Busch Ratios'!$A$12:$A$159,0),MATCH('Ratio Analysis'!$F$2,'Busch Ratios'!$A$13:$F$13,0)) -> 0.511068
A73: Avg. Days Inventory Out. | B73: =INDEX('Busch Ratios'!$A$12:$F$159,MATCH('Ratio Analysis'!$A73,'Busch Ratios'!$A$12:$A$159,0),MATCH('Ratio Analysis'!$F$2,'Busch Ratios'!$A$13:$F$13,0)) -> 72.552546
A74: Avg. Days Sales Out. | B74: =INDEX('Busch Ratios'!$A$12:$F$159,MATCH('Ratio Analysis'!$A74,'Busch Ratios'!$A$12:$A$159,0),MATCH('Ratio Analysis'!$F$2,'Busch Ratios'!$A$13:$F$13,0)) -> 25.31805
A75: Total Asset Turnover | B75: =INDEX('Busch Ratios'!$A$12:$F$159,MATCH('Ratio Analysis'!$A75,'Busch Ratios'!$A$12:$A$159,0),MATCH('Ratio Analysis'!$F$2,'Busch Ratios'!$A$13:$F$13,0)) -> 0.280616
A76: Total Debt Ratio | B76: =INDEX('Busch Ratios'!$A$12:$F$159,MATCH('Ratio Analysis'!$A76,'Busch Ratios'!$A$12:$A$159,0),MATCH('Ratio Analysis'!$F$2,'Busch Ratios'!$A$13:$F$13,0)) -> 0.449129
A77: EBIT / Interest Exp. | B77: =INDEX('Busch Ratios'!$A$12:$F$159,MATCH('Ratio Analysis'!$A77,'Busch Ratios'!$A$12:$A$159,0),MATCH('Ratio Analysis'!$F$2,'Busch Ratios'!$A$13:$F$13,0)) -> 4.197687
A78: Gross Margin % | B78: =INDEX('Busch Ratios'!$A$12:$F$159,MATCH('Ratio Analysis'!$A78,'Busch Ratios'!$A$12:$A$159,0),MATCH('Ratio Analysis'!$F$2,'Busch Ratios'!$A$13:$F$13,0)) -> 0.552536
A79: EBIT Margin % | B79: =INDEX('Busch Ratios'!$A$12:$F$159,MATCH('Ratio Analysis'!$A79,'Busch Ratios'!$A$12:$A$159,0),MATCH('Ratio Analysis'!$F$2,'Busch Ratios'!$A$13:$F$13,0)) -> 0.255086
A80: Return on Assets % | B80: =INDEX('Busch Ratios'!$A$12:$F$159,MATCH('Ratio Analysis'!$A80,'Busch Ratios'!$A$12:$A$159,0),MATCH('Ratio Analysis'!$F$2,'Busch Ratios'!$A$13:$F$13,0)) -> 0.044738
A81: Return on Equity % | B81: =INDEX('Busch Ratios'!$A$12:$F$159,MATCH('Ratio Analysis'!$A81,'Busch Ratios'!$A$12:$A$159,0),MATCH('Ratio Analysis'!$F$2,'Busch Ratios'!$A$13:$F$13,0)) -> 0.081774

Sheet TAP_DCF
B2: Company Name | C2: Molson Coors
B3: Ticker | C3: TAP
B4: Share Price | C4: 44.26
B5: Valuation Date | C5: 45932
B7: =C2&" ("&C3&") DISCOUNTED CASH FLOWS MODEL" -> Molson Coors (TAP) DISCOUNTED CASH FLOWS MODEL
B8: Fiscal year ends in December USD in millions except per share data.
A10: x | B10: FORECASTING CASH FLOWS
F12: Historical | K12: Projected
F13: 2020 | G13: =F13+1 -> 2021 | H13: =G13+1 -> 2022 | I13: =H13+1 -> 2023 | J13: =I13+1 -> 2024 | K13: =J13+1 -> 2025 | L13: =K13+1 -> 2026 | M13: =L13+1 -> 2027 | N13: =M13+1 -> 2028 | O13: =N13+1 -> 2029
B14: Revenue | F14: =INDEX('Income Statement'!$A$10:$F$113,MATCH(TAP_DCF!$B14,'Income Statement'!$A$10:$A$113,0),MATCH(TAP_DCF!F$13,'Income Statement'!$A$11:$F$11)) -> 9654 | G14: =INDEX('Income Statement'!$A$10:$F$111,MATCH(TAP_DCF!$B14,'Income Statement'!$A$10:$A$111,0),MATCH(TAP_DCF!G$13,'Income Statement'!$A$11:$F$11)) -> 10279.7 | H14: =INDEX('Income Statement'!$A$10:$F$111,MATCH(TAP_DCF!$B14,'Income Statement'!$A$10:$A$111,0),MATCH(TAP_DCF!H$13,'Income Statement'!$A$11:$F$11)) -> 10701 | I14: =INDEX('Income Statement'!$A$10:$F$111,MATCH(TAP_DCF!$B14,'Income Statement'!$A$10:$A$111,0),MATCH(TAP_DCF!I$13,'Income Statement'!$A$11:$F$11)) -> 11702.1 | J14: =INDEX('Income Statement'!$A$10:$F$111,MATCH(TAP_DCF!$B14,'Income Statement'!$A$10:$A$111,0),MATCH(TAP_DCF!J$13,'Income Statement'!$A$11:$F$11)) -> 11627 | K14: =J14*(1+K32) -> 11603.746 | L14: =K14*(1+L32) -> 11615.35 | M14: =L14*(1+M32) -> 11661.811 | N14: =M14*(1+N32) -> 11743.444 | O14: =N14*(1+O32) -> 11860.878
B15: Cost Of Goods Sold | F15: =INDEX('Income Statement'!$A$10:$F$111,MATCH(TAP_DCF!$B15,'Income Statement'!$A$10:$A$111,0),MATCH(TAP_DCF!F$13,'Income Statement'!$A$11:$F$11)) -> 5858.1 | G15: =INDEX('Income Statement'!$A$10:$F$111,MATCH(TAP_DCF!$B15,'Income Statement'!$A$10:$A$111,0),MATCH(TAP_DCF!G$13,'Income Statement'!$A$11:$F$11)) -> 6226.3 | H15: =INDEX('Income Statement'!$A$10:$F$111,MATCH(TAP_DCF!$B15,'Income Statement'!$A$10:$A$111,0),MATCH(TAP_DCF!H$13,'Income Statement'!$A$11:$F$11)) -> 7045.8 | I15: =INDEX('Income Statement'!$A$10:$F$111,MATCH(TAP_DCF!$B15,'Income Statement'!$A$10:$A$111,0),MATCH(TAP_DCF!I$13,'Income Statement'!$A$11:$F$11)) -> 7333.3 | J15: =INDEX('Income Statement'!$A$10:$F$111,MATCH(TAP_DCF!$B15,'Income Statement'!$A$10:$A$111,0),MATCH(TAP_DCF!J$13,'Income Statement'!$A$11:$F$11)) -> 7093.6 | K15: =K14*K33 -> 7194.3225 | L15: =L14*L33 -> 7186.9977 | M15: =M14*M33 -> 7201.1684 | N15: =N14*N33 -> 7236.8973 | O15: =O14*O33 -> 7294.4401
B16: Gross Profit | F16: =F14-F15 -> 3795.9 | G16: =G14-G15 -> 4053.4 | H16: =H14-H15 -> 3655.2 | I16: =I14-I15 -> 4368.8 | J16: =J14-J15 -> 4533.4 | K16: =K14-K15 -> 4409.4235 | L16: =L14-L15 -> 4428.3521 | M16: =M14-M15 -> 4460.6428 | ... O16: =O14-O15 -> 4566.4381
B17: Selling General & Admin Exp. | F17: =INDEX('Income Statement'!$A$10:$F$111,MATCH(TAP_DCF!$B17,'Income Statement'!$A$10:$A$111,0),MATCH(TAP_DCF!F$13,'Income Statement'!$A$11:$F$11)) -> 2186.7 | G17: =INDEX('Income Statement'!$A$10:$F$111,MATCH(TAP_DCF!$B17,'Income Statement'!$A$10:$A$111,0),MATCH(TAP_DCF!G$13,'Income Statement'!$A$11:$F$11)) -> 2290.1 | H17: =INDEX('Income Statement'!$A$10:$F$111,MATCH(TAP_DCF!$B17,'Income Statement'!$A$10:$A$111,0),MATCH(TAP_DCF!H$13,'Income Statement'!$A$11:$F$11)) -> 2318.1 | I17: =INDEX('Income Statement'!$A$10:$F$111,MATCH(TAP_DCF!$B17,'Income Statement'!$A$10:$A$111,0),MATCH(TAP_DCF!I$13,'Income Statement'!$A$11:$F$11)) -> 2562.4 | J17: =INDEX('Income Statement'!$A$10:$F$111,MATCH(TAP_DCF!$B17,'Income Statement'!$A$10:$A$111,0),MATCH(TAP_DCF!J$13,'Income Statement'!$A$11:$F$11)) -> 2516.1 | K17: =K14*K34 -> 2518.0129 | L17: =L14*L34 -> 2523.4347 | M17: =M14*M34 -> 2536.4439 | N17: =N14*N34 -> 2557.1349 | O17: =O14*O34 -> 2585.6715
B18: Amort. of Goodwill and Intangibles | F18: =INDEX('Income Statement'!$A$10:$F$111,MATCH(TAP_DCF!$B18,'Income Statement'!$A$10:$A$111,0),MATCH(TAP_DCF!F$13,'Income Statement'!$A$11:$F$11)) -> 220 | G18: =INDEX('Income Statement'!$A$10:$F$111,MATCH(TAP_DCF!$B18,'Income Statement'!$A$10:$A$111,0),MATCH(TAP_DCF!G$13,'Income Statement'!$A$11:$F$11)) -> 218 | H18: =INDEX('Income Statement'!$A$10:$F$111,MATCH(TAP_DCF!$B18,'Income Statement'!$A$10:$A$111,0),MATCH(TAP_DCF!H$13,'Income Statement'!$A$11:$F$11)) -> 208.1 | I18: =INDEX('Income Statement'!$A$10:$F$111,MATCH(TAP_DCF!$B18,'Income Statement'!$A$10:$A$111,0),MATCH(TAP_DCF!I$13,'Income Statement'!$A$11:$F$11)) -> 207.3 | J18: =INDEX('Income Statement'!$A$10:$F$111,MATCH(TAP_DCF!$B18,'Income Statement'!$A$10:$A$111,0),MATCH(TAP_DCF!J$13,'Income Statement'!$A$11:$F$11)) -> 206.4 | K18: =K35*K14 -> 208.86743 | L18: =L35*L14 -> 211.98013 | M18: =M35*M14 -> 215.74351 | N18: =N35*N14 -> 220.18957 | O18: =O35*O14 -> 225.35669
B19: EBIT | F19: =F16-F17-F18 -> 1389.2 | G19: =G16-G17-G18 -> 1545.3 | H19: =H16-H17-H18 -> 1129 | I19: =I16-I17-I18 -> 1599.1 | J19: =J16-J17-J18 -> 1810.9 | K19: =K16-K17-K18 -> 1682.5432 | L19: =L16-L17-L18 -> 1692.9372 | M19: =M16-M17-M18 -> 1708.4553 | ... O19: =O16-O17-O18 -> 1755.41 | U19: Revenue Growth | V19: COGS (% of Revenue) | W19: SG&A (% of Revenue) | X19: Amortization of Goodwill and Intangibles (% of Revenue) | Y19: Depreciation and Amortization (% of Capex) | Z19: Capex (% of Revenue)
B20: Taxes | C20: 0.25 | F20: =F19*$C$20 -> 347.3 | G20: =G19*$C$20 -> 386.325 | H20: =H19*$C$20 -> 282.25 | I20: =I19*$C$20 -> 399.775 | J20: =J19*$C$20 -> 452.725 | K20: =K19*$C$20 -> 420.63579 | L20: =L19*$C$20 -> 423.23431 | M20: =M19*$C$20 -> 427.11383 | ... O20: =O19*$C$20 -> 438.8525 | T20: 2024 | U20: -0.006 | V20: 0.61 | W20: 0.216 | X20: 0.018 | Y20: 0.988 | Z20: 0.058
B21: Tax-effected EBIT | F21: =F19-F20 -> 1041.9 | G21: =G19-G20 -> 1158.975 | H21: =H19-H20 -> 846.75 | I21: =I19-I20 -> 1199.325 | J21: =J19-J20 -> 1358.175 | K21: =K19-K20 -> 1261.9074 | L21: =L19-L20 -> 1269.7029 | M21: =M19-M20 -> 1281.3415 | ... O21: =O19-O20 -> 1316.5575 | T21: 2029 | U21: 0.01 | V21: 0.615 | W21: 0.218 | X21: 0.019 | Y21: 1 | Z21: 0.06
B23: Depreciation & Amort., Total | F23: =INDEX('Income Statement'!$A$10:$F$113,MATCH(TAP_DCF!$B23,'Income Statement'!$A$10:$A$113,0),MATCH(TAP_DCF!F$13,'Income Statement'!$A$11:$F$11)) -> 809.7 | G23: =INDEX('Income Statement'!$A$10:$F$113,MATCH(TAP_DCF!$B23,'Income Statement'!$A$10:$A$113,0),MATCH(TAP_DCF!G$13,'Income Statement'!$A$11:$F$11)) -> 770.7 | H23: =INDEX('Income Statement'!$A$10:$F$113,MATCH(TAP_DCF!$B23,'Income Statement'!$A$10:$A$113,0),MATCH(TAP_DCF!H$13,'Income Statement'!$A$11:$F$11)) -> 684.8 | I23: =INDEX('Income Statement'!$A$10:$F$113,MATCH(TAP_DCF!$B23,'Income Statement'!$A$10:$A$113,0),MATCH(TAP_DCF!I$13,'Income Statement'!$A$11:$F$11)) -> 682.8 | J23: =INDEX('Income Statement'!$A$10:$F$113,MATCH(TAP_DCF!$B23,'Income Statement'!$A$10:$A$113,0),MATCH(TAP_DCF!J$13,'Income Statement'!$A$11:$F$11)) -> 665.8 | K23: =-K24*K36 -> 606.29573 | L23: =-L24*L36 -> 628.86229 | M23: =-M24*M36 -> 653.79029 | N23: =-N24*N36 -> 681.30323 | O23: =-O24*O36 -> 711.6527
B24: Capital Expenditure | F24: =INDEX('Income Statement'!$A$10:$F$113,MATCH(TAP_DCF!$B24,'Income Statement'!$A$10:$A$113,0),MATCH(TAP_DCF!F$13,'Income Statement'!$A$11:$F$11)) -> -574.8 | G24: =INDEX('Income Statement'!$A$10:$F$113,MATCH(TAP_DCF!$B24,'Income Statement'!$A$10:$A$113,0),MATCH(TAP_DCF!G$13,'Income Statement'!$A$11:$F$11)) -> -522.6 | H24: =INDEX('Income Statement'!$A$10:$F$113,MATCH(TAP_DCF!$B24,'Income Statement'!$A$10:$A$113,0),MATCH(TAP_DCF!H$13,'Income Statement'!$A$11:$F$11)) -> -661.4 | I24: =INDEX('Income Statement'!$A$10:$F$113,MATCH(TAP_DCF!$B24,'Income Statement'!$A$10:$A$113,0),MATCH(TAP_DCF!I$13,'Income Statement'!$A$11:$F$11)) -> -671.5 | J24: =INDEX('Income Statement'!$A$10:$F$113,MATCH(TAP_DCF!$B24,'Income Statement'!$A$10:$A$113,0),MATCH(TAP_DCF!J$13,'Income Statement'!$A$11:$F$11)) -> -674.1 | K24: =-K37*K14 -> -638.20603 | L24: =-L37*L14 -> -653.36342 | M24: =-M37*M14 -> -670.55414 | N24: =-N37*N14 -> -689.92732 | O24: =-O37*O14 -> -711.6527
B25: Change in Net Working Capital | G25: =-G73 -> -300.2 | H25: =-H73 -> 56.7 | I25: =-I73 -> 259.3 | J25: =-J73 -> -68.7 | K25: =-K73 -> -4.74413 | L25: =-L73 -> 9.8138682 | M25: =-M73 -> 13.195037 | N25: =-N73 -> 16.685136 | O25: =-O73 -> 20.316158
B26: Unlevered free cash flows | F26: =SUM(F21:F25) -> 1276.8 | G26: =SUM(G21:G25) -> 1106.875 | H26: =SUM(H21:H25) -> 926.85 | I26: =SUM(I21:I25) -> 1469.925 | J26: =SUM(J21:J25) -> 1281.175 | K26: =SUM(K21:K25) -> 1225.2529 | L26: =SUM(L21:L25) -> 1255.0157 | M26: =SUM(M21:M25) -> 1277.7727 | ... O26: =SUM(O21:O25) -> 1336.8736
F29: Historical | K29: Projected
F30: =F13 -> 2020 | G30: =F30+1 -> 2021 | H30: =G30+1 -> 2022 | I30: =H30+1 -> 2023 | J30: =I30+1 -> 2024 | K30: =J30+1 -> 2025 | L30: =K30+1 -> 2026 | M30: =L30+1 -> 2027 | N30: =M30+1 -> 2028 | O30: =N30+1 -> 2029
B31: Assumptions
B32: Revenue Growth | G32: =G14/F14-1 -> 0.064812513 | H32: =H14/G14-1 -> 0.040983686 | I32: =I14/H14-1 -> 0.093552004 | J32: =J14/I14-1 -> -0.0064176515 | K32: -0.002 | L32: =K32+$S$32 -> 0.001 | M32: =L32+$S$32 -> 0.004 | N32: =M32+$S$32 -> 0.007 | O32: =N32+$S$32 -> 0.01 | Q32: Step | R32: 0.01 | S32: =(R32-K32)/($O$30-$K$30) -> 0.003
B33: COGS (as a % of Revnue) | F33: =F15/F14 -> 0.60680547 | G33: =G15/G14 -> 0.60568888 | H33: =H15/H14 -> 0.65842445 | I33: =I15/I14 -> 0.6266653 | J33: =J15/J14 -> 0.61009719 | K33: 0.62 | L33: =K33+$S$33 -> 0.61875 | M33: =L33+$S$33 -> 0.6175 | N33: =M33+$S$33 -> 0.61625 | O33: =N33+$S$33 -> 0.615 | Q33: Step | R33: 0.615 | S33: =(R33-K33)/($O$30-$K$30) -> -0.00125
B34: SG&A (as a % of Revneue) | F34: =F17/F14 -> 0.22650715 | G34: =G17/G14 -> 0.22277887 | H34: =H17/H14 -> 0.21662461 | I34: =I17/I14 -> 0.21896924 | J34: =J17/J14 -> 0.21640148 | K34: 0.217 | L34: =K34+$S$34 -> 0.21725 | M34: =L34+$S$34 -> 0.2175 | N34: =M34+$S$34 -> 0.21775 | O34: =N34+$S$34 -> 0.218 | Q34: Step | R34: 0.218 | S34: =(R34-K34)/($O$30-$K$30) -> 0.00025
B35: Amort. (as a % of Revenue) | F35: =F18/F14 -> 0.022788481 | G35: =G18/G14 -> 0.021206845 | H35: =H18/H14 -> 0.019446781 | I35: =I18/I14 -> 0.017714769 | J35: =J18/J14 -> 0.017751785 | K35: 0.018 | L35: =K35+$S$35 -> 0.01825 | M35: =L35+$S$35 -> 0.0185 | N35: =M35+$S$35 -> 0.01875 | O35: =N35+$S$35 -> 0.019 | Q35: Step | R35: 0.019 | S35: =(R35-K35)/($O$30-$K$30) -> 0.00025
B36: Depreciation & Amort., Totals (as % of capex) | F36: =-F23/F24 -> 1.4086639 | G36: =-G23/G24 -> 1.4747417 | H36: =-H23/H24 -> 1.0353795 | I36: =-I23/I24 -> 1.016828 | J36: =-J23/J24 -> 0.98768729 | K36: 0.95 | L36: =K36+$S$36 -> 0.9625 | M36: =L36+$S$36 -> 0.975 | N36: =M36+$S$36 -> 0.9875 | O36: =N36+$S$36 -> 1 | Q36: Step | R36: 1 | S36: =(R36-K36)/($O$30-$K$30) -> 0.0125
B37: Capital Expenditure (as a % of Revenue) | F37: =-F24/F14 -> 0.059540087 | G37: =-G24/G14 -> 0.050838059 | H37: =-H24/H14 -> 0.061807308 | I37: =-I24/I14 -> 0.057382863 | J37: =-J24/J14 -> 0.057977122 | K37: 0.055 | L37: =K37+$S$37 -> 0.05625 | M37: =L37+$S$37 -> 0.0575 | N37: =M37+$S$37 -> 0.05875 | O37: =N37+$S$37 -> 0.06 | Q37: Step | R37: 0.06 | S37: =(R37-K37)/($O$30-$K$30) -> 0.00125
B38: Gross margin | F38: =F16/F14 -> 0.39319453 | G38: =G16/G14 -> 0.39431112 | H38: =H16/H14 -> 0.34157555 | I38: =I16/I14 -> 0.3733347 | J38: =J16/J14 -> 0.38990281 | K38: =K16/K14 -> 0.38 | L38: =L16/L14 -> 0.38125 | M38: =M16/M14 -> 0.3825 | ... O38: =O16/O14 -> 0.385
A40: x | B40: TERMINAL VALUE AND EQUITY VALUE PER SHARE
F42: Terminal Value - Perpetuity Growth | K42: Terminal Value - Exit Multiple | P42: Option Drag
F43: Unlevered FCF in terminal year | H43: =O26 -> 1336.8736 | K43: Terminal year EBITDA | N43: =O19+O23 -> 2467.0627 | P43: Implied Equity Value (Using TV)
F44: Terminal growth rate | H44: 0.015 | K44: Terminal year EBITDA multiple | N44: 9.6 | P44: Basic Shares
F45: Terminal value | H45: =(H43*(1+H44))/(H46-H44) -> 26204.126 | K45: Terminal value | N45: =N43*N44 -> 23683.802 | P45: Value of Options
F46: WACC - current | H46: =$F$119 -> 0.066782943 | K46: WACC - current | N46: =$F$119 -> 0.066782943 | P46: Implied Equity Value per Share
F47: PV of Terminal Value | H47: =H45/(1+H46)^(O13-J13) -> 18966.594 | K47: PV of Terminal Value | N47: =-PV(N46,O13-J13,,N45) -> 17142.379
P48: Treasury Outstanding Options
F49: PV of Unlevered Free Cash Flows | H49: =NPV(H46,K26:O26) -> 5279.1144 | K49: PV of Unlevered Free Cash Flows | N49: =NPV(N46,K26:O26) -> 5279.1144 | P49: Implied Equity Value | S49: =N52 -> 16696.094
F50: Total Enterprise Value | H50: =H47+H49 -> 24245.709 | K50: Total Enterprise Value | N50: =N47+N49 -> 22421.494 | P50: Diluted Shares Outstanding | S50: =N93 -> 196.82101
F51: Net debt + Preferred stock + NCI | H51: ='Balance Sheet'!F41+'Balance Sheet'!F42+'Balance Sheet'!F46+'Balance Sheet'!F47-'Balance Sheet'!F14+'Balance Sheet'!F60 -> 5725.4 | K51: Net debt + Preferred stock + NCI | N51: =H51 -> 5725.4 | P51: Total Proceeds | S51: =N90 -> 124.719
F52: Implied Equity Value | H52: =H50-H51 -> 18520.309 | K52: Implied Equity Value | N52: =N50-N51 -> 16696.094 | P52: Implied Equity Value per Share | S52: =(S49+S51)/S50 -> 85.462485
F53: Diluted Shares Outstanding | H53: =I93 -> 194.72101 | K53: Diluted Shares Outstanding | N53: =I93 -> 194.72101
F54: Implied Equity Value per Share | H54: =H52/H53 -> 95.112021 | K54: Implied Equity Value per Share | N54: =N52/N53 -> 85.743668
A58: x | B58: WORKING CAPITAL SCHEDULE
F61: Historical | K61: Projected
F62: =F13 -> 2020 | G62: =F62+1 -> 2021 | H62: =G62+1 -> 2022 | I62: =H62+1 -> 2023 | J62: =I62+1 -> 2024 | K62: =J62+1 -> 2025 | L62: =K62+1 -> 2026 | M62: =L62+1 -> 2027 | N62: =M62+1 -> 2028 | O62: =N62+1 -> 2029
B63: Total current assets | F63: =INDEX('Balance Sheet'!$A$10:$F$91,MATCH(TAP_DCF!$B63,'Balance Sheet'!$A$10:$A$91,0),MATCH(TAP_DCF!F$62,'Balance Sheet'!$A$11:$F$11,0)) -> 2418.8 | G63: =INDEX('Balance Sheet'!$A$10:$F$91,MATCH(TAP_DCF!$B63,'Balance Sheet'!$A$10:$A$91,0),MATCH(TAP_DCF!G$62,'Balance Sheet'!$A$11:$F$11,0)) -> 2778.7 | H63: =INDEX('Balance Sheet'!$A$10:$F$91,MATCH(TAP_DCF!$B63,'Balance Sheet'!$A$10:$A$91,0),MATCH(TAP_DCF!H$62,'Balance Sheet'!$A$11:$F$11,0)) -> 2638 | I63: =INDEX('Balance Sheet'!$A$10:$F$91,MATCH(TAP_DCF!$B63,'Balance Sheet'!$A$10:$A$91,0),MATCH(TAP_DCF!I$62,'Balance Sheet'!$A$11:$F$11,0)) -> 2848.5 | J63: =INDEX('Balance Sheet'!$A$10:$F$91,MATCH(TAP_DCF!$B63,'Balance Sheet'!$A$10:$A$91,0),MATCH(TAP_DCF!J$62,'Balance Sheet'!$A$11:$F$11,0)) -> 2848.4
B64: Cash And Equivalents | F64: =INDEX('Balance Sheet'!$A$10:$F$91,MATCH(TAP_DCF!$B64,'Balance Sheet'!$A$10:$A$91,0),MATCH(TAP_DCF!F$62,'Balance Sheet'!$A$11:$F$11,0)) -> 770.1 | G64: =INDEX('Balance Sheet'!$A$10:$F$91,MATCH(TAP_DCF!$B64,'Balance Sheet'!$A$10:$A$91,0),MATCH(TAP_DCF!G$62,'Balance Sheet'!$A$11:$F$11,0)) -> 637.4 | H64: =INDEX('Balance Sheet'!$A$10:$F$91,MATCH(TAP_DCF!$B64,'Balance Sheet'!$A$10:$A$91,0),MATCH(TAP_DCF!H$62,'Balance Sheet'!$A$11:$F$11,0)) -> 600 | I64: =INDEX('Balance Sheet'!$A$10:$F$91,MATCH(TAP_DCF!$B64,'Balance Sheet'!$A$10:$A$91,0),MATCH(TAP_DCF!I$62,'Balance Sheet'!$A$11:$F$11,0)) -> 868.9 | J64: =INDEX('Balance Sheet'!$A$10:$F$91,MATCH(TAP_DCF!$B64,'Balance Sheet'!$A$10:$A$91,0),MATCH(TAP_DCF!J$62,'Balance Sheet'!$A$11:$F$11,0)) -> 969.3
B65: Total non-cash current assets | F65: =F63-F64 -> 1648.7 | G65: =G63-G64 -> 2141.3 | H65: =H63-H64 -> 2038 | I65: =I63-I64 -> 1979.6 | J65: =J63-J64 -> 1879.1
B67: Total current liabilities | F67: =INDEX('Balance Sheet'!$A$10:$F$91,MATCH(TAP_DCF!$B67,'Balance Sheet'!$A$10:$A$91,0),MATCH(TAP_DCF!F$62,'Balance Sheet'!$A$11:$F$11,0)) -> 3909.6 | G67: =INDEX('Balance Sheet'!$A$10:$F$91,MATCH(TAP_DCF!$B67,'Balance Sheet'!$A$10:$A$91,0),MATCH(TAP_DCF!G$62,'Balance Sheet'!$A$11:$F$11,0)) -> 3622.2 | H67: =INDEX('Balance Sheet'!$A$10:$F$91,MATCH(TAP_DCF!$B67,'Balance Sheet'!$A$10:$A$91,0),MATCH(TAP_DCF!H$62,'Balance Sheet'!$A$11:$F$11,0)) -> 3375.4 | I67: =INDEX('Balance Sheet'!$A$10:$F$91,MATCH(TAP_DCF!$B67,'Balance Sheet'!$A$10:$A$91,0),MATCH(TAP_DCF!I$62,'Balance Sheet'!$A$11:$F$11,0)) -> 4092.6 | J67: =INDEX('Balance Sheet'!$A$10:$F$91,MATCH(TAP_DCF!$B67,'Balance Sheet'!$A$10:$A$91,0),MATCH(TAP_DCF!J$62,'Balance Sheet'!$A$11:$F$11,0)) -> 3045.2
B68: Curr. Port. of LT Debt | F68: =INDEX('Balance Sheet'!$A$10:$F$91,MATCH(TAP_DCF!$B68,'Balance Sheet'!$A$10:$A$91,0),MATCH(TAP_DCF!F$62,'Balance Sheet'!$A$11:$F$11,0)) -> 1049.7 | G68: =INDEX('Balance Sheet'!$A$10:$F$91,MATCH(TAP_DCF!$B68,'Balance Sheet'!$A$10:$A$91,0),MATCH(TAP_DCF!G$62,'Balance Sheet'!$A$11:$F$11,0)) -> 571.1 | H68: =INDEX('Balance Sheet'!$A$10:$F$91,MATCH(TAP_DCF!$B68,'Balance Sheet'!$A$10:$A$91,0),MATCH(TAP_DCF!H$62,'Balance Sheet'!$A$11:$F$11,0)) -> 370.9 | I68: =INDEX('Balance Sheet'!$A$10:$F$91,MATCH(TAP_DCF!$B68,'Balance Sheet'!$A$10:$A$91,0),MATCH(TAP_DCF!I$62,'Balance Sheet'!$A$11:$F$11,0)) -> 885.1 | J68: =INDEX('Balance Sheet'!$A$10:$F$91,MATCH(TAP_DCF!$B68,'Balance Sheet'!$A$10:$A$91,0),MATCH(TAP_DCF!J$62,'Balance Sheet'!$A$11:$F$11,0)) -> 2.4
B69: Curr. Port. of Leases | F69: =INDEX('Balance Sheet'!$A$10:$F$91,MATCH(TAP_DCF!$B69,'Balance Sheet'!$A$10:$A$91,0),MATCH(TAP_DCF!F$62,'Balance Sheet'!$A$11:$F$11,0)) -> 51.2 | G69: =INDEX('Balance Sheet'!$A$10:$F$91,MATCH(TAP_DCF!$B69,'Balance Sheet'!$A$10:$A$91,0),MATCH(TAP_DCF!G$62,'Balance Sheet'!$A$11:$F$11,0)) -> 50 | H69: =INDEX('Balance Sheet'!$A$10:$F$91,MATCH(TAP_DCF!$B69,'Balance Sheet'!$A$10:$A$91,0),MATCH(TAP_DCF!H$62,'Balance Sheet'!$A$11:$F$11,0)) -> 50 | I69: =INDEX('Balance Sheet'!$A$10:$F$91,MATCH(TAP_DCF!$B69,'Balance Sheet'!$A$10:$A$91,0),MATCH(TAP_DCF!I$62,'Balance Sheet'!$A$11:$F$11,0)) -> 52.1 | J69: =INDEX('Balance Sheet'!$A$10:$F$91,MATCH(TAP_DCF!$B69,'Balance Sheet'!$A$10:$A$91,0),MATCH(TAP_DCF!J$62,'Balance Sheet'!$A$11:$F$11,0)) -> 56.6
B70: Total non-debt current liabilities | F70: =F67-F68-F69 -> 2808.7 | G70: =G67-G68-G69 -> 3001.1 | H70: =H67-H68-H69 -> 2954.5 | I70: =I67-I68-I69 -> 3155.4 | J70: =J67-J68-J69 -> 2986.2
B72: Non-cash Net Working Capital | F72: =F65-F70 -> -1160 | G72: =G65-G70 -> -859.8 | H72: =H65-H70 -> -916.5 | I72: =I65-I70 -> -1175.8 | J72: =J65-J70 -> -1107.1 | K72: =K78*K14 -> -1102.3559 | L72: =L78*L14 -> -1112.1697 | M72: =M78*M14 -> -1125.3648 | N72: =N78*N14 -> -1142.0499 | O72: =O78*O14 -> -1162.3661
B73: Change in NWC | G73: =G72-F72 -> 300.2 | H73: =H72-G72 -> -56.7 | I73: =I72-H72 -> -259.3 | J73: =J72-I72 -> 68.7 | K73: =K72-J72 -> 4.74413 | L73: =L72-K72 -> -9.8138682 | M73: =M72-L72 -> -13.195037 | N73: =N72-M72 -> -16.685136 | O73: =O72-N72 -> -20.316158
F76: Historical | K76: Projected
F77: =F62 -> 2020 | G77: =F77+1 -> 2021 | H77: =G77+1 -> 2022 | I77: =H77+1 -> 2023 | J77: =I77+1 -> 2024 | K77: =J77+1 -> 2025 | L77: =K77+1 -> 2026 | M77: =L77+1 -> 2027 | N77: =M77+1 -> 2028 | O77: =N77+1 -> 2029
B78: Non-cash NWC as a % of Sale | F78: =F72/F14 -> -0.12015745 | G78: =G72/G14 -> -0.083640573 | H78: =H72/H14 -> -0.085646201 | I78: =I72/I14 -> -0.10047769 | J78: =J72/J14 -> -0.095218027 | K78: -0.095 | L78: =K78+$S$78 -> -0.09575 | M78: =L78+$S$78 -> -0.0965 | N78: =M78+$S$78 -> -0.09725 | O78: =N78+$S$78 -> -0.098 | Q78: Step | R78: -0.098 | S78: =(R78-K78)/(O77-K77) -> -0.00075
A81: x | B81: DILUTED SHARES
B84: Class A Shares | C84: 2.563034 | F84: Treasury with a Twist- All Outstanding Options | K84: Treasury Method- All Outstanding Options
B85: Class B Shares | C85: 190.15798 | F85: Basic share count | I85: 192.72101 | K85: Basic share count | N85: =I85 -> 192.72101
B86: Voting Premium | C86: N/A | F86: Outstanding options | I86: 2.1 | K86: Oustanding options | N86: =I86 -> 2.1
F87: Exercise price | I87: 59.39 | K87: Exercise price | N87: =I87 -> 59.39
F88: Current share price | I88: =C4 -> 44.26
F89: In-the-money options | I89: =IF(I87<I88,I86,0) -> 0
F90: Total proceeds | I90: =I89*I87 -> 0 | K90: Total proceeds | N90: =N87*N86 -> 124.719
F91: Total shares repurchased | I91: =I90/I88 -> 0
F92: Unvested RSUs | I92: 2 | K92: Unvested RSUs | N92: =I92 -> 2
F93: Diluted shares outstanding | I93: =I85+I92+I89-I91 -> 194.72101 | K93: Diluted shares outstanding | N93: =N85+N86+N92 -> 196.82101
A96: x | B96: WACC
F98: Current
B99: Percent of Capital
B100: Total debt | F100: ='Balance Sheet'!F41+'Balance Sheet'!F42+'Balance Sheet'!F46+'Balance Sheet'!F47 -> 6334.4
B101: Share price | F101: =C4 -> 44.26
B102: Shares outstanding | F102: =I93 -> 194.72101
B103: Market value of equity | F103: =F102*F101 -> 8618.3519
B105: Weight of debt | F105: =F100/(F100+F103) -> 0.42362771
B106: Weight of equity | F106: =F103/(F103+F100) -> 0.57637229
B108: Cost of debt
B109: Default Spread | F109: 0.012
B110: Pre-tax cost of debt | F110: =F109+F114 -> 0.053
B111: Marginal tax rate | F111: =C20 -> 0.25
B113: Cost of equity
B114: Risk-free rate | F114: 0.041
B115: Market risk premium (Rm - Rf) | F115: 0.0581
B116: Beta | F116: =D137 -> 0.78574661
B117: Cost of equity | F117: =F114+F115*F116 -> 0.086651878
B119: Weighted average cost of capital | F119: =(F105*F110*(1-F111))+(F106*F117) -> 0.066782943
A121: x | B121: BOTTOM UP BETA
E124: MV | F124: Book Value | G124: Debt/ | H124: Reg | I124: Unlevered | K124: Marginal
B125: Company | C125: Ticker | E125: Equity | F125: Debt | G125: Equity | H125: Beta | I125: Beta | K125: Tax Rate
B126: Anheuser-Busch InBev SA/NV | C126: BUD | E126: 106340.9 | F126: 65492.8 | G126: =F126/E126 -> 0.61587592 | H126: 0.67 | I126: =H126/(1+G126*(1-K126)) -> 0.45830551 | K126: 0.25
B127: Constellation Brands, Inc. | C127: STZ | E127: 22340.5 | F127: 10544.9 | G127: =F127/E127 -> 0.47200824 | H127: 0.46 | I127: =H127/(1+G127*(1-K127)) -> 0.33973257 | K127: =$K$126 -> 0.25
B128: Boston Beer | C128: SAM | E128: 2086.2 | F128: 40.9 | G128: =F128/E128 -> 0.019605023 | H128: 1.06 | I128: =H128/(1+G128*(1-K128)) -> 1.0446399 | K128: =$K$126 -> 0.25
B129: Carlsberg A/S | C129: CARL B | E129: 109750.3 | F129: 74080 | G129: =F129/E129 -> 0.67498677 | H129: 0.5 | I129: =H129/(1+G129*(1-K129)) -> 0.33195239 | K129: =$K$126 -> 0.25
B130: Heineken N.V. | C130: HEIA | E130: 38706.3 | F130: 17586 | G130: =F130/E130 -> 0.45434464 | H130: 0.48 | I130: =H130/(1+G130*(1-K130)) -> 0.35800631 | K130: =$K$126 -> 0.25
B133: Average unlevered beta | D133: =AVERAGE(I126:I130) -> 0.50652733
B134: Average unlevered beta (Full industry) | D134: 0.5
...

Sheet Possible_Comps
B2: Industry | C2: Alcoholic Beverage Distributors
B4: Source | C4: Peers
B5: Proxy Statement | C5: General Mills, Inc. Heineken NV The Hershey Company Hormel Foods Corporation The J. M. Smucker Company Kellanova Keurig Dr Pepper Inc. The Kraft Heinz Company McCormick & Company, Incorporated Monster Beverage Corporation. Brown-Forman Corporation Campbell Soup Company Carlsberg A/S The Clorox Company Coca-Cola European Partners Plc Colgate-Palmolive Company Conagra Brands, Inc. Constellation Brands, Inc. Diageo plc
B6: TAP 10K (comp) | C6: Anheuser-Busch InBev SA/NV ("ABI"), Constellation Brands, Inc., Heineken, Asahi, Carlsberg.
B7: Industry (SIC code: 2082) | C7: 5,002 firms
B8: Seeking Alpha | C8: Compañía Cervecerías Unidas S.A., The Boston Beer Company, Inc., Carlsberg A/S, Ambev S.A., and Heineken N.V.
B9: Mergent | C9: SAB : XHC – Saigon Beer Alcohol Beverage Corp, BHN : XHC – Hanoi Beer Alcohol and Beverage Joint Stock Corp, MBG : IDX – Multi Bintang Indonesia Tbk PT, CVZ : SGO – Compañía Cervecerías Unidas S.A., ASBR : TKS – Asahi Group Holdings, CSB : KRX – Hitejinro Holdings Co, CBP : KRX – Hitejinro Holdings Co, KB@N : TKS – Kirin Holdings Co, THB : HST – Thanh Hoa Beer, TBL : DAR – Tanzania Breweries PLC.
B10: Capital IQ | C10: Constellation Brands, Inc. (NYSE:STZ), The Boston Beer Company, Inc. (NYSE:SAM), Brown-Forman Corporation (NYSE:BF.B), Carlsberg A/S (CPSE:CARL B), PepsiCo, Inc. (NasdaqGS:PEP), Kirin Holdings Company, Limited (TSE:2503), Ambev S.A. (BOVESPA:ABEV3), Asahi Group Holdings, Ltd. (TSE:2502), Tsingtao Brewery Company Limited (SHSE:600600), China Resources Beer (Holdings) Company Limited (SEHK:291).
B11: Morningstar | C11: Boston Beer Company, Heinekein, and Constellation Brands
B12: ChatGPT | C12: Primary Global Brewer Peers (closest matches) 1. Anheuser-Busch InBev (ABI) 2. Heineken N.V. 3. Carlsberg A/S 4. Asahi Group Holdings 5. Ambev S.A. North American Alcohol Peers 6. Constellation Brands 7. The Boston Beer Company (SAM). Supplementary Beverage / Consumer Staples Peers (Cash Flow + Cost Structure) 8. Brown-Forman Corporation 9. Keurig Dr Pepper 10. Monster Beverage (high growth; useful to bracket valuation multiples)

Sheet Selecting_Comps
B2: List of Possible Competitors | C2: Ticker | D2: Source | E2: Business Description | F2: Exchange | G2: LTM Gross Margin % | H2: LTM EBITDA Margin % | I2: LTM EBIT Margin % | J2: LTM Net Income Margin % | K2: LTM Total Revenues, 1 Yr Growth % | L2: LTM EBITDA, 1 Yr Growth % | M2: LTM EBIT, 1 Yr Growth % | N2: LTM Net Income, 1 Yr Growth % | O2: LTM Total Debt/Capital % | P2: LTM Total Debt/EBITDA | Q2: NTM LT EPS Growth Rate (Capital IQ) | R2: 5 Year Beta
B3: Constellation Brands, Inc. | C3: STZ | D3: CapitalIQ, Morningstar, 10-K | E3: A leading international producer and marketer of beer, wine, and spirits with operations in the U.S., Mexico, New Zealand, and Italy, building brands that people love to elevate human connections. | F3: NYSE | G3: 0.519 | H3: 0.376 | I3: 0.331 | J3: 0.127 | K3: -0.0556 | L3: -0.0662 | M3: -0.074 | N3: 1.1099 | O3: 0.5752 | P3: 2.9 | Q3: -0.0249 | R3: 0.46
B4: Brown‑Forman Corporation | C4: BF.B | D4: CapitalIQ | E4: An American family-controlled publicly traded company that manufactures, markets, and sells alcoholic beverages, enriching life by responsibly building fine quality beverage alcohol brands. | F4: NYSE | G4: 0.59 | H4: 0.307 | I4: 0.285 | J4: 0.2138 | K4: -0.035 | L4: 0.0125 | M4: 0.0144 | N4: -0.1457 | O4: 0.4038 | P4: 2.1 | Q4: 0.0203 | R4: 0.41
B5: The Boston Beer Company, Inc. | C5: SAM | D5: CapitalIQ, Morningstar | E5: One of the largest and most respected craft brewers in the US, producing and selling alcohol beverages including beers, hard seltzers, malt beverages, spirits, and hard cider throughout the United States and in selected international markets | F5: NYSE | G5: 0.477 | H5: 0.125 | I5: 0.08 | J5: 0.0466 | K5: -0.0113 | L5: 0.0091 | M5: 0.0251 | N5: 0.1484 | O5: 0.043 | P5: 0.2 | Q5: 0.121 | R5: 1.06
B6: The Coca-Cola Company | C6: KO | D6: CapitalIQ | E6: An American multinational corporation that manufactures, markets, and sells non-alcoholic beverages, including its flagship Coca-Cola brand, operating through a network of independent bottling partners, distributors, wholesalers, and retailers. | F6: NYSE | G6: 0.616 | H6: 0.342 | I6: 0.319 | J6: 0.2734 | K6: 0.028 | L6: 0.1139 | M6: 0.1214 | N6: 0.2519 | O6: 0.5915 | P6: 2.9 | Q6: 0.0656 | R6: 0.4
B7: Carlsberg A/S | C7: CARL B | D7: CapitalIQ, Seeking Alpha | E7: A Danish multinational brewer producing and marketing beers such as Carlsberg, Tuborg, and Kronenbourg, with operations in more than 150 markets worldwide. | F7: CPSE | G7: 0.458 | H7: 0.191 | I7: 0.14 | J7: 0.1089 | K7: 0.1 | L7: 0.1106 | M7: 0.106 | N7: - | O7: 0.7274 | P7: 4.6 | Q7: 0.0966 | R7: 0.5
B8: Kirin Holdings Company, Limited | C8: 2503 | D8: CapitalIQ | E8: A Japanese company engaged in the production and sale of alcoholic beverages like beer, as well as soft drinks, pharmaceuticals, and health science businesses. | F8: TSE | G8: 0.467 | H8: 0.129 | I8: 0.087 | J8: 0.0341 | K8: 0.0475 | L8: 0.0511 | M8: 0.0301 | N8: -0.2432 | O8: 0.4013 | P8: 3.2 | Q8: 0.2654 | R8: -0.04
B9: Ambev S.A. | C9: ABEV 3 | D9: CapitalIQ | E9: A Brazilian company that produces, distributes, and sells beer, draft beer, carbonated soft drinks, malt and food, other alcoholic beverages, and non-alcoholic and non-carbonated products in Brazil, Central America and Caribbean, Latin America South, and Canada. | F9: BOVESPA | G9: 0.518 | H9: 0.297 | I9: 0.254 | J9: 0.1773 | K9: 0.0979 | L9: 0.0945 | M9: 0.1641 | N9: 0.1501 | O9: 0.0303 | P9: 0.1 | Q9: 0.0614 | R9: 0.27
B10: Asahi Group Holdings, Ltd. | C10: 2502 | D10: CapitalIQ | E10: A Japanese beverage holding company that manufactures and sells beer, alcohol and non-alcohol beverages, and food products in Japan, Europe, Oceania, and Southeast Asia. | F10: TSE | G10: 0.373 | H10: 0.139 | I10: 0.085 | J10: 0.0597 | K10: 0.0086 | L10: -0.0219 | M10: -0.0391 | N10: -0.0012 | O10: 0.3511 | P10: 3.6 | Q10: 0.102 | R10: 0.2
B11: Tsingtao Brewery Company Limited | C11: 600600 | D11: CapitalIQ | E11: China's second largest brewery, producing and exporting Tsingtao beer with about 15% of domestic market share and accounting for half of China's national beer exports. | F11: SHSE | G11: 0.417 | H11: 0.188 | I11: 0.155 | J11: 0.1422 | K11: 0.0197 | L11: 0.1037 | M11: 0.1238 | N11: 0.0642 | O11: 0.0035 | P11: 0 | Q11: 0.0591 | R11: 0.73
B12: China Resources Beer (Holdings) Company Limited | C12: 291 | D12: CapitalIQ | E12: An investment holding company that manufactures, distributes, and sells beer products in Mainland China, offering its products under the Nong Li, Snow, and Jinsha brands. | F12: SEHK | G12: 0.439 | H12: 0.201 | I12: 0.143 | J12: 0.1499 | K12: 0.0007 | L12: 0.1318 | M12: 0.1637 | N12: 0.1179 | O12: 0.0283 | P12: 0.1 | Q12: 0.1085 | R12: 0.52
B13: Compañía Cervecerías Unidas S.A. | C13: CCU | D13: Seeking Alpha, | E13: Compañía Cervecerías Unidas S.A., together with its subsidiaries, operates as a diversified beverage company in Chile, Argentina, Bolivia, Colombia, Paraguay, and Uruguay. It operates through three segments: Chile, International Business, and Wine. | F13: SNSE | G13: 0.45 | H13: 0.123 | I13: 0.081 | J13: 0.045 | K13: 0.2053 | L13: 0.3424 | M13: 0.4919 | N13: 0.0598 | O13: 0.4415 | P13: 3.3 | Q13: 0.101 | R13: 0.2
B14: Anheuser-Busch InBev SA/NV | C14: ABI | D14: ChatGPT, 10-K | E14: Anheuser-Busch InBev SA/NV produces, distributes, exports, markets, and sells beer in North America, Middle Americas, South America, Europe, the Middle East, Africa, and the Asia Pacific. The company also provides spirits-based ready-to-drink and non-alcohol beverages. | F14: ENXTBR | G14: 0.559 | H14: 0.323 | I14: 0.263 | J14: 0.1041 | K14: -0.0134 | L14: 0.0265 | M14: 0.0333 | N14: -0.0656 | O14: 0.4534 | P14: 3.9 | Q14: 0.0859 | R14: 0.67
B15: Heineken Holding N.V. | C15: HEIO | D15: Morningstar, 10-K | E15: Heineken Holding N.V., together with its subsidiaries, engages in brewing and selling beer and cider in the Netherlands and internationally. The company’s portfolio consists of approximately 340 international, regional, local, and specialty beers and ciders. | F15: ENXTAM | G15: 0.365 | H15: 0.2 | I15: 0.136 | J15: 0.0317 | K15: -0.0484 | L15: 0.0242 | M15: 0.0156 | N15: 0.7244 | O15: 0.4689 | P15: 2.9 | Q15: - | R15: 0.52
B17: Molson Coors Beverage Company | C17: TAP | D17: Our company | E17: It manufactures, markets, and sells beer and other malt beverage products in the Americas, Europe, the Middle East, Africa, and the Asia Pacific. The company offers flavored malt beverages including hard seltzers, craft, spirits, and ready to drink beverages. | F17: NYSE | G17: 0.387 | H17: 0.215 | I17: 0.156 | J17: -0.1864 | K17: -0.0401 | L17: -0.003 | M17: 0.0076 | N17: - | O17: 0.3789 | P17: 2.6 | Q17: -0.0216 | R17: 0.45

Sheet TAP_Comps
B2: Molson Coors Valuation with Public Comparables
B3: Fiscal year ends in December USD in millions except per share data.
B4: Valuation for period ended | C4: 46022
B5: Ticker | C5: TAP
B6: Valuation Date | C6: 45978
B7: Company Name | C7: Molson Coors | H7: Enterprise Value Multiples | N7: Equity Value Multiples
F8: Market Value | G8: Enterprise | K8: Forward | L8: 2 year growth | M8: BV | N8: Forward | O8: Forward | P8: Price(Market)-
B9: Company | C9: Ticker | D9: Share price | F9: of Equity | G9: Value | H9: EV/Sales | I9: EV/EBIT | J9: EV/EBITDA | K9: EPS | L9: rate | M9: Equity | N9: P/E | O9: PEG | P9: to-Book
B10: Molson Coors Company | C10: TAP | D10: 46.51 | F10: 9189.4 | G10: 15021.9 | H10: 1.3 | I10: 8.6 | J10: 6 | K10: 5.52 | L10: 0.0098 | M10: 13452.7 | N10: =D10/K10 -> 8.4257246 | O10: =D10/(K10*L10*100) -> 8.5976782 | P10: =F10/M10 -> 0.68308964
B12: Constellation Brands, Inc. | C12: STZ | D12: 136.38 | F12: 23735.5 | G12: 34494.3 | H12: 3.6 | I12: 13.4 | J12: 11.5 | K12: 11.87 | L12: 0.0097 | M12: 7134.8 | N12: =D12/K12 -> 11.489469 | O12: =D12/(K12*L12*100) -> 11.844814 | P12: =F12/M12 -> 3.3267225
B13: Carlsberg A/S | C13: CARL B | D13: 799.6 | F13: 17027 | G13: 27569.8 | H13: 2.2 | I13: 14.5 | J13: 10.5 | K13: 9.43 | L13: 0.0747 | M13: 4764.4 | N13: =D13/K13 -> 84.793213 | O13: =D13/(K13*L13*100) -> 11.351166 | P13: =F13/M13 -> 3.5737973
B14: Asahi Group Holdings, Ltd. | C14: 2502 | D14: 12 | F14: 17219.6 | G14: 26116.3 | H14: 1.4 | I14: 16.3 | J14: 10 | K14: 0.77 | L14: 0.0725 | M14: 17221.3 | N14: =D14/K14 -> 15.584416 | O14: =D14/(K14*L14*100) -> 2.1495746 | P14: =F14/M14 -> 0.99990129
B15: Anheuser-Busch InBev SA/NV | C15: ABI | D15: 53.02 | F15: 120047.6 | G15: 200378.8 | H15: 3.5 | I15: 12.8 | J15: 10.1 | K15: 4.08 | L15: 0.0088 | M15: 88700 | N15: =D15/K15 -> 12.995098 | O15: =D15/(K15*L15*100) -> 14.767157 | P15: =F15/M15 -> 1.3534115
B16: Heineken Holding N.V. | C16: HEIO | D16: 61.55 | F16: 45901.3 | G16: 51379.4 | H16: 1.5 | I16: 10.7 | J16: 7 | K16: 5.83 | L16: 0.0161 | M16: 25696.3 | N16: =D16/K16 -> 10.557461 | O16: =D16/(K16*L16*100) -> 6.5574294 | P16: =F16/M16 -> 1.7863
B17: The Boston Beer Company, Inc. | C17: SAM | D17: 194.8 | F17: 2031.6 | G17: 1822.1 | H17: 0.9 | I17: 11.7 | J17: 7.1 | K17: 10.56 | L17: 0.0425 | M17: 916.2 | N17: =D17/K17 -> 18.44697 | O17: =D17/(K17*L17*100) -> 4.3404635 | P17: =F17/M17 -> 2.2174198
G24: High | H24: =MAX(H12:H17) -> 3.6 | I24: =MAX(I12:I17) -> 16.3 | J24: =MAX(J12:J17) -> 11.5 | N24: =MAX(N12:N17) -> 84.793213 | O24: =MAX(O12:O17) -> 14.767157 | P24: =MAX(P12:P17) -> 3.5737973
G25: Mean | H25: =AVERAGE(H12:H17) -> 2.1833333 | I25: =AVERAGE(I12:I17) -> 13.233333 | J25: =AVERAGE(J12:J17) -> 9.3666667 | N25: =AVERAGE(N12:N17) -> 25.644438 | O25: =AVERAGE(O12:O17) -> 8.5017674 | P25: =AVERAGE(P12:P17) -> 2.2095921
G26: Median | H26: =MEDIAN(H12:H17) -> 1.85 | I26: =MEDIAN(I12:I17) -> 13.1 | J26: =MEDIAN(J12:J17) -> 10.05 | N26: =MEDIAN(N12:N17) -> 14.289757 | O26: =MEDIAN(O12:O17) -> 8.9542979 | P26: =MEDIAN(P12:P17) -> 2.0018599
G27: Low | H27: =MIN(H12:H17) -> 0.9 | I27: =MIN(I12:I17) -> 10.7 | J27: =MIN(J12:J17) -> 7 | N27: =MIN(N12:N17) -> 10.557461 | O27: =MIN(O12:O17) -> 2.1495746 | P27: =MIN(P12:P17) -> 0.99990129
D30: Implied price per share | E30: Diluted shares outstanding | F30: Implied Equity Value | G30: Implied Enterprise Value | H30: Range of EV/Sales | I30: Range of EV/EBIT | J30: Range of EV/EBITDA | N30: Range of Forward P/E | O30: Range of Forward PEG | P30: Range of Price-to-Book
B31: Molson Coors | D31: =F31/E31 -> #REF! | E31: =TAP_DCF!I93 -> 194.72101 | F31: =G31-SUM(#REF!) -> #REF! | G31: =H31*#REF! -> #REF! | H31: =H26 -> 1.85
D32: =F32/E32 -> #REF! | E32: 194.72101 | F32: =G32-SUM(#REF!) -> #REF! | G32: =H32*#REF! -> #REF! | H32: =H25 -> 2.1833333
D33: =F33/E33 -> #REF! | E33: 194.72101 | F33: =G33-SUM(#REF!) -> #REF! | G33: =I33*#REF! -> #REF! | I33: =I26 -> 13.1
D34: =F34/E34 -> #REF! | E34: 194.72101 | F34: =G34-SUM(#REF!) -> #REF! | G34: =I34*#REF! -> #REF! | I34: =I25 -> 13.233333
D35: =F35/E35 -> #REF! | E35: 194.72101 | F35: =G35-SUM(#REF!) -> #REF! | G35: =J35*#REF! -> #REF! | J35: 7
D36: =F36/E36 -> #REF! | E36: 194.72101 | F36: =G36-SUM(#REF!) -> #REF! | G36: =J36*#REF! -> #REF! | J36: =J26 -> 10.05
D37: =N37*$K$10 -> 78.879458 | E37: 194.72101 | N37: =N26 -> 14.289757
D38: =N38*$K$10 -> 141.5573 | E38: 194.72101 | N38: =N25 -> 25.644438
D39: =O39*$K$10*$L$10*100 -> 45.991161 | E39: 194.72101 | O39: =O25 -> 8.5017674
D40: =O40*$K$10*$L$10*100 -> 48.43917 | E40: 194.72101 | O40: =O26 -> 8.9542979
D41: =F41/E41 -> 138.30259 | E41: 194.72101 | F41: =P41*$M$10 -> 26930.42 | P41: =P26 -> 2.0018599
D42: =F42/E42 -> 152.6542 | E42: 194.72101 | F42: =P42*$M$10 -> 29724.979 | P42: =P25 -> 2.2095921
B44: Molson Coors Additional Information:
B45: Net Debt= | C45: 5385
B46: Perferred Stock= | C46: 0
B47: NCI= | C47: 360.3

Sheet Relative Valuation Chart
A1: Molson Coors Relative Valuation Football Field Chart
B3: Fiscal year ends in December USD in millions except per share data.
B4: Valuation for period ended | C4: 46022
B5: Ticker | C5: TAP
B6: Valuation Date | C6: 45978
B7: Company Name | C7: Molson Coors Beverage Company | J7: Inputs
B8: Methodology | F8: Low | G8: Dif. | H8: High | J8: Low | K8: High | M8: Current share price
B9: ="Public comps EV/Sales range " &TEXT(J9,"0.0x")&"-"&TEXT(K9,"0.0x") -> Public comps EV/Sales range 1.9x-2.2x | F9: =TAP_Comps!D31 -> #REF! | G9: =H9-F9 -> #REF! | H9: =TAP_Comps!D32 -> #REF! | J9: =TAP_Comps!H31 -> 1.85 | K9: =TAP_Comps!H32 -> 2.1833333 | M9: =$D$4 -> 0
B10: ="Public comps EV/EBIT range " &TEXT(J10,"0.0x")&"-"&TEXT(K10,"0.0x") -> Public comps EV/EBIT range 8.5x-9.0x | F10: =TAP_Comps!D39 -> 45.991161 | G10: =H10-F10 -> 2.4480092 | H10: =TAP_Comps!D40 -> 48.43917 | J10: =TAP_Comps!O39 -> 8.5017674 | K10: =TAP_Comps!O40 -> 8.9542979 | M10: =$D$4 -> 0
B11: ="Public comps EV/EBITDA range " &TEXT(J11,"0.0x")&"-"&TEXT(K11,"0.0x") -> Public comps EV/EBITDA range 7.0x-10.1x | F11: =TAP_Comps!D35 -> #REF! | G11: =H11-F11 -> #REF! | H11: =TAP_Comps!D36 -> #REF! | J11: =TAP_Comps!J35 -> 7 | K11: =TAP_Comps!J36 -> 10.05 | M11: =$D$4 -> 0
B12: ="Public comps Forward PEG range " &TEXT(J12,"0.0x")&"-"&TEXT(K12,"0.0x") -> Public comps Forward PEG range 8.5x-9.0x | F12: =TAP_DCF!E159 -> 39.891798 | G12: =H12-F12 -> 64.192619 | H12: =TAP_DCF!L159 -> 104.08442 | J12: =TAP_Comps!O39 -> 8.5017674 | K12: =TAP_Comps!O40 -> 8.9542979 | M12: =$D$4 -> 0
B13: ="Public comps Forward P/E range " &TEXT(J13,"0.0x")&"-"&TEXT(K13,"0.0x") -> Public comps Forward P/E range 14.3x-25.6x | F13: =TAP_Comps!D39 -> 45.991161 | G13: =H13-F13 -> 2.4480092 | H13: =TAP_Comps!D40 -> 48.43917 | J13: =TAP_Comps!N37 -> 14.289757 | K13: =TAP_Comps!N38 -> 25.644438 | M13: =$D$4 -> 0
B14: ="Public comps Price-to-Book range " &TEXT(J14,"0.0x")&"-"&TEXT(K14,"0.0x") -> Public comps Price-to-Book range 2.0x-2.2x | F14: =TAP_Comps!D41 -> 138.30259 | G14: =H14-F14 -> 14.351604 | H14: =TAP_Comps!D42 -> 152.6542 | J14: =TAP_Comps!P41 -> 2.0018599 | K14: =TAP_Comps!P42 -> 2.2095921 | M14: =$D$4 -> 0
B15: 52 week high-low | F15: 42.94 | G15: =H15-F15 -> 21.72 | H15: 64.66 | M15: =$D$4 -> 0

Sheet TAP Football Field
A1: Molson Coors Valuation Football Field Chart
B3: Fiscal year ends in December USD in millions except per share data.
B4: Valuation for period ended | C4: 46022
B5: Ticker | C5: TAP
B6: Valuation Date | C6: 45978
B7: Company Name | C7: Molson Coors Beverage Company
B8: Methodology | D8: Low | E8: Dif. | F8: High | H8: Low | I8: High | K8: Current share price
B9: ="Public comps EV/Sales range " &TEXT(H9,"0.0x")&"-"&TEXT(I9,"0.0x") -> Public comps EV/Sales range 1.9x-2.2x | D9: =TAP_Comps!D31 -> #REF! | E9: =F9-D9 -> #REF! | F9: =TAP_Comps!D32 -> #REF! | H9: =TAP_Comps!H31 -> 1.85 | I9: =TAP_Comps!H32 -> 2.1833333 | K9: 45.13
B10: ="Public comps Forward PEG range " &TEXT(H10,"0.0x")&"-"&TEXT(I10,"0.0x") -> Public comps Forward PEG range 8.5x-9.0x | D10: =TAP_Comps!D39 -> 45.991161 | E10: =F10-D10 -> 2.4480092 | F10: =TAP_Comps!D40 -> 48.43917 | H10: =TAP_Comps!O39 -> 8.5017674 | I10: =TAP_Comps!O40 -> 8.9542979 | K10: 45.13
B11: ="DCF w/ perpetuity growth range " &TEXT(H11,"0.0%")&"-"&TEXT(I11,"0.0%") -> DCF w/ perpetuity growth range 0.5%-4.0% | D11: =TAP_DCF!H146 -> 81.775835 | E11: =F11-D11 -> 124.52481 | F11: =TAP_DCF!H153 -> 206.30065 | H11: =TAP_DCF!C146 -> 0.005 | I11: =TAP_DCF!C153 -> 0.04 | K11: 45.13
B12: ="DCF w/ EBITDA exit multiple range " &TEXT(H12,"0.0x")&"-"&TEXT(I12,"0.0x") -> DCF w/ EBITDA exit multiple range 4.6x-11.6x | D12: =TAP_DCF!E159 -> 39.891798 | E12: =F12-D12 -> 64.192619 | F12: =TAP_DCF!L159 -> 104.08442 | H12: =TAP_DCF!E158 -> 4.6 | I12: =TAP_DCF!L158 -> 11.6 | K12: 45.13
B13: 52 week high-low | D13: 42.94 | E13: =F13-D13 -> 21.72 | F13: 64.66 | K13: 45.13

Sheet Income Statement
A1: Molson Coors Beverage Company (NYSE:TAP) > Financials > Income Statement
A3: In Millions of the reported currency, except per share items. | B3: Template: | C3: Standard | E3: Restatement: | F3: Latest Filings
B4: Period Type: | C4: Annual | E4: Order: | F4: Latest on Right
B5: Currency: | C5: Reported Currency | E5: Conversion: | F5: Historical
B6: Units: | C6: S&P Capital IQ (Default) | E6: Decimals: | F6: Capital IQ (Default)
B7: Source: | C7: Capital IQ & Proprietary Data
A10: Income Statement
A11: For the Fiscal Period Ending | B11: 2020 | C11: =B11+1 -> 2021 | D11: =C11+1 -> 2022 | E11: =D11+1 -> 2023 | F11: =E11+1 -> 2024
A12: Currency | B12: USD | C12: USD | D12: USD | E12: USD | F12: USD
A13: Revenue | B13: 9654 | C13: 10279.7 | D13: 10701 | E13: 11702.1 | F13: 11627
A14: Other Revenue | B14: - | C14: - | D14: - | E14: - | F14: -
A15: Total Revenue | B15: 9654 | C15: 10279.7 | D15: 10701 | E15: 11702.1 | F15: 11627
A17: Cost Of Goods Sold | B17: 5858.1 | C17: 6226.3 | D17: 7045.8 | E17: 7333.3 | F17: 7093.6
A18: Gross Profit | B18: 3795.9 | C18: 4053.4 | D18: 3655.2 | E18: 4368.8 | F18: 4533.4
A20: Selling General & Admin Exp. | B20: 2186.7 | C20: 2290.1 | D20: 2318.1 | E20: 2562.4 | F20: 2516.1
A21: R & D Exp. | B21: - | C21: - | D21: - | E21: - | F21: -
A22: Depreciation & Amort. | B22: - | C22: - | D22: - | E22: - | F22: -
A23: Amort. of Goodwill and Intangibles | B23: 220 | C23: 218 | D23: 208.1 | E23: 207.3 | F23: 206.4
A24: Other Operating Expense/(Income) | B24: - | C24: - | D24: - | E24: - | F24: -
A26: Other Operating Exp., Total | B26: 2406.7 | C26: 2508.1 | D26: 2526.2 | E26: 2769.7 | F26: 2722.5
A28: Operating Income | B28: 1389.2 | C28: 1545.3 | D28: 1129 | E28: 1599.1 | F28: 1810.9
A30: Interest Expense | B30: -274.6 | C30: -260.3 | D30: -250.6 | E30: -234 | F30: -282.7
A31: Interest and Invest. Income | B31: 3.3 | C31: 2 | D31: 4.3 | E31: 25.4 | F31: 35.4
A32: Net Interest Exp. | B32: -271.3 | C32: -258.3 | D32: -246.3 | E32: -208.6 | F32: -247.3
A34: Income/(Loss) from Affiliates | B34: - | C34: - | D34: 4.7 | E34: 12 | F34: 2.7
A35: Currency Exchange Gains (Loss) | B35: - | C35: 0.8 | D35: -0.4 | E35: -3.7 | F35: -0.7
A36: Other Non-Operating Inc. (Exp.) | B36: 8.4 | C36: -4 | D36: -9.9 | E36: 16.4 | F36: 2.8
A37: EBT Excl. Unusual Items | B37: 1126.3 | C37: 1283.8 | D37: 877.1 | E37: 1415.2 | F37: 1568.4
A39: Restructuring Charges | B39: -187.1 | C39: -37.6 | D39: -9.1 | E39: -4.1 | F39: -200.4
A40: Merger & Related Restruct. Charges | B40: - | C40: - | D40: - | E40: - | F40: -
A41: Impairment of Goodwill | B41: -1484.3 | C41: - | D41: -845 | E41: - | F41: -
A42: Gain (Loss) On Sale Of Invest. | B42: -2.4 | C42: -0.3 | D42: - | E42: - | F42: 77.9
A43: Gain (Loss) On Sale Of Assets | B43: 2.7 | C43: 6.6 | D43: 6.8 | E43: 2.2 | F43: 57.1
A44: Asset Writedown | B44: -71.5 | C44: -13.5 | D44: -36.3 | E44: -160.8 | F44: -
A45: Legal Settlements | B45: - | C45: - | D45: -56 | E45: - | F45: -
A46: Other Unusual Items | B46: -27.6 | C46: - | D46: - | E46: - | F46: -
A47: EBT Incl. Unusual Items | B47: -643.9 | C47: 1239 | D47: -62.5 | E47: 1252.5 | F47: 1503
A49: Income Tax Expense | B49: 301.8 | C49: 230.5 | D49: 124 | E49: 296.1 | F49: 345.3
A50: Earnings from Cont. Ops. | B50: -945.7 | C50: 1008.5 | D50: -186.5 | E50: 956.4 | F50: 1157.7
A52: Earnings of Discontinued Ops. | B52: - | C52: - | D52: - | E52: - | F52: -
A53: Extraord. Item & Account. Change | B53: - | C53: - | D53: - | E53: - | F53: -
A54: Net Income to Company | B54: -945.7 | C54: 1008.5 | D54: -186.5 | E54: 956.4 | F54: 1157.7
A56: Minority Int. in Earnings | B56: -3.3 | C56: -2.8 | D56: 11.2 | E56: -7.5 | F56: -35.3
A57: Net Income | B57: -949 | C57: 1005.7 | D57: -175.3 | E57: 948.9 | F57: 1122.4
A59: Pref. Dividends and Other Adj. | B59: - | C59: - | D59: - | E59: - | F59: -
A61: NI to Common Incl Extra Items | B61: -949 | C61: 1005.7 | D61: -175.3 | E61: 948.9 | F61: 1122.4
A62: NI to Common Excl. Extra Items | B62: -949 | C62: 1005.7 | D62: -175.3 | E62: 948.9 | F62: 1122.4
A64: Per Share Items
A65: Basic EPS | B65: -4.38 | C65: 4.63 | D65: -0.81 | E65: 4.39 | F65: 5.38
A66: Basic EPS Excl. Extra Items | B66: -4.38 | C66: 4.632427 | D66: -0.81 | E66: 4.393055 | F66: 5.375478
A67: Weighted Avg. Basic Shares Out. | B67: 216.8 | C67: 217.1 | D67: 216.9 | E67: 216 | F67: 208.8
A69: Diluted EPS | B69: -4.38 | C69: 4.62 | D69: -0.81 | E69: 4.37 | F69: 5.35
A70: Diluted EPS Excl. Extra Items | B70: -4.38 | C70: 4.62 | D70: -0.81 | E70: 4.37 | F70: 5.35
A71: Weighted Avg. Diluted Shares Out. | B71: 216.8 | C71: 217.6 | D71: 216.9 | E71: 217.3 | F71: 209.9
A73: Normalized Basic EPS | B73: 3.23 | C73: 3.68 | D73: 2.58 | E73: 4.06 | F73: 4.53
A74: Normalized Diluted EPS | B74: 3.231722 | C74: 3.674517 | D74: 2.579011 | E74: 4.035895 | F74: 4.501905
A76: Dividends per Share | B76: 0.57 | C76: 0.68 | D76: 1.52 | E76: 1.64 | F76: 1.76
A77: Payout Ratio % | B77: NM | C77: 0.146962 | D77: NM | E77: 0.373801 | F77: 0.328937
A79: Shares per Depository Receipt | B79: 1 | C79: 1 | D79: 1 | E79: 1 | F79: 1
A81: Supplemental Items
A82: EBITDA | B82: 2198.9 | C82: 2316 | D82: 1813.8 | E82: 2281.9 | F82: 2476.7
A83: EBITA | B83: 1609.2 | C83: 1763.3 | D83: 1337.1 | E83: 1806.4 | F83: 2017.3
A84: EBIT | B84: 1389.2 | C84: 1545.3 | D84: 1129 | E84: 1599.1 | F84: 1810.9
A85: EBITDAR | B85: 2270.3 | C85: 2389.2 | D85: 1886.3 | E85: 2363.2 | F85: 2563.6
A86: As Reported Total Revenue* | B86: 9654 | C86: 10279.7 | D86: 10701 | E86: 11702.1 | F86: 11627
A87: Effective Tax Rate % | B87: NM | C87: 0.186037 | D87: NM | E87: 0.236407 | F87: 0.22974
A88: Current Domestic Taxes | B88: 84.2 | C88: 50.6 | D88: 168.4 | E88: 222.8 | F88: 173.3
A89: Current Foreign Taxes | B89: 111.4 | C89: -1 | D89: -17.2 | E89: 37.3 | F89: 54.5
A90: Total Current Taxes | B90: 195.6 | C90: 49.6 | D90: 151.2 | E90: 260.1 | F90: 227.8
A91: Deferred Domestic Taxes | B91: 121.4 | C91: 233.9 | D91: 30.2 | E91: 102.8 | F91: 123
A92: Deferred Foreign Taxes | B92: -15.2 | C92: -53 | D92: -57.4 | E92: -66.8 | F92: -5.5
A93: Total Deferred Taxes | B93: 106.2 | C93: 180.9 | D93: -27.2 | E93: 36 | F93: 117.5
A95: Normalized Net Income | B95: 700.6375 | C95: 799.575 | D95: 559.3875 | E95: 877 | F95: 944.95
A96: Interest Capitalized | B96: 7.7 | C96: 8.8 | D96: 6.8 | E96: 9.4 | F96: 12.4
A97: Non-Cash Pension Expense | B97: -34.1 | C97: -53.6 | D97: -41.8 | E97: -0.3 | F97: 12.3
A98: Filing Date | B98: 44978 | C98: 45342 | D98: 45706 | E98: 45706 | F98: 45706
A99: Restatement Type | B99: RC | C99: NC | D99: RC | E99: NC | F99: O
A100: Calculation Type | B100: REP | C100: REP | D100: REP | E100: REP | F100: REP
A102: Supplemental Operating Expense Items
A103: Marketing Exp. | B103: 900 | C103: 1100 | D103: 1000 | E103: 1100 | F103: 1100
A104: Selling and Marketing Exp. | B104: 900 | C104: 1100 | D104: 1000 | E104: 1100 | F104: 1100
A105: Net Rental Exp. | B105: 71.4 | C105: 73.2 | D105: 72.5 | E105: 81.3 | F105: 86.9
A106: Imputed Oper. Lease Interest Exp. | B106: 17.997941 | C106: 19.612915 | D106: 21.06792 | E106: 24.093418 | F106: 32.082785
A107: Imputed Oper. Lease Depreciation | B107: 53.402059 | C107: 53.587085 | D107: 51.43208 | E107: 57.206582 | F107: 54.817215
A109: Stock-Based Comp., SG&A Exp. | B109: 24.2 | C109: 32.1 | D109: 33.6 | E109: 44.9 | F109: 43.1
A110: Stock-Based Comp., Unallocated | B110: - | C110: - | D110: - | E110: - | F110: -
A111: Stock-Based Comp., Total | B111: 24.2 | C111: 32.1 | D111: 33.6 | E111: 44.9 | F111: 43.1
A112: Depreciation & Amort., Total | B112: 809.7 | C112: 770.7 | D112: 684.8 | E112: 682.8 | F112: 665.8
A113: Capital Expenditure | B113: -574.8 | C113: -522.6 | D113: -661.4 | E113: -671.5 | F113: -674.1
A114: * Occasionally, certain items classified as Revenue by the company will be re-classified as other income if it is deemed to be non-recurring and unrelated to the core business of the firm. This field shows Total Revenue exactly as reported by the firm on its consolidated statement of income.
A115: Note: For multiple class companies, per share items are primary class equivalent, and for foreign companies listed as primary ADRs, per share items are ADR-equivalent.

Sheet Balance Sheet
A1: Molson Coors Beverage Company (NYSE:TAP) > Financials > Balance Sheet
A3: In Millions of the reported currency, except per share items. | B3: Template: | C3: Standard | E3: Restatement: | F3: Latest Filings
B4: Period Type: | C4: Annual | E4: Order: | F4: Latest on Right
B5: Currency: | C5: Reported Currency | E5: Conversion: | F5: Historical
B6: Units: | C6: S&P Capital IQ (Default) | E6: Decimals: | F6: Capital IQ (Default)
B7: Source: | C7: Capital IQ & Proprietary Data
A10: Balance Sheet
A11: For the Fiscal Period Ending | B11: 2020 | C11: =B11+1 -> 2021 | D11: =C11+1 -> 2022 | E11: =D11+1 -> 2023 | F11: =E11+1 -> 2024
A12: Currency | B12: USD | C12: USD | D12: USD | E12: USD | F12: USD
A13: ASSETS
A14: Cash And Equivalents | B14: 770.1 | C14: 637.4 | D14: 600 | E14: 868.9 | F14: 969.3
A15: Total Cash & ST Investments | B15: 770.1 | C15: 637.4 | D15: 600 | E15: 868.9 | F15: 969.3
A17: Accounts Receivable | B17: 549.6 | C17: 678.9 | D17: 739.8 | E17: 757.8 | F17: 693.1
A18: Other Receivables | B18: 137.5 | C18: 200.5 | D18: 126.4 | E18: 121.6 | F18: 149.8
A19: Total Receivables | B19: 687.1 | C19: 879.4 | D19: 866.2 | E19: 879.4 | F19: 842.9
A21: Inventory | B21: 664.3 | C21: 804.7 | D21: 792.9 | E21: 802.3 | F21: 727.8
A22: Other Current Assets | B22: 297.3 | C22: 457.2 | D22: 378.9 | E22: 297.9 | F22: 308.4
A23: Total Current Assets | B23: 2418.8 | C23: 2778.7 | D23: 2638 | E23: 2848.5 | F23: 2848.4
A25: Gross Property, Plant & Equipment | B25: 7802.9 | C25: 7818.7 | D25: 8017.4 | E25: 8746.8 | F25: 9041.4
A26: Accumulated Depreciation | B26: -3416.4 | C26: -3507.2 | D26: -3661.9 | E26: -4101.6 | F26: -4392
A27: Net Property, Plant & Equipment | B27: 4386.5 | C27: 4311.5 | D27: 4355.5 | E27: 4645.2 | F27: 4649.4
A29: Long-term Investments | B29: - | C29: - | D29: 40 | E29: 264.3 | F29: 205.2
A30: Goodwill | B30: 6151 | C30: 6152.6 | D30: 5291.9 | E30: 5325.3 | F30: 5582.3
A31: Other Intangibles | B31: 13556.1 | C31: 13286.8 | D31: 12800.1 | E31: 12614.6 | F31: 12195.2
A32: Deferred Tax Assets, LT | B32: 105.7 | C32: 180.2 | D32: 125.8 | E32: 123.7 | F32: 38.6
A33: Deferred Charges, LT | B33: - | C33: - | D33: - | E33: 35.7 | F33: 39.9
A34: Other Long-Term Assets | B34: 713 | C34: 909.2 | D34: 617 | E34: 517.8 | F34: 505.3
A35: Total Assets | B35: 27331.1 | C35: 27619 | D35: 25868.3 | E35: 26375.1 | F35: 26064.3
A37: LIABILITIES
A38: Accounts Payable | B38: 1732.7 | C38: 2098.1 | D38: 2225.1 | E38: 2128.3 | F38: 2020.1
A39: Accrued Exp. | B39: 637.5 | C39: 577.7 | D39: 576.7 | E39: 823.7 | F39: 735.7
A40: Short-term Borrowings | B40: 14 | C40: 6.9 | D40: 20.9 | E40: 21.5 | F40: 19.9
A41: Curr. Port. of LT Debt | B41: 1049.7 | C41: 571.1 | D41: 370.9 | E41: 885.1 | F41: 2.4
A42: Curr. Port. of Leases | B42: 51.2 | C42: 50 | D42: 50 | E42: 52.1 | F42: 56.6
A43: Other Current Liabilities | B43: 424.5 | C43: 318.4 | D43: 131.8 | E43: 181.9 | F43: 210.5
A44: Total Current Liabilities | B44: 3909.6 | C44: 3622.2 | D44: 3375.4 | E44: 4092.6 | F44: 3045.2
A46: Long-Term Debt | B46: 7322.1 | C46: 6687.7 | D46: 6109 | E46: 5263.6 | F46: 6057
A47: Long-Term Leases | B47: 166.3 | C47: 150.4 | D47: 155.5 | E47: 212.4 | F47: 218.4
A48: Pension & Other Post-Retire. Benefits | B48: 763.2 | C48: 654.4 | D48: 473.3 | E48: 465.8 | F48: 416.7
A49: Def. Tax Liability, Non-Curr. | B49: 2381.6 | C49: 2704.6 | D49: 2646.4 | E49: 2697.2 | F49: 2733.4
A50: Other Non-Current Liabilities | B50: 167 | C50: 135.6 | D50: 193.5 | E50: 208.4 | F50: 140.9
... A64: Total Liabilities And Equity | B64: 27331.1 | C64: 27619 | D64: 25868.3 | E64: 26375.1 | F64: 26064.3
A66: Supplemental Items
A67: Total Shares Out. on Filing Date | B67: 216.78052 | C67: 216.9834 | D67: 216.29107 | E67: 212.60685 | F67: 202.60592
A68: Total Shares Out. on Balance Sheet Date | B68: 216.7 | C68: 217 | D68: 216.3 | E68: 213.3 | F68: 203.2
A69: Book Value/Share | B69: 57.06 | C69: 61.83 | D69: 58.67 | E69: 61.87 | F69: 64.43
A70: Tangible Book Value | B70: -7342.1 | C70: -6022.3 | D70: -5402.3 | E70: -4743.9 | F70: -4685.1
A71: Tangible Book Value/Share | B71: -33.88 | C71: -27.75 | D71: -24.98 | E71: -22.24 | F71: -23.06
A72: Total Debt | B72: 8603.3 | C72: 7466.1 | D72: 6706.3 | E72: 6434.7 | F72: 6354.3
A73: Net Debt | B73: 7833.2 | C73: 6828.7 | D73: 6106.3 | E73: 5565.8 | F73: 5385
A74: Debt Equiv. of Unfunded Proj. Benefit Obligation | B74: -386.9 | C74: -571.7 | D74: -358.8 | E74: -378.8 | F74: -366.9
A75: Debt Equivalent Oper. Leases | B75: 571.2 | C75: 585.6 | D75: 580 | E75: 650.4 | F75: 695.2
A76: Total Minority Interest | B76: 256.3 | C76: 247 | D76: 225.5 | E76: 239.1 | F76: 360.3
A77: Equity Method Investments | B77: NA | C77: NA | D77: NA | E77: 222.7 | F77: 108.9
A78: Inventory Method | B78: FIFO | C78: FIFO | D78: FIFO | E78: FIFO | F78: FIFO
A79: Raw Materials Inventory | B79: 324.9 | C79: 381.4 | D79: 451.9 | E79: 459.2 | F79: 398.2
A80: Work in Progress Inventory | B80: 72.7 | C80: 71.8 | D80: 71.9 | E80: 97.4 | F80: 83.8
A81: Finished Goods Inventory | B81: 266.7 | C81: 351.5 | D81: 269.1 | E81: 245.7 | F81: 245.8
A82: Land | B82: 341.3 | C82: 355.9 | D82: 355.9 | E82: 365.1 | F82: 362.9
A83: Buildings | B83: 1074.8 | C83: 1225.1 | D83: 1205.5 | E83: 1283.4 | F83: 1450.2
A84: Machinery | B84: 4833.6 | C84: 4858.5 | D84: 4897.3 | E84: 5156 | F84: 5479.8
A85: Construction in Progress | B85: 532.1 | C85: 335.2 | D85: 497.4 | E85: 783.7 | F85: 612.1
A86: Natural Resources, at Cost | B86: 3.8 | C86: - | D86: - | E86: - | F86: -
A87: Full Time Employees | B87: 17000 | C87: 16300 | D87: 16600 | E87: 16500 | F87: 16800
A88: Accum. Allowance for Doubtful Accts | B88: 18.1 | C88: 19 | D88: 13.2 | E88: 12.7 | F88: 8.9
A89: Filing Date | B89: 44978 | C89: 45342 | D89: 45706 | E89: 45706 | F89: 45706
A90: Restatement Type | B90: NC | C90: NC | D90: NC | E90: NC | F90: O
A91: Calculation Type | B91: RUP | C91: RUP | D91: RUP | E91: REP | F91: REP
A94: Note: For multiple class companies, total share counts are primary class equivalent, and for foreign companies listed as primary ADRs, total share counts are ADR-equivalent.

Sheet Cash Flow
A5: Molson Coors Beverage Company (NYSE:TAP) > Financials > Cash Flow
A7: In Millions of the reported currency, except per share items. | B7: Template: | C7: Standard | E7: Restatement: | F7: Latest Filings
B8: Period Type: | C8: Annual | E8: Order: | F8: Latest on Right
B9: Currency: | C9: Reported Currency | E9: Conversion: | F9: Historical
B10: Units: | C10: S&P Capital IQ (Default) | E10: Decimals: | F10: Capital IQ (Default)
B11: Source: | C11: Capital IQ & Proprietary Data
A14: Cash Flow
A15: For the Fiscal Period Ending | B15: 2020 | C15: =B15+1 -> 2021 | D15: =C15+1 -> 2022 | E15: =D15+1 -> 2023 | F15: =E15+1 -> 2024
A16: Currency | B16: USD | C16: USD | D16: USD | E16: USD | F16: USD
A18: Net Income | B18: -949 | C18: 1005.7 | D18: -175.3 | E18: 948.9 | F18: 1122.4
A19: Depreciation & Amort. | B19: 589.7 | C19: 552.7 | D19: 476.7 | E19: 475.5 | F19: 459.4
A20: Amort. of Goodwill and Intangibles | B20: 220 | C20: 218 | D20: 208.1 | E20: 207.3 | F20: 206.4
A21: Depreciation & Amort., Total | B21: 809.7 | C21: 770.7 | D21: 684.8 | E21: 682.8 | F21: 665.8
A23: Other Amortization | B23: 8.1 | C23: 6.7 | D23: 7.7 | E23: 5.7 | F23: 5.3
A24: (Gain) Loss From Sale Of Assets | B24: -1415.1 | C24: 9.1 | D24: 18.6 | E24: 181.9 | F24: 51.8
A25: Asset Writedown & Restructuring Costs | B25: 3080.9 | C25: 15.4 | D25: 845 | E25: - | F25: 93.6
A26: (Income) Loss on Equity Invest. | B26: - | C26: - | D26: -4.7 | E26: -12 | F26: -2.7
A27: Stock-Based Compensation | B27: 24.2 | C27: 32.1 | D27: 33.6 | E27: 44.9 | F27: 43.1
A28: Other Operating Activities | B28: 60.8 | C28: -230.1 | D28: 275.5 | E28: 146.4 | F28: 109.1
A29: Change in Acc. Receivable | B29: 160.8 | C29: -137.6 | D29: -108.5 | E29: -0.7 | F29: 39.6
A30: Change In Inventories | B30: -46.2 | C30: -143.9 | D30: -64.6 | E30: 21.7 | F30: 55.1
A31: Change in Acc. Payable | B31: -50.1 | C31: 285.5 | D31: -16.1 | E31: 50.2 | F31: -234.4
A32: Change in Other Net Operating Assets | B32: 11.6 | C32: -40.1 | D32: 6 | E32: 9.2 | F32: -38.4
A33: Cash from Ops. | B33: 1695.7 | C33: 1573.5 | D33: 1502 | E33: 2079 | F33: 1910.3
A35: Capital Expenditure | B35: -574.8 | C35: -522.6 | D35: -661.4 | E35: -671.5 | F35: -674.1
A36: Sale of Property, Plant, and Equipment | B36: 158.8 | C36: 26 | D36: 32.2 | E36: 10.9 | F36: 24.5
A37: Cash Acquisitions | B37: - | C37: - | D37: - | E37: -63.7 | F37: -8.6
A38: Divestitures | B38: - | C38: - | D38: - | E38: - | F38: -
A39: Invest. in Marketable & Equity Securt. | B39: - | C39: - | D39: - | E39: - | F39: -
A40: Net (Inc.) Dec. in Loans Originated/Sold | B40: - | C40: - | D40: - | E40: - | F40: -
A41: Other Investing Activities | B41: 2.4 | C41: -13.3 | D41: 4.1 | E41: -117.4 | F41: 10.2
A42: Cash from Investing | B42: -413.6 | C42: -509.9 | D42: -625.1 | E42: -841.7 | F42: -648
A44: Short Term Debt Issued | B44: - | C44: - | D44: - | E44: - | F44: -
A45: Long-Term Debt Issued | B45: 1.5 | C45: 1.4 | D45: 7 | E45: 7 | F45: 863.7
A46: Total Debt Issued | B46: 1.5 | C46: 1.4 | D46: 7 | E46: 7 | F46: 863.7
A47: Short Term Debt Repaid | B47: - | C47: - | D47: - | E47: - | F47: -
A48: Long-Term Debt Repaid | B48: -918.9 | C48: -1006.6 | D48: -512.8 | E48: -404.8 | F48: -883.8
A49: Total Debt Repaid | B49: -918.9 | C49: -1006.6 | D49: -512.8 | E49: -404.8 | F49: -883.8
A51: Issuance of Common Stock | B51: 4.1 | C51: 4.6 | D51: - | E51: - | F51: -
A52: Repurchase of Common Stock | B52: - | C52: - | D52: -51.5 | E52: -205.8 | F52: -643.4
A54: Common Dividends Paid | B54: -125.3 | C54: -147.8 | D54: -329.3 | E54: -354.7 | F54: -369.2
A55: Total Dividends Paid | B55: -125.3 | C55: -147.8 | D55: -329.3 | E55: -354.7 | F55: -369.2
A57: Special Dividend Paid | B57: - | C57: - | D57: - | E57: - | F57: -
A58: Other Financing Activities | B58: -31.8 | C58: -23.8 | D58: -2.9 | E58: -23.1 | F58: -105.7
A59: Cash from Financing | B59: -1070.4 | C59: -1172.2 | D59: -889.5 | E59: -981.4 | F59: -1138.4
A61: Foreign Exchange Rate Adj. | B61: 35 | C61: -24.1 | D61: -24.8 | E61: 13 | F61: -23.5
A62: Net Change in Cash | B62: 246.7 | C62: -132.7 | D62: -37.4 | E62: 268.9 | F62: 100.4
A64: Supplemental Items
A65: Cash Interest Paid | B65: 271.9 | C65: 256.2 | D65: 240 | E65: 229 | F65: 216
A66: Cash Taxes Paid | B66: 127 | C66: 227 | D66: 76.6 | E66: 244.8 | F66: 227.1
A67: Levered Free Cash Flow | B67: 1050.125 | C67: 796.925 | D67: 656.4 | E67: 1173.7875 | F67: 928.125
A68: Unlevered Free Cash Flow | B68: 1213.65 | C68: 952.9125 | D68: 805.325 | E68: 1314.3375 | F68: 1099.5125
A69: Change in Net Working Capital | B69: -86.3 | C69: 293.1 | D69: -42.7 | E69: -258.7 | F69: 67.1
A70: Net Debt Issued | B70: -917.4 | C70: -1005.2 | D70: -505.8 | E70: -397.8 | F70: -20.1
A71: Filing Date | B71: 44978 | C71: 45342 | D71: 45706 | E71: 45706 | F71: 45706
A72: Restatement Type | B72: NC | C72: NC | D72: NC | E72: NC | F72: O
A73: Calculation Type | B73: REP | C73: REP | D73: REP | E73: REP | F73: REP

Sheet As Reported IS
A1: Molson Coors Beverage Company (NYSE:TAP) > Financials > Income Statement
B3: Template: | C3: As Presented | E3: Restatement: | F3: Latest Filings
B4: Period Type: | C4: Annual | E4: Order: | F4: Latest on Right
B5: Currency: | C5: Reported Currency | E5: Conversion: | F5: Historical
B6: Units: | C6: S&P Capital IQ (Default) | E6: Decimals: | F6: Capital IQ (Default)
B7: Source: | C7: Capital IQ & Proprietary Data
A10: Income Statement
A11: For the Fiscal Period Ending | B11: 2020 | C11: =B11+1 -> 2021 | D11: =C11+1 -> 2022 | E11: =D11+1 -> 2023 | F11: =E11+1 -> 2024
A12: Currency | B12: USD | C12: USD | D12: USD | E12: USD | F12: USD
A13: Units | B13: Millions | C13: Millions | D13: Millions | E13: Millions | F13: Millions
A14: Revenues
A15: Sales | B15: 11723.8 | C15: 12449.9 | D15: 12807.5 | E15: 13884.6 | F15: 13734.3
A16: Less Beer Excise Taxes | B16: -2069.8 | C16: -2170.2 | D16: -2106.5 | E16: -2182.5 | F16: -2107.3
A17: Total Revenues | B17: 9654 | C17: 10279.7 | D17: 10701 | E17: 11702.1 | F17: 11627
A19: Expenses
A20: Cost of Goods Sold | B20: -5885.7 | C20: -6226.3 | D20: -7045.8 | E20: -7333.3 | F20: -7093.6
A21: Other Pension and Postretirement Benefits (costs), Net | B21: 30.3 | C21: 46.4 | D21: 36.6 | E21: 10.2 | F21: -5
A22: Marketing, General and Administrative Expenses | B22: -2437 | C22: -2554.5 | D22: -2618.8 | E22: -2779.9 | F22: -2717.5
A23: Other Operating Income/expense, Net | B23: -255.9 | C23: -44.5 | D23: -38.6 | E23: -162.7 | F23: -65.4
A24: Goodwill Impairments | B24: -1484.3 | C24: - | D24: -845 | E24: - | F24: -
A25: Interest Expense | B25: -274.6 | C25: -260.3 | D25: -250.6 | E25: -234 | F25: -282.7
A26: Interest Income | B26: 3.3 | C26: 2 | D26: 4.3 | E26: 25.4 | F26: 35.4
A27: Equity Income (Loss) | B27: - | C27: - | D27: 4.7 | E27: 12 | F27: 2.7
A28: Other Non-operating Income/expense, Net | B28: 6 | C28: -3.5 | D28: -10.3 | E28: 12.7 | F28: 2.1
A29: Earnings before Taxes | B29: -643.9 | C29: 1239 | D29: -62.5 | E29: 1252.5 | F29: 1503
A31: Taxes and Other Expenses
A32: Provision for Income Tax | B32: -301.8 | C32: -230.5 | D32: -124 | E32: -296.1 | F32: -345.3
A33: Minority Interest (After Tax) | B33: -3.3 | C33: -2.8 | D33: 11.2 | E33: -7.5 | F33: -35.3
A34: Net Income (Loss) | B34: -949 | C34: 1005.7 | D34: -175.3 | E34: 948.9 | F34: 1122.4
A36: Supplementary Info
A37: Gross Profit/loss | B37: 3768.3 | C37: 4053.4 | D37: 3655.2 | E37: 4368.8 | F37: 4533.4
A38: Operating Income (Loss) | B38: -408.9 | C38: 1454.4 | D38: 157.5 | E38: 1438.2 | F38: 1753.2
A39: Basic EPS - Continuing Operations | B39: -4.38 | C39: 4.63 | D39: -0.81 | E39: 4.39 | F39: 5.38
A40: Diluted EPS - Continuing Operations | B40: -4.38 | C40: 4.62 | D40: -0.81 | E40: 4.37 | F40: 5.35
A42: Note: For multiple class companies, per share items are primary class equivalent, and for foreign companies listed as primary ADRs, per share items are ADR-equivalent.

Sheet As Reported BS
A1: Molson Coors Beverage Company (NYSE:TAP) > Financials > Balance Sheet
B3: Template: | C3: As Presented | E3: Restatement: | F3: Latest Filings
B4: Period Type: | C4: Annual | E4: Order: | F4: Latest on Right
B5: Currency: | C5: Reported Currency | E5: Conversion: | F5: Historical
B6: Units: | C6: S&P Capital IQ (Default) | E6: Decimals: | F6: Capital IQ (Default)
B7: Source: | C7: Capital IQ & Proprietary Data
A10: Balance Sheet
A11: Balance Sheet as of: | B11: 2020 | C11: =B11+1 -> 2021 | D11: =C11+1 -> 2022 | E11: =D11+1 -> 2023 | F11: =E11+1 -> 2024
A12: Currency | B12: USD | C12: USD | D12: USD | E12: USD | F12: USD
A13: Units | B13: Millions | C13: Millions | D13: Millions | E13: Millions | F13: Millions
A14: Current Assets
A15: Cash and Cash Equivalents | B15: 770.1 | C15: 637.4 | D15: 600 | E15: 868.9 | F15: 969.3
A16: Trade Receivables Net | B16: 549.6 | C16: 678.9 | D16: 739.8 | E16: 757.8 | F16: 693.1
A17: Other Receivables (Net) | B17: 129.1 | C17: 200.5 | D17: 126.4 | E17: 121.6 | F17: 149.8
A18: Accounts and Notes Receivable-affiliates | B18: 8.4 | C18: - | D18: - | E18: - | F18: -
A19: Inventories (Net) | B19: 664.3 | C19: 804.7 | D19: 792.9 | E19: 802.3 | F19: 727.8
A20: Other Current Assets | B20: 297.3 | C20: 457.2 | D20: 378.9 | E20: 297.9 | F20: 308.4
A21: Total Current Assets | B21: 2418.8 | C21: 2778.7 | D21: 2638 | E21: 2848.5 | F21: 2848.4
A23: Non Current Assets
A24: Property, Plant and Equipment, Net | B24: 4250.3 | C24: 4192.4 | D24: 4222.8 | E24: 4444.5 | F24: 4460.4
A25: Goodwill | B25: 6151 | C25: 6152.6 | D25: 5291.9 | E25: 5325.3 | F25: 5582.3
A26: Other Intangibles | B26: 13556.1 | C26: 13286.8 | D26: 12800.1 | E26: 12614.6 | F26: 12195.2
A27: Other Assets | B27: 954.9 | C27: 1208.5 | D27: 915.5 | E27: 1142.2 | F27: 978
A28: Total Assets | B28: 27331.1 | C28: 27619 | D28: 25868.3 | E28: 26375.1 | F28: 26064.3
A30: Current Liabilities
A31: Accounts Payable and Other Current Liabilities | B31: 2889.5 | C31: 3107.3 | D31: 2978.3 | E31: 3180.8 | F31: 3013
A32: Current Portion of Long-term Debt and Short-term Borrowings | B32: 1020.1 | C32: 514.9 | D32: 397.1 | E32: 911.8 | F32: 32.2
A33: Total Current Liabilities | B33: 3909.6 | C33: 3622.2 | D33: 3375.4 | E33: 4092.6 | F33: 3045.2
A35: Non Current Liabilities
A36: Long-term Debt | B36: 7208.2 | C36: 6647.2 | D36: 6165.2 | E36: 5312.1 | F36: 6113.9
A37: Pension & Post Retirement Benefit | B37: 763.2 | C37: 654.4 | D37: 473.3 | E37: 465.8 | F37: 416.7
A38: Deferred Tax Liabilities | B38: 2381.6 | C38: 2704.6 | D38: 2646.4 | E38: 2697.2 | F38: 2733.4
A39: Minority Interest | B39: 256.3 | C39: 247 | D39: 225.5 | E39: 211.2 | F39: 191.8
A40: Redeemable Noncontrolling Interests | B40: - | C40: - | D40: - | E40: 27.9 | F40: 168.5
A41: Other Liabilities | B41: 447.2 | C41: 326.5 | D41: 292.8 | E41: 372.3 | F41: 302.4
A43: Shareholders' Equity
A44: Common Stock - Par Value | B44: 2.1 | C44: 102.2 | D44: 2.1 | E44: 2.1 | F44: 2.1
A45: Common Stock - Par Value | B45: 102.3 | C45: 417.8 | D45: 102.2 | E45: 100.8 | F45: 100.8
A46: Common Stock - Par Value | B46: 417.8 | C46: 2.1 | D46: 413.3 | E46: 352.3 | F46: 271.1
A47: Additional Paid in Capital | B47: 6937.8 | C47: 6970.9 | D47: 7006.4 | E47: 7108.4 | F47: 7223.6
A48: Treasury Stock - Common | B48: -471.4 | C48: -471.4 | D48: -522.9 | E48: -735.6 | F48: -1380.8
A49: Retained Earnings | B49: 6544.2 | C49: 7401.5 | D49: 6894.1 | E49: 7484.3 | F49: 8238
A50: Accumulated Other Comprehensive Income (Loss) | B50: -1167.8 | C50: -1006 | D50: -1205.5 | E50: -1116.3 | F50: -1362.4
A51: Total Shareholders Equity | B51: 12365 | C51: 13417.1 | D51: 12689.7 | E51: 13196 | F51: 13092.4
A52: Total Liabilities & Shareholders Equity | B52: 27331.1 | C52: 27619 | D52: 25868.3 | E52: 26375.1 | F52: 26064.3
A54: Note: For multiple class companies, total share counts are primary class equivalent, and for foreign companies listed as primary ADRs, total share counts are ADR-equivalent.

Sheet CS Income Statement
A1: Molson Coors Beverage Company (NYSE:TAP) > Financials > Common Size Income Statement (Vertical)
A3: In Millions of the reported currency, except per share items. | B3: Template: | D3: Standard | H3: Restatement: | J3: Latest Filings
B4: Period Type: | D4: Annual | H4: Order: | J4: Latest on Right
B5: Currency: | D5: Reported Currency | H5: Conversion: | J5: Historical
B6: Units: | D6: S&P Capital IQ (Default) | H6: Decimals: | J6: Capital IQ (Default)
B7: Source: | D7: Capital IQ & Proprietary Data
A10: Income Statement
A11: For the Fiscal Period Ending | B11: Reclassified 12 months Dec-31-2019 | D11: Reclassified 12 months Dec-31-2020 | F11: 12 months Dec-31-2021 | H11: Reclassified 12 months Dec-31-2022 | J11: 12 months Dec-31-2023 | L11: 12 months Dec-31-2024 | N11: Commentary on Common Size Income Statement
A12: Currency | B12: USD | D12: USD | F12: USD | H12: USD | J12: USD | L12: USD
A13: Revenue | B13: 10579.4 | C13: =IFERROR(B13/$B$13,"-") -> 1 | D13: 9654 | E13: =IFERROR(D13/$D$13,"") -> 1 | F13: 10279.7 | G13: =IFERROR(F13/$F$13,"") -> 1 | H13: 10701 | I13: =IFERROR(H13/$H$13,"") -> 1 | J13: 11702.1 | K13: =IFERROR(J13/$J$13,"") -> 1 | L13: 11627 | M13: =IFERROR(L13/$L$13,"") -> 1 | N13: Revenue grew steadily from 2020 to 2024 (from $9.65B to $11.63B), showing consistent top-line recovery and expansion following the pandemic dip.
A14: Other Revenue | B14: - | C14: =IFERROR(B14/$B$13,"-") -> - | D14: - | E14: =IFERROR(D14/$D$13,"") | F14: - | G14: =IFERROR(F14/$F$13,"") | H14: - | I14: =IFERROR(H14/$H$13,"") | J14: - | K14: =IFERROR(J14/$J$13,"") | L14: - | M14: =IFERROR(L14/$L$13,"")
A15: Total Revenue | B15: 10579.4 | C15: =IFERROR(B15/$B$13,"-") -> 1 | D15: 9654 | E15: =IFERROR(D15/$D$13,"") -> 1 | F15: 10279.7 | G15: =IFERROR(F15/$F$13,"") -> 1 | H15: 10701 | I15: =IFERROR(H15/$H$13,"") -> 1 | J15: 11702.1 | K15: =IFERROR(J15/$J$13,"") -> 1 | L15: 11627 | M15: =IFERROR(L15/$L$13,"") -> 1
A16: Cost Of Goods Sold | B16: 6378.2 | C16: =IFERROR(B16/$B$13,"-") -> 0.60288863 | D16: 5858.1 | E16: =IFERROR(D16/$D$13,"") -> 0.60680547 | F16: 6226.3 | G16: =IFERROR(F16/$F$13,"") -> 0.60568888 | H16: 7045.8 | I16: =IFERROR(H16/$H$13,"") -> 0.65842445 | J16: 7333.3 | K16: =IFERROR(J16/$J$13,"") -> 0.6266653 | L16: 7093.6 | M16: =IFERROR(L16/$L$13,"") -> 0.61009719 | N16: The temporary rise in COGS likely reflects higher input and packaging costs during global inflationary periods, while the recent improvement signals better cost control and efficiency gains.
A17: Gross Profit | B17: 4201.2 | C17: =IFERROR(B17/$B$13,"-") -> 0.39711137 | D17: 3795.9 | E17: =IFERROR(D17/$D$13,"") -> 0.39319453 | F17: 4053.4 | G17: =IFERROR(F17/$F$13,"") -> 0.39431112 | H17: 3655.2 | I17: =IFERROR(H17/$H$13,"") -> 0.34157555 | J17: 4368.8 | K17: =IFERROR(J17/$J$13,"") -> 0.3733347 | L17: 4533.4 | M17: =IFERROR(L17/$L$13,"") -> 0.38990281
A18: Selling General & Admin Exp. | B18: 2478.9 | C18: =IFERROR(B18/$B$13,"-") -> 0.23431386 | D18: 2186.7 | E18: =IFERROR(D18/$D$13,"") -> 0.22650715 | F18: 2290.1 | G18: =IFERROR(F18/$F$13,"") -> 0.22277887 | H18: 2318.1 | I18: =IFERROR(H18/$H$13,"") -> 0.21662461 | J18: 2562.4 | K18: =IFERROR(J18/$J$13,"") -> 0.21896924 | L18: 2516.1 | M18: =IFERROR(L18/$L$13,"") -> 0.21640148
A19: R & D Exp. | B19: - | C19: =IFERROR(B19/$B$13,"-") -> - | D19: - | E19: =IFERROR(D19/$D$13,"") | F19: - | G19: =IFERROR(F19/$F$13,"") | H19: - | I19: =IFERROR(H19/$H$13,"") | J19: - | K19: =IFERROR(J19/$J$13,"") | L19: - | M19: =IFERROR(L19/$L$13,"")
A20: Depreciation & Amort. | B20: - | C20: =IFERROR(B20/$B$13,"-") -> - | D20: - | E20: =IFERROR(D20/$D$13,"") | F20: - | G20: =IFERROR(F20/$F$13,"") | H20: - | I20: =IFERROR(H20/$H$13,"") | J20: - | K20: =IFERROR(J20/$J$13,"") | L20: - | M20: =IFERROR(L20/$L$13,"")
A21: Amort. of Goodwill and Intangibles | B21: 221.2 | C21: =IFERROR(B21/$B$13,"-") -> 0.020908558 | D21: 220 | E21: =IFERROR(D21/$D$13,"") -> 0.022788481 | F21: 218 | G21: =IFERROR(F21/$F$13,"") -> 0.021206845 | H21: 208.1 | I21: =IFERROR(H21/$H$13,"") -> 0.019446781 | J21: 207.3 | K21: =IFERROR(J21/$J$13,"") -> 0.017714769 | L21: 206.4 | M21: =IFERROR(L21/$L$13,"") -> 0.017751785
A22: Other Operating Expense/(Income) | B22: - | C22: =IFERROR(B22/$B$13,"-") -> - | D22: - | E22: =IFERROR(D22/$D$13,"") | F22: - | G22: =IFERROR(F22/$F$13,"") | H22: - | I22: =IFERROR(H22/$H$13,"") | J22: - | K22: =IFERROR(J22/$J$13,"") | L22: - | M22: =IFERROR(L22/$L$13,"")
A23: Other Operating Exp., Total | B23: 2700.1 | C23: =IFERROR(B23/$B$13,"-") -> 0.25522241 | D23: 2406.7 | E23: =IFERROR(D23/$D$13,"") -> 0.24929563 | F23: 2508.1 | G23: =IFERROR(F23/$F$13,"") -> 0.24398572 | H23: 2526.2 | I23: =IFERROR(H23/$H$13,"") -> 0.2360714 | J23: 2769.7 | K23: =IFERROR(J23/$J$13,"") -> 0.23668401 | L23: 2722.5 | M23: =IFERROR(L23/$L$13,"") -> 0.23415326
A24: Operating Income | B24: 1501.1 | C24: =IFERROR(B24/$B$13,"-") -> 0.14188895 | D24: 1389.2 | E24: =IFERROR(D24/$D$13,"") -> 0.1438989 | F24: 1545.3 | G24: =IFERROR(F24/$F$13,"") -> 0.1503254 | H24: 1129 | I24: =IFERROR(H24/$H$13,"") -> 0.10550416 | J24: 1599.1 | K24: =IFERROR(J24/$J$13,"") -> 0.13665069 | L24: 1810.9 | M24: =IFERROR(L24/$L$13,"") -> 0.15574955
A25: Interest Expense | B25: -280.9 | C25: =IFERROR(B25/$B$13,"-") -> -0.0265516 | D25: -274.6 | E25: =IFERROR(D25/$D$13,"") -> -0.028444168 | F25: -260.3 | G25: =IFERROR(F25/$F$13,"") -> -0.025321751 | H25: -250.6 | I25: =IFERROR(H25/$H$13,"") -> -0.023418372 | J25: -234 | K25: =IFERROR(J25/$J$13,"") -> -0.019996411 | L25: -282.7 | M25: =IFERROR(L25/$L$13,"") -> -0.024314096
A26: Interest and Invest. Income | B26: 8.2 | C26: =IFERROR(B26/$B$13,"-") -> 0.00077509122 | D26: 3.3 | E26: =IFERROR(D26/$D$13,"") -> 0.00034182722 | F26: 2 | G26: =IFERROR(F26/$F$13,"") -> 0.00019455821 | H26: 4.3 | I26: =IFERROR(H26/$H$13,"") -> 0.0004018316 | J26: 25.4 | K26: =IFERROR(J26/$J$13,"") -> 0.0021705506 | L26: 35.4 | M26: =IFERROR(L26/$L$13,"") -> 0.0030446375
A27: Net Interest Exp. | B27: -272.7 | C27: =IFERROR(B27/$B$13,"-") -> -0.025776509 | D27: -271.3 | E27: =IFERROR(D27/$D$13,"") -> -0.028102341 | F27: -258.3 | G27: =IFERROR(F27/$F$13,"") -> -0.025127192 | H27: -246.3 | I27: =IFERROR(H27/$H$13,"") -> -0.023016541 | J27: -208.6 | K27: =IFERROR(J27/$J$13,"") -> -0.01782586 | L27: -247.3 | M27: =IFERROR(L27/$L$13,"") -> -0.021269459 | N27: From 2.6% in 2019 to 2.1% in 2024, net interest expense decreased somewhat as a proportion of revenue. This pattern points to decreased borrowing costs or leverage, which would enhance Coors' interest coverage and general stability.
A28: Income/(Loss) from Affiliates | B28: - | C28: =IFERROR(B28/$B$13,"-") -> - | D28: - | E28: =IFERROR(D28/$D$13,"") | F28: - | G28: =IFERROR(F28/$F$13,"") | H28: 4.7 | I28: =IFERROR(H28/$H$13,"") -> 0.00043921129 | J28: 12 | K28: =IFERROR(J28/$J$13,"") -> 0.001025457 | L28: 2.7 | M28: =IFERROR(L28/$L$13,"") -> 0.00023221811
A29: Currency Exchange Gains (Loss) | B29: -2.6 | C29: =IFERROR(B29/$B$13,"-") -> -0.00024576063 | D29: - | E29: =IFERROR(D29/$D$13,"") | F29: 0.8 | G29: =IFERROR(F29/$F$13,"") -> 7.7823283e-05 | H29: -0.4 | I29: =IFERROR(H29/$H$13,"") -> -3.7379684e-05 | J29: -3.7 | K29: =IFERROR(J29/$J$13,"") -> -0.00031618257 | L29: -0.7 | M29: =IFERROR(L29/$L$13,"") -> -6.0204696e-05
A30: Other Non-Operating Inc. (Exp.) | B30: 4.2 | C30: =IFERROR(B30/$B$13,"-") -> 0.00039699794 | D30: 8.4 | E30: =IFERROR(D30/$D$13,"") -> 0.00087010566 | F30: -4 | G30: =IFERROR(F30/$F$13,"") -> -0.00038911641 | H30: -9.9 | I30: =IFERROR(H30/$H$13,"") -> -0.00092514718 | J30: 16.4 | K30: =IFERROR(J30/$J$13,"") -> 0.0014014579 | L30: 2.8 | M30: =IFERROR(L30/$L$13,"") -> 0.00024081878
A31: EBT Excl. Unusual Items | B31: 1230 | C31: =IFERROR(B31/$B$13,"-") -> 0.11626368 | D31: 1126.3 | E31: =IFERROR(D31/$D$13,"") -> 0.11666667 | F31: 1283.8 | G31: =IFERROR(F31/$F$13,"") -> 0.12488691 | H31: 877.1 | I31: =IFERROR(H31/$H$13,"") -> 0.081964302 | J31: 1415.2 | K31: =IFERROR(J31/$J$13,"") -> 0.12093556 | L31: 1568.4 | M31: =IFERROR(L31/$L$13,"") -> 0.13489292
A32: Restructuring Charges | B32: -92.4 | C32: =IFERROR(B32/$B$13,"-") -> -0.0087339547 | D32: -187.1 | E32: =IFERROR(D32/$D$13,"") -> -0.019380568 | F32: -37.6 | G32: =IFERROR(F32/$F$13,"") -> -0.0036576943 | H32: -9.1 | I32: =IFERROR(H32/$H$13,"") -> -0.00085038781 | J32: -4.1 | K32: =IFERROR(J32/$J$13,"") -> -0.00035036446 | L32: -200.4 | M32: =IFERROR(L32/$L$13,"") -> -0.017235744
A33: Merger & Related Restruct. Charges | B33: -25 | C33: =IFERROR(B33/$B$13,"-") -> -0.002363083 | D33: - | E33: =IFERROR(D33/$D$13,"") | F33: - | G33: =IFERROR(F33/$F$13,"") | H33: - | I33: =IFERROR(H33/$H$13,"") | J33: - | K33: =IFERROR(J33/$J$13,"") | L33: - | M33: =IFERROR(L33/$L$13,"")
A34: Impairment of Goodwill | B34: -674.4 | C34: =IFERROR(B34/$B$13,"-") -> -0.063746526 | D34: -1484.3 | E34: =IFERROR(D34/$D$13,"") -> -0.15374974 | F34: - | G34: =IFERROR(F34/$F$13,"") | H34: -845 | I34: =IFERROR(H34/$H$13,"") -> -0.078964583 | J34: - | K34: =IFERROR(J34/$J$13,"") | L34: - | M34: =IFERROR(L34/$L$13,"")
A35: Gain (Loss) On Sale Of Invest. | B35: -16.3 | C35: =IFERROR(B35/$B$13,"-") -> -0.0015407301 | D35: -2.4 | E35: =IFERROR(D35/$D$13,"") -> -0.00024860162 | F35: -0.3 | G35: =IFERROR(F35/$F$13,"") -> -2.9183731e-05 | H35: - | I35: =IFERROR(H35/$H$13,"") | J35: - | K35: =IFERROR(J35/$J$13,"") | L35: 77.9 | M35: =IFERROR(L35/$L$13,"") -> 0.0066999226
A36: Gain (Loss) On Sale Of Assets | B36: - | C36: =IFERROR(B36/$B$13,"-") -> - | D36: 2.7 | E36: =IFERROR(D36/$D$13,"") -> 0.00027967682 | F36: 6.6 | G36: =IFERROR(F36/$F$13,"") -> 0.00064204208 | H36: 6.8 | I36: =IFERROR(H36/$H$13,"") -> 0.00063545463 | J36: 2.2 | K36: =IFERROR(J36/$J$13,"") -> 0.00018800044 | L36: 57.1 | M36: =IFERROR(L36/$L$13,"") -> 0.0049109831
A37: Asset Writedown | B37: -9.5 | C37: =IFERROR(B37/$B$13,"-") -> -0.00089797153 | D37: -71.5 | E37: =IFERROR(D37/$D$13,"") -> -0.0074062565 | F37: -13.5 | G37: =IFERROR(F37/$F$13,"") -> -0.0013132679 | H37: -36.3 | I37: =IFERROR(H37/$H$13,"") -> -0.0033922063 | J37: -160.8 | K37: =IFERROR(J37/$J$13,"") -> -0.013741123 | L37: - | M37: =IFERROR(L37/$L$13,"")
A38: Legal Settlements | B38: - | C38: =IFERROR(B38/$B$13,"-") -> - | D38: - | E38: =IFERROR(D38/$D$13,"") | F38: - | G38: =IFERROR(F38/$F$13,"") | H38: -56 | I38: =IFERROR(H38/$H$13,"") -> -0.0052331558 | J38: - | K38: =IFERROR(J38/$J$13,"") | L38: - | M38: =IFERROR(L38/$L$13,"")
A39: Other Unusual Items | B39: 67.5 | C39: =IFERROR(B39/$B$13,"-") -> 0.006380324 | D39: -27.6 | E39: =IFERROR(D39/$D$13,"") -> -0.0028589186 | F39: - | G39: =IFERROR(F39/$F$13,"") | H39: - | I39: =IFERROR(H39/$H$13,"") | J39: - | K39: =IFERROR(J39/$J$13,"") | L39: - | M39: =IFERROR(L39/$L$13,"")
A40: EBT Incl. Unusual Items | B40: 479.9 | C40: =IFERROR(B40/$B$13,"-") -> 0.045361741 | D40: -643.9 | E40: =IFERROR(D40/$D$13,"") -> -0.066697742 | F40: 1239 | G40: =IFERROR(F40/$F$13,"") -> 0.12052881 | H40: -62.5 | I40: =IFERROR(H40/$H$13,"") -> -0.0058405756 | J40: 1252.5 | K40: =IFERROR(J40/$J$13,"") -> 0.10703207 | L40: 1503 | M40: =IFERROR(L40/$L$13,"") -> 0.12926808 | N40: Coors has achieved strong bottom-line recovery, driven by improved cost efficiency and stable revenue growth. Profitability is now near pre-pandemic levels, signaling effective management execution.
A41: Income Tax Expense | B41: 233.7 | C41: =IFERROR(B41/$B$13,"-") -> 0.0220901 | D41: 301.8 | E41: =IFERROR(D41/$D$13,"") -> 0.031261653 | F41: 230.5 | G41: =IFERROR(F41/$F$13,"") -> 0.022422833 | H41: 124 | I41: =IFERROR(H41/$H$13,"") -> 0.011587702 | J41: 296.1 | K41: =IFERROR(J41/$J$13,"") -> 0.025303151 | L41: 345.3 | M41: =IFERROR(L41/$L$13,"") -> 0.029698116
A42: Earnings from Cont. Ops. | B42: 246.2 | C42: =IFERROR(B42/$B$13,"-") -> 0.023271641 | D42: -945.7 | E42: =IFERROR(D42/$D$13,"") -> -0.097959395 | F42: 1008.5 | G42: =IFERROR(F42/$F$13,"") -> 0.098105976 | H42: -186.5 | I42: =IFERROR(H42/$H$13,"") -> -0.017428278 | J42: 956.4 | K42: =IFERROR(J42/$J$13,"") -> 0.08172892 | L42: 1157.7 | M42: =IFERROR(L42/$L$13,"") -> 0.099569966
A43: Earnings of Discontinued Ops. | B43: - | C43: =IFERROR(B43/$B$13,"-") -> - | D43: - | E43: =IFERROR(D43/$D$13,"") | F43: - | G43: =IFERROR(F43/$F$13,"") | H43: - | I43: =IFERROR(H43/$H$13,"") | J43: - | K43: =IFERROR(J43/$J$13,"") | L43: - | M43: =IFERROR(L43/$L$13,"")
A44: Extraord. Item & Account. Change | B44: - | C44: =IFERROR(B44/$B$13,"-") -> - | D44: - | E44: =IFERROR(D44/$D$13,"") | F44: - | G44: =IFERROR(F44/$F$13,"") | H44: - | I44: =IFERROR(H44/$H$13,"") | J44: - | K44: =IFERROR(J44/$J$13,"") | L44: - | M44: =IFERROR(L44/$L$13,"")
A45: Net Income to Company | B45: 246.2 | C45: =IFERROR(B45/$B$13,"-") -> 0.023271641 | D45: -945.7 | E45: =IFERROR(D45/$D$13,"") -> -0.097959395 | F45: 1008.5 | G45: =IFERROR(F45/$F$13,"") -> 0.098105976 | H45: -186.5 | I45: =IFERROR(H45/$H$13,"") -> -0.017428278 | J45: 956.4 | K45: =IFERROR(J45/$J$13,"") -> 0.08172892 | L45: 1157.7 | M45: =IFERROR(L45/$L$13,"") -> 0.099569966
A46: Minority Int. in Earnings | B46: -4.5 | C46: =IFERROR(B46/$B$13,"-") -> -0.00042535494 | D46: -3.3 | E46: =IFERROR(D46/$D$13,"") -> -0.00034182722 | F46: -2.8 | G46: =IFERROR(F46/$F$13,"") -> -0.00027238149 | H46: 11.2 | I46: =IFERROR(H46/$H$13,"") -> 0.0010466312 | J46: -7.5 | K46: =IFERROR(J46/$J$13,"") -> -0.00064091061 | L46: -35.3 | M46: =IFERROR(L46/$L$13,"") -> -0.0030360368
A47: Net Income | B47: 241.7 | C47: =IFERROR(B47/$B$13,"-") -> 0.022846286 | D47: -949 | E47: =IFERROR(D47/$D$13,"") -> -0.098301222 | F47: 1005.7 | G47: =IFERROR(F47/$F$13,"") -> 0.097833594 | H47: -175.3 | I47: =IFERROR(H47/$H$13,"") -> -0.016381647 | J47: 948.9 | K47: =IFERROR(J47/$J$13,"") -> 0.08108801 | L47: 1122.4 | M47: =IFERROR(L47/$L$13,"") -> 0.09653393 | N47: Has recovered from the pandemic dip, resulting in steady income from their continued operations.
A48: Pref. Dividends and Other Adj. | B48: - | C48: =IFERROR(B48/$B$13,"-") -> - | D48: - | E48: =IFERROR(D48/$D$13,"") | F48: - | G48: =IFERROR(F48/$F$13,"") | H48: - | I48: =IFERROR(H48/$H$13,"") | J48: - | K48: =IFERROR(J48/$J$13,"") | L48: - | M48: =IFERROR(L48/$L$13,"")
A49: NI to Common Incl Extra Items | B49: 241.7 | C49: =IFERROR(B49/$B$13,"-") -> 0.022846286 | D49: -949 | E49: =IFERROR(D49/$D$13,"") -> -0.098301222 | F49: 1005.7 | G49: =IFERROR(F49/$F$13,"") -> 0.097833594 | H49: -175.3 | I49: =IFERROR(H49/$H$13,"") -> -0.016381647 | J49: 948.9 | K49: =IFERROR(J49/$J$13,"") -> 0.08108801 | L49: 1122.4 | M49: =IFERROR(L49/$L$13,"") -> 0.09653393
A50: NI to Common Excl. Extra Items | B50: 241.7 | C50: =IFERROR(B50/$B$13,"-") -> 0.022846286 | D50: -949 | E50: =IFERROR(D50/$D$13,"") -> -0.098301222 | F50: 1005.7 | G50: =IFERROR(F50/$F$13,"") -> 0.097833594 | H50: -175.3 | I50: =IFERROR(H50/$H$13,"") -> -0.016381647 | J50: 948.9 | K50: =IFERROR(J50/$J$13,"") -> 0.08108801 | L50: 1122.4 | M50: =IFERROR(L50/$L$13,"") -> 0.09653393
A51: Per Share Items | C51: =IFERROR(B51/$B$13,"-") -> 0 | E51: =IFERROR(D51/$D$13,"") -> 0 | G51: =IFERROR(F51/$F$13,"") -> 0 | I51: =IFERROR(H51/$H$13,"") -> 0 | K51: =IFERROR(J51/$J$13,"") -> 0 | M51: =IFERROR(L51/$L$13,"") -> 0
A52: Basic EPS | B52: 1.12 | C52: =IFERROR(B52/$B$13,"-") -> 0.00010586612 | D52: -4.38 | E52: =IFERROR(D52/$D$13,"") -> -0.00045369795 | F52: 4.63 | G52: =IFERROR(F52/$F$13,"") -> 0.00045040225 | H52: -0.81 | I52: =IFERROR(H52/$H$13,"") -> -7.569386e-05 | J52: 4.39 | K52: =IFERROR(J52/$J$13,"") -> 0.00037514634 | L52: 5.38 | M52: =IFERROR(L52/$L$13,"") -> 0.00046271609
A53: Basic EPS Excl. Extra Items | B53: 1.115881 | C53: =IFERROR(B53/$B$13,"-") -> 0.00010547678 | D53: -4.38 | E53: =IFERROR(D53/$D$13,"") -> -0.00045369795 | F53: 4.632427 | G53: =IFERROR(F53/$F$13,"") -> 0.00045063835 | H53: -0.81 | I53: =IFERROR(H53/$H$13,"") -> -7.569386e-05 | J53: 4.393055 | K53: =IFERROR(J53/$J$13,"") -> 0.00037540741 | L53: 5.375478 | M53: =IFERROR(L53/$L$13,"") -> 0.00046232717
A54: Weighted Avg. Basic Shares Out. | B54: 216.6 | C54: =IFERROR(B54/$B$13,"-") -> 0.020473751 | D54: 216.8 | E54: =IFERROR(D54/$D$13,"") -> 0.022457013 | F54: 217.1 | G54: =IFERROR(F54/$F$13,"") -> 0.021119293 | H54: 216.9 | I54: =IFERROR(H54/$H$13,"") -> 0.020269134 | J54: 216 | K54: =IFERROR(J54/$J$13,"") -> 0.018458225 | L54: 208.8 | M54: =IFERROR(L54/$L$13,"") -> 0.017958201
A55: Diluted EPS | B55: 1.11 | C55: =IFERROR(B55/$B$13,"-") -> 0.00010492088 | D55: -4.38 | E55: =IFERROR(D55/$D$13,"") -> -0.00045369795 | F55: 4.62 | G55: =IFERROR(F55/$F$13,"") -> 0.00044942946 | H55: -0.81 | I55: =IFERROR(H55/$H$13,"") -> -7.569386e-05 | J55: 4.37 | K55: =IFERROR(J55/$J$13,"") -> 0.00037343725 | L55: 5.35 | M55: =IFERROR(L55/$L$13,"") -> 0.00046013589
A56: Diluted EPS Excl. Extra Items | B56: 1.11 | C56: =IFERROR(B56/$B$13,"-") -> 0.00010492088 | D56: -4.38 | E56: =IFERROR(D56/$D$13,"") -> -0.00045369795 | F56: 4.62 | G56: =IFERROR(F56/$F$13,"") -> 0.00044942946 | H56: -0.81 | I56: =IFERROR(H56/$H$13,"") -> -7.569386e-05 | J56: 4.37 | K56: =IFERROR(J56/$J$13,"") -> 0.00037343725 | L56: 5.35 | M56: =IFERROR(L56/$L$13,"") -> 0.00046013589
A57: Weighted Avg. Diluted Shares Out. | B57: 216.9 | C57: =IFERROR(B57/$B$13,"-") -> 0.020502108 | D57: 216.8 | E57: =IFERROR(D57/$D$13,"") -> 0.022457013 | F57: 217.6 | G57: =IFERROR(F57/$F$13,"") -> 0.021167933 | H57: 216.9 | I57: =IFERROR(H57/$H$13,"") -> 0.020269134 | J57: 217.3 | K57: =IFERROR(J57/$J$13,"") -> 0.018569317 | L57: 209.9 | M57: =IFERROR(L57/$L$13,"") -> 0.018052808
A58: Normalized Basic EPS | B58: 3.53 | C58: =IFERROR(B58/$B$13,"-") -> 0.00033366732 | D58: 3.23 | E58: =IFERROR(D58/$D$13,"") -> 0.00033457634 | F58: 3.68 | G58: =IFERROR(F58/$F$13,"") -> 0.0003579871 | H58: 2.58 | I58: =IFERROR(H58/$H$13,"") -> 0.00024109896 | J58: 4.06 | K58: =IFERROR(J58/$J$13,"") -> 0.00034694627 | L58: 4.53 | M58: =IFERROR(L58/$L$13,"") -> 0.00038961039
A59: Normalized Diluted EPS | B59: 3.523513 | C59: =IFERROR(B59/$B$13,"-") -> 0.00033305414 | D59: 3.231722 | E59: =IFERROR(D59/$D$13,"") -> 0.00033475471 | F59: 3.674517 | G59: =IFERROR(F59/$F$13,"") -> 0.00035745372 | H59: 2.579011 | I59: =IFERROR(H59/$H$13,"") -> 0.00024100654 | J59: 4.035895 | K59: =IFERROR(J59/$J$13,"") -> 0.00034488639 | L59: 4.501905 | M59: =IFERROR(L59/$L$13,"") -> 0.00038719403
A60: Dividends per Share | B60: 1.96 | C60: =IFERROR(B60/$B$13,"-") -> 0.00018526571 | D60: 0.57 | E60: =IFERROR(D60/$D$13,"") -> 5.9042884e-05 | F60: 0.68 | G60: =IFERROR(F60/$F$13,"") -> 6.614979e-05 | H60: 1.52 | I60: =IFERROR(H60/$H$13,"") -> 0.0001420428 | J60: 1.64 | K60: =IFERROR(J60/$J$13,"") -> 0.00014014579 | L60: 1.76 | M60: =IFERROR(L60/$L$13,"") -> 0.00015137181
A61: Payout Ratio % | B61: 1.755895 | C61: =IFERROR(B61/$B$13,"-") -> 0.00016597302 | D61: NM | E61: =IFERROR(D61/$D$13,"") | F61: 0.146962 | G61: =IFERROR(F61/$F$13,"") -> 1.4296332e-05 | H61: NM | I61: =IFERROR(H61/$H$13,"") | J61: 0.373801 | K61: =IFERROR(J61/$J$13,"") -> 3.194307e-05 | L61: 0.328937 | M61: =IFERROR(L61/$L$13,"") -> 2.8290789e-05
A62: Shares per Depository Receipt | B62: 1 | C62: =IFERROR(B62/$B$13,"-") -> 9.4523319e-05 | D62: 1 | E62: =IFERROR(D62/$D$13,"") -> 0.00010358401 | F62: 1 | G62: =IFERROR(F62/$F$13,"") -> 9.7279103e-05 | H62: 1 | I62: =IFERROR(H62/$H$13,"") -> 9.344921e-05 | J62: 1 | K62: =IFERROR(J62/$J$13,"") -> 8.5454747e-05 | L62: 1 | M62: =IFERROR(L62/$L$13,"") -> 8.6006709e-05
C63: =IFERROR(B63/$B$13,"-") -> 0 | E63: =IFERROR(D63/$D$13,"") -> 0 | G63: =IFERROR(F63/$F$13,"") -> 0 | I63: =IFERROR(H63/$H$13,"") -> 0 | K63: =IFERROR(J63/$J$13,"") -> 0 | M63: =IFERROR(L63/$L$13,"") -> 0
A64: Supplemental Items | C64: =IFERROR(B64/$B$13,"-") -> 0 | E64: =IFERROR(D64/$D$13,"") -> 0 | G64: =IFERROR(F64/$F$13,"") -> 0 | I64: =IFERROR(H64/$H$13,"") -> 0 | K64: =IFERROR(J64/$J$13,"") -> 0 | M64: =IFERROR(L64/$L$13,"") -> 0
A65: EBITDA | B65: 2328.4 | C65: =IFERROR(B65/$B$13,"-") -> 0.2200881 | D65: 2198.9 | E65: =IFERROR(D65/$D$13,"") -> 0.22777087 | F65: 2316 | G65: =IFERROR(F65/$F$13,"") -> 0.2252984 | H65: 1813.8 | I65: =IFERROR(H65/$H$13,"") -> 0.16949818 | J65: 2281.9 | K65: =IFERROR(J65/$J$13,"") -> 0.19499919 | L65: 2476.7 | M65: =IFERROR(L65/$L$13,"") -> 0.21301281
A66: EBITA | B66: 1722.3 | C66: =IFERROR(B66/$B$13,"-") -> 0.16279751 | D66: 1609.2 | E66: =IFERROR(D66/$D$13,"") -> 0.16668738 | F66: 1763.3 | G66: =IFERROR(F66/$F$13,"") -> 0.17153224 | H66: 1337.1 | I66: =IFERROR(H66/$H$13,"") -> 0.12495094 | J66: 1806.4 | K66: =IFERROR(J66/$J$13,"") -> 0.15436546 | L66: 2017.3 | M66: =IFERROR(L66/$L$13,"") -> 0.17350133
A67: EBIT | B67: 1501.1 | C67: =IFERROR(B67/$B$13,"-") -> 0.14188895 | D67: 1389.2 | E67: =IFERROR(D67/$D$13,"") -> 0.1438989 | F67: 1545.3 | G67: =IFERROR(F67/$F$13,"") -> 0.1503254 | H67: 1129 | I67: =IFERROR(H67/$H$13,"") -> 0.10550416 | J67: 1599.1 | K67: =IFERROR(J67/$J$13,"") -> 0.13665069 | L67: 1810.9 | M67: =IFERROR(L67/$L$13,"") -> 0.15574955 | N67: The rebound in EBIT margin highlights improved profitability and operational efficiency post-2022
A68: EBITDAR | B68: 2399.4 | C68: =IFERROR(B68/$B$13,"-") -> 0.22679925 | D68: 2270.3 | E68: =IFERROR(D68/$D$13,"") -> 0.23516677 | F68: 2389.2 | G68: =IFERROR(F68/$F$13,"") -> 0.23241923 | H68: 1886.3 | I68: =IFERROR(H68/$H$13,"") -> 0.17627325 | J68: 2363.2 | K68: =IFERROR(J68/$J$13,"") -> 0.20194666 | L68: 2563.6 | M68: =IFERROR(L68/$L$13,"") -> 0.2204868
A69: As Reported Total Revenue* | B69: 10579.4 | C69: =IFERROR(B69/$B$13,"-") -> 1 | D69: 9654 | E69: =IFERROR(D69/$D$13,"") -> 1 | F69: 10279.7 | G69: =IFERROR(F69/$F$13,"") -> 1 | H69: 10701 | I69: =IFERROR(H69/$H$13,"") -> 1 | J69: 11702.1 | K69: =IFERROR(J69/$J$13,"") -> 1 | L69: 11627 | M69: =IFERROR(L69/$L$13,"") -> 1
A70: Effective Tax Rate % | B70: 0.486976 | C70: =IFERROR(B70/$B$13,"-") -> 4.6030588e-05 | D70: NM | E70: =IFERROR(D70/$D$13,"") | F70: 0.186037 | G70: =IFERROR(F70/$F$13,"") -> 1.8097513e-05 | H70: NM | I70: =IFERROR(H70/$H$13,"") | J70: 0.236407 | K70: =IFERROR(J70/$J$13,"") -> 2.02021e-05 | L70: 0.22974 | M70: =IFERROR(L70/$L$13,"") -> 1.9759181e-05
A71: Current Domestic Taxes | B71: 78.5 | C71: =IFERROR(B71/$B$13,"-") -> 0.0074200805 | D71: 84.2 | E71: =IFERROR(D71/$D$13,"") -> 0.0087217734 | F71: 50.6 | G71: =IFERROR(F71/$F$13,"") -> 0.0049223226 | H71: 168.4 | I71: =IFERROR(H71/$H$13,"") -> 0.015736847 | J71: 222.8 | K71: =IFERROR(J71/$J$13,"") -> 0.019039318 | L71: 173.3 | M71: =IFERROR(L71/$L$13,"") -> 0.014904963
A72: Current Foreign Taxes | B72: 46.7 | C72: =IFERROR(B72/$B$13,"-") -> 0.004414239 | D72: 111.4 | E72: =IFERROR(D72/$D$13,"") -> 0.011539258 | F72: -1 | G72: =IFERROR(F72/$F$13,"") -> -9.7279103e-05 | H72: -17.2 | I72: =IFERROR(H72/$H$13,"") -> -0.0016073264 | J72: 37.3 | K72: =IFERROR(J72/$J$13,"") -> 0.0031874621 | L72: 54.5 | M72: =IFERROR(L72/$L$13,"") -> 0.0046873656
A73: Total Current Taxes | B73: 125.2 | C73: =IFERROR(B73/$B$13,"-") -> 0.01183432 | D73: 195.6 | E73: =IFERROR(D73/$D$13,"") -> 0.020261032 | F73: 49.6 | G73: =IFERROR(F73/$F$13,"") -> 0.0048250435 | H73: 151.2 | I73: =IFERROR(H73/$H$13,"") -> 0.014129521 | J73: 260.1 | K73: =IFERROR(J73/$J$13,"") -> 0.02222678 | L73: 227.8 | M73: =IFERROR(L73/$L$13,"") -> 0.019592328
A74: Deferred Domestic Taxes | B74: 150.5 | C74: =IFERROR(B74/$B$13,"-") -> 0.014225759 | D74: 121.4 | E74: =IFERROR(D74/$D$13,"") -> 0.012575098 | F74: 233.9 | G74: =IFERROR(F74/$F$13,"") -> 0.022753582 | H74: 30.2 | I74: =IFERROR(H74/$H$13,"") -> 0.0028221662 | J74: 102.8 | K74: =IFERROR(J74/$J$13,"") -> 0.008784748 | L74: 123 | M74: =IFERROR(L74/$L$13,"") -> 0.010578825
A75: Deferred Foreign Taxes | B75: -42 | C75: =IFERROR(B75/$B$13,"-") -> -0.0039699794 | D75: -15.2 | E75: =IFERROR(D75/$D$13,"") -> -0.0015744769 | F75: -53 | G75: =IFERROR(F75/$F$13,"") -> -0.0051557925 | H75: -57.4 | I75: =IFERROR(H75/$H$13,"") -> -0.0053639847 | J75: -66.8 | K75: =IFERROR(J75/$J$13,"") -> -0.0057083771 | L75: -5.5 | M75: =IFERROR(L75/$L$13,"") -> -0.0004730369
A76: Total Deferred Taxes | B76: 108.5 | C76: =IFERROR(B76/$B$13,"-") -> 0.01025578 | D76: 106.2 | E76: =IFERROR(D76/$D$13,"") -> 0.011000622 | F76: 180.9 | G76: =IFERROR(F76/$F$13,"") -> 0.01759779 | H76: -27.2 | I76: =IFERROR(H76/$H$13,"") -> -0.0025418185 | J76: 36 | K76: =IFERROR(J76/$J$13,"") -> 0.0030763709 | L76: 117.5 | M76: =IFERROR(L76/$L$13,"") -> 0.010105788
C77: =IFERROR(B77/$B$13,"-") -> 0 | E77: =IFERROR(D77/$D$13,"") -> 0 | G77: =IFERROR(F77/$F$13,"") -> 0 | I77: =IFERROR(H77/$H$13,"") -> 0 | K77: =IFERROR(J77/$J$13,"") -> 0 | M77: =IFERROR(L77/$L$13,"") -> 0
A78: Normalized Net Income | B78: 764.25 | C78: =IFERROR(B78/$B$13,"-") -> 0.072239446 | D78: 700.6375 | E78: =IFERROR(D78/$D$13,"") -> 0.072574839 | F78: 799.575 | G78: =IFERROR(F78/$F$13,"") -> 0.077781939 | H78: 559.3875 | I78: =IFERROR(H78/$H$13,"") -> 0.05227432 | J78: 877 | K78: =IFERROR(J78/$J$13,"") -> 0.074943814 | L78: 944.95 | M78: =IFERROR(L78/$L$13,"") -> 0.081272039
A79: Interest Capitalized | B79: 8.3 | C79: =IFERROR(B79/$B$13,"-") -> 0.00078454355 | D79: 7.7 | E79: =IFERROR(D79/$D$13,"") -> 0.00079759685 | F79: 8.8 | G79: =IFERROR(F79/$F$13,"") -> 0.00085605611 | H79: 6.8 | I79: =IFERROR(H79/$H$13,"") -> 0.00063545463 | J79: 9.4 | K79: =IFERROR(J79/$J$13,"") -> 0.00080327463 | L79: 12.4 | M79: =IFERROR(L79/$L$13,"") -> 0.0010664832
A80: Non-Cash Pension Expense | B80: -14.1 | C80: =IFERROR(B80/$B$13,"-") -> -0.0013327788 | D80: -34.1 | E80: =IFERROR(D80/$D$13,"") -> -0.0035322146 | F80: -53.6 | G80: =IFERROR(F80/$F$13,"") -> -0.0052141599 | H80: -41.8 | I80: =IFERROR(H80/$H$13,"") -> -0.003906177 | J80: -0.3 | K80: =IFERROR(J80/$J$13,"") -> -2.5636424e-05 | L80: 12.3 | M80: =IFERROR(L80/$L$13,"") -> 0.0010578825
A81: Filing Date | B81: 44615 | C81: =IFERROR(B81/$B$13,"-") -> 4.2171579 | D81: 44978 | E81: =IFERROR(D81/$D$13,"") -> 4.6590015 | F81: 45342 | G81: =IFERROR(F81/$F$13,"") -> 4.4108291 | H81: 45706 | I81: =IFERROR(H81/$H$13,"") -> 4.2711896 | J81: 45706 | K81: =IFERROR(J81/$J$13,"") -> 3.9057947 | L81: 45706 | M81: =IFERROR(L81/$L$13,"") -> 3.9310226
A82: Restatement Type | B82: RC | C82: =IFERROR(B82/$B$13,"-") -> - | D82: RC | E82: =IFERROR(D82/$D$13,"") | F82: NC | G82: =IFERROR(F82/$F$13,"") | H82: RC | I82: =IFERROR(H82/$H$13,"") | J82: NC | K82: =IFERROR(J82/$J$13,"") | L82: O | M82: =IFERROR(L82/$L$13,"")
A83: Calculation Type | B83: REP | C83: =IFERROR(B83/$B$13,"-") -> - | D83: REP | E83: =IFERROR(D83/$D$13,"") | F83: REP | G83: =IFERROR(F83/$F$13,"") | H83: REP | I83: =IFERROR(H83/$H$13,"") | J83: REP | K83: =IFERROR(J83/$J$13,"") | L83: REP | M83: =IFERROR(L83/$L$13,"")
C84: =IFERROR(B84/$B$13,"-") -> 0 | E84: =IFERROR(D84/$D$13,"") -> 0 | G84: =IFERROR(F84/$F$13,"") -> 0 | I84: =IFERROR(H84/$H$13,"") -> 0 | K84: =IFERROR(J84/$J$13,"") -> 0 | M84: =IFERROR(L84/$L$13,"") -> 0
A85: Supplemental Operating Expense Items | C85: =IFERROR(B85/$B$13,"-") -> 0 | E85: =IFERROR(D85/$D$13,"") -> 0 | G85: =IFERROR(F85/$F$13,"") -> 0 | I85: =IFERROR(H85/$H$13,"") -> 0 | K85: =IFERROR(J85/$J$13,"") -> 0 | M85: =IFERROR(L85/$L$13,"") -> 0
A86: Marketing Exp. | B86: 1200 | C86: =IFERROR(B86/$B$13,"-") -> 0.11342798 | D86: 900 | E86: =IFERROR(D86/$D$13,"") -> 0.093225606 | F86: 1100 | G86: =IFERROR(F86/$F$13,"") -> 0.10700701 | H86: 1000 | I86: =IFERROR(H86/$H$13,"") -> 0.09344921 | J86: 1100 | K86: =IFERROR(J86/$J$13,"") -> 0.094000222 | L86: 1100 | M86: =IFERROR(L86/$L$13,"") -> 0.094607379 | N86: This consistency shows continued brand support and strategic investment in market presence, helping sustain long-term sales growth despite short-term cost challenges.
A87: Selling and Marketing Exp. | B87: 1200 | C87: =IFERROR(B87/$B$13,"-") -> 0.11342798 | D87: 900 | E87: =IFERROR(D87/$D$13,"") -> 0.093225606 | F87: 1100 | G87: =IFERROR(F87/$F$13,"") -> 0.10700701 | H87: 1000 | I87: =IFERROR(H87/$H$13,"") -> 0.09344921 | J87: 1100 | K87: =IFERROR(J87/$J$13,"") -> 0.094000222 | L87: 1100 | M87: =IFERROR(L87/$L$13,"") -> 0.094607379
A88: Net Rental Exp. | B88: 71 | C88: =IFERROR(B88/$B$13,"-") -> 0.0067111556 | D88: 71.4 | E88: =IFERROR(D88/$D$13,"") -> 0.0073958981 | F88: 73.2 | G88: =IFERROR(F88/$F$13,"") -> 0.0071208304 | H88: 72.5 | I88: =IFERROR(H88/$H$13,"") -> 0.0067750678 | J88: 81.3 | K88: =IFERROR(J88/$J$13,"") -> 0.006947471 | L88: 86.9 | M88: =IFERROR(L88/$L$13,"") -> 0.007473983
A89: Imputed Oper. Lease Interest Exp. | B89: 16.507784 | C89: =IFERROR(B89/$B$13,"-") -> 0.0015603705 | D89: 17.997941 | E89: =IFERROR(D89/$D$13,"") -> 0.0018642988 | F89: 19.612915 | G89: =IFERROR(F89/$F$13,"") -> 0.0019079268 | H89: 21.06792 | I89: =IFERROR(H89/$H$13,"") -> 0.0019687805 | J89: 24.093418 | K89: =IFERROR(J89/$J$13,"") -> 0.002058897 | L89: 32.082785 | M89: =IFERROR(L89/$L$13,"") -> 0.0027593347
A90: Imputed Oper. Lease Depreciation | B90: 54.492216 | C90: =IFERROR(B90/$B$13,"-") -> 0.0051507851 | D90: 53.402059 | E90: =IFERROR(D90/$D$13,"") -> 0.0055315992 | F90: 53.587085 | G90: =IFERROR(F90/$F$13,"") -> 0.0052129036 | H90: 51.43208 | I90: =IFERROR(H90/$H$13,"") -> 0.0048062873 | J90: 57.206582 | K90: =IFERROR(J90/$J$13,"") -> 0.004888574 | L90: 54.817215 | M90: =IFERROR(L90/$L$13,"") -> 0.0047146482
C91: =IFERROR(B91/$B$13,"-") -> 0 | E91: =IFERROR(D91/$D$13,"") -> 0 | G91: =IFERROR(F91/$F$13,"") -> 0 | I91: =IFERROR(H91/$H$13,"") -> 0 | K91: =IFERROR(J91/$J$13,"") -> 0 | M91: =IFERROR(L91/$L$13,"") -> 0
A92: Stock-Based Comp., SG&A Exp. | B92: 8.5 | C92: =IFERROR(B92/$B$13,"-") -> 0.00080344821 | D92: 24.2 | E92: =IFERROR(D92/$D$13,"") -> 0.002506733 | F92: 32.1 | G92: =IFERROR(F92/$F$13,"") -> 0.0031226592 | H92: 33.6 | I92: =IFERROR(H92/$H$13,"") -> 0.0031398935 | J92: 44.9 | K92: =IFERROR(J92/$J$13,"") -> 0.0038369182 | L92: 43.1 | M92: =IFERROR(L92/$L$13,"") -> 0.0037068891
A93: Stock-Based Comp., Unallocated | B93: - | C93: =IFERROR(B93/$B$13,"-") -> - | D93: - | E93: =IFERROR(D93/$D$13,"") | F93: - | G93: =IFERROR(F93/$F$13,"") | H93: - | I93: =IFERROR(H93/$H$13,"") | J93: - | K93: =IFERROR(J93/$J$13,"") | L93: - | M93: =IFERROR(L93/$L$13,"")
A94: Stock-Based Comp., Total | B94: 8.5 | C94: =IFERROR(B94/$B$13,"-") -> 0.00080344821 | D94: 24.2 | E94: =IFERROR(D94/$D$13,"") -> 0.002506733 | F94: 32.1 | G94: =IFERROR(F94/$F$13,"") -> 0.0031226592 | H94: 33.6 | I94: =IFERROR(H94/$H$13,"") -> 0.0031398935 | J94: 44.9 | K94: =IFERROR(J94/$J$13,"") -> 0.0038369182 | L94: 43.1 | M94: =IFERROR(L94/$L$13,"") -> 0.0037068891
A96: * Occasionally, certain items classified as Revenue by the company will be re-classified as other income if it is deemed to be non-recurring and unrelated to the core business of the firm. This field shows Total Revenue exactly as reported by the firm on its consolidated statement of income.
A97: Note: For multiple class companies, per share items are primary class equivalent, and for foreign companies listed as primary ADRs, per share items are ADR-equivalent.

Sheet CS Balance Sheet
A1: Molson Coors Beverage Company (NYSE:TAP) > Financials > Common Size Balance Sheet (Vertical)
A3: In Millions of the reported currency, except per share items. | B3: Template: | D3: Standard | H3: Restatement: | J3: Latest Filings
B4: Period Type: | D4: Annual | H4: Order: | J4: Latest on Right
B5: Currency: | D5: Reported Currency | H5: Conversion: | J5: Historical
B6: Units: | D6: S&P Capital IQ (Default) | H6: Decimals: | J6: Capital IQ (Default)
B7: Source: | D7: Capital IQ & Proprietary Data
A10: Balance Sheet
A11: Balance Sheet as of: | B11: 44196 | D11: 44561 | F11: 44926 | H11: 45291 | J11: 45657 | L11: Commentary on Common Size Income Statement
A12: Currency | B12: USD | D12: USD | F12: USD | H12: USD | J12: USD
A13: ASSETS
A14: Cash And Equivalents | B14: 770.1 | C14: =IFERROR(B14/$B$31,"") -> 0.028176692 | D14: 637.4 | E14: =IFERROR(D14/$D$31,"") -> 0.023078316 | F14: 600 | G14: =IFERROR(F14/$F$31,"") -> 0.023194412 | H14: 868.9 | I14: =IFERROR(H14/$H$31,"") -> 0.032943951 | J14: 969.3 | K14: =IFERROR(J14/$J$31,"") -> 0.037188798
A15: Total Cash & ST Investments | B15: 770.1 | C15: =IFERROR(B15/$B$31,"") -> 0.028176692 | D15: 637.4 | E15: =IFERROR(D15/$D$31,"") -> 0.023078316 | F15: 600 | G15: =IFERROR(F15/$F$31,"") -> 0.023194412 | H15: 868.9 | I15: =IFERROR(H15/$H$31,"") -> 0.032943951 | J15: 969.3 | K15: =IFERROR(J15/$J$31,"") -> 0.037188798
A16: Accounts Receivable | B16: 549.6 | C16: =IFERROR(B16/$B$31,"") -> 0.02010896 | D16: 678.9 | E16: =IFERROR(D16/$D$31,"") -> 0.024580904 | F16: 739.8 | G16: =IFERROR(F16/$F$31,"") -> 0.02859871 | H16: 757.8 | I16: =IFERROR(H16/$H$31,"") -> 0.028731645 | J16: 693.1 | K16: =IFERROR(J16/$J$31,"") -> 0.026591928
A17: Other Receivables | B17: 137.5 | C17: =IFERROR(B17/$B$31,"") -> 0.0050308989 | D17: 200.5 | E17: =IFERROR(D17/$D$31,"") -> 0.0072594953 | F17: 126.4 | G17: =IFERROR(F17/$F$31,"") -> 0.0048862894 | H17: 121.6 | I17: =IFERROR(H17/$H$31,"") -> 0.0046104091 | J17: 149.8 | K17: =IFERROR(J17/$J$31,"") -> 0.0057473249
A18: Total Receivables | B18: 687.1 | C18: =IFERROR(B18/$B$31,"") -> 0.025139859 | D18: 879.4 | E18: =IFERROR(D18/$D$31,"") -> 0.0318404 | F18: 866.2 | G18: =IFERROR(F18/$F$31,"") -> 0.033484999 | H18: 879.4 | I18: =IFERROR(H18/$H$31,"") -> 0.033342054 | J18: 842.9 | K18: =IFERROR(J18/$J$31,"") -> 0.032339253 | L18: These steady levels, combined with earlier efficiency ratios, indicate consistent working capital discipline and effective operations management.
A19: Inventory | B19: 664.3 | C19: =IFERROR(B19/$B$31,"") -> 0.024305644 | D19: 804.7 | E19: =IFERROR(D19/$D$31,"") -> 0.02913574 | F19: 792.9 | G19: =IFERROR(F19/$F$31,"") -> 0.030651415 | H19: 802.3 | I19: =IFERROR(H19/$H$31,"") -> 0.030418842 | J19: 727.8 | K19: =IFERROR(J19/$J$31,"") -> 0.027923251
A20: Other Current Assets | B20: 297.3 | C20: =IFERROR(B20/$B$31,"") -> 0.010877718 | D20: 457.2 | E20: =IFERROR(D20/$D$31,"") -> 0.016553822 | F20: 378.9 | G20: =IFERROR(F20/$F$31,"") -> 0.014647271 | H20: 297.9 | I20: =IFERROR(H20/$H$31,"") -> 0.011294744 | J20: 308.4 | K20: =IFERROR(J20/$J$31,"") -> 0.011832276
A21: Total Current Assets | B21: 2418.8 | C21: =IFERROR(B21/$B$31,"") -> 0.088499914 | D21: 2778.7 | E21: =IFERROR(D21/$D$31,"") -> 0.10060828 | F21: 2638 | G21: =IFERROR(F21/$F$31,"") -> 0.1019781 | H21: 2848.5 | I21: =IFERROR(H21/$H$31,"") -> 0.10799959 | J21: 2848.4 | K21: =IFERROR(J21/$J$31,"") -> 0.10928358 | L21: Due mostly to increased cash holdings, current assets increased slightly from $2.42 billion (8.8%) in 2020 to $2.85 billion (10.9%) in 2024. The cash and equivalents ratio almost doubled to 3.7% of total assets by 2024, indicating improved liquidity and cash management.
A22: Gross Property, Plant & Equipment | B22: 7802.9 | C22: =IFERROR(B22/$B$31,"") -> 0.28549528 | D22: 7818.7 | E22: =IFERROR(D22/$D$31,"") -> 0.28309135 | F22: 8017.4 | G22: =IFERROR(F22/$F$31,"") -> 0.30993146 | H22: 8746.8 | I22: =IFERROR(H22/$H$31,"") -> 0.33163097 | J22: 9041.4 | K22: =IFERROR(J22/$J$31,"") -> 0.34688827
A23: Accumulated Depreciation | B23: -3416.4 | C23: =IFERROR(B23/$B$31,"") -> -0.12500046 | D23: -3507.2 | E23: =IFERROR(D23/$D$31,"") -> -0.12698505 | F23: -3661.9 | G23: =IFERROR(F23/$F$31,"") -> -0.14155936 | H23: -4101.6 | I23: =IFERROR(H23/$H$31,"") -> -0.15551031 | J23: -4392 | K23: =IFERROR(J23/$J$31,"") -> -0.16850635
A24: Net Property, Plant & Equipment | B24: 4386.5 | C24: =IFERROR(B24/$B$31,"") -> 0.16049482 | D24: 4311.5 | E24: =IFERROR(D24/$D$31,"") -> 0.1561063 | F24: 4355.5 | G24: =IFERROR(F24/$F$31,"") -> 0.1683721 | H24: 4645.2 | I24: =IFERROR(H24/$H$31,"") -> 0.17612066 | J24: 4649.4 | K24: =IFERROR(J24/$J$31,"") -> 0.17838192 | L24: Due to a little amount of reinvestment in production facilities and equipment, net PP&E increased from 16.0% to 17.8% of assets. In order to preserve production capacity and efficiency without going overboard with asset base expansion, this trend recommends strategic capital investment.
A25: Long-term Investments | B25: - | C25: =IFERROR(B25/$B$31,"") | D25: - | E25: =IFERROR(D25/$D$31,"") | F25: 40 | G25: =IFERROR(F25/$F$31,"") -> 0.0015462941 | H25: 264.3 | I25: =IFERROR(H25/$H$31,"") -> 0.010020815 | J25: 205.2 | K25: =IFERROR(J25/$J$31,"") -> 0.0078728376
A26: Goodwill | B26: 6151 | C26: =IFERROR(B26/$B$31,"") -> 0.22505497 | D26: 6152.6 | E26: =IFERROR(D26/$D$31,"") -> 0.22276694 | F26: 5291.9 | G26: =IFERROR(F26/$F$31,"") -> 0.20457085 | H26: 5325.3 | I26: =IFERROR(H26/$H$31,"") -> 0.20190634 | J26: 5582.3 | K26: =IFERROR(J26/$J$31,"") -> 0.21417418 | L26: This high Common Size percentage in goodwill highlights Coors’ brand strength and acquisition history, though the high proportion of intangibles may also expose the company to impairment risk if future performance weakens.
A27: Other Intangibles | B27: 13556.1 | C27: =IFERROR(B27/$B$31,"") -> 0.4959954 | D27: 13286.8 | E27: =IFERROR(D27/$D$31,"") -> 0.48107462 | F27: 12800.1 | G27: =IFERROR(F27/$F$31,"") -> 0.49481798 | H27: 12614.6 | I27: =IFERROR(H27/$H$31,"") -> 0.47827686 | J27: 12195.2 | K27: =IFERROR(J27/$J$31,"") -> 0.46788903
A28: Deferred Tax Assets, LT | B28: 105.7 | C28: =IFERROR(B28/$B$31,"") -> 0.0038673892 | D28: 180.2 | E28: =IFERROR(D28/$D$31,"") -> 0.006524494 | F28: 125.8 | G28: =IFERROR(F28/$F$31,"") -> 0.004863095 | H28: 123.7 | I28: =IFERROR(H28/$H$31,"") -> 0.0046900296 | J28: 38.6 | K28: =IFERROR(J28/$J$31,"") -> 0.0014809529
A29: Deferred Charges, LT | B29: - | C29: =IFERROR(B29/$B$31,"") | D29: - | E29: =IFERROR(D29/$D$31,"") | F29: - | G29: =IFERROR(F29/$F$31,"") | H29: 35.7 | I29: =IFERROR(H29/$H$31,"") -> 0.0013535494 | J29: 39.9 | K29: =IFERROR(J29/$J$31,"") -> 0.0015308295
A30: Other Long-Term Assets | B30: 713 | C30: =IFERROR(B30/$B$31,"") -> 0.026087497 | D30: 909.2 | E30: =IFERROR(D30/$D$31,"") -> 0.032919367 | F30: 617 | G30: =IFERROR(F30/$F$31,"") -> 0.023851587 | H30: 517.8 | I30: =IFERROR(H30/$H$31,"") -> 0.019632153 | J30: 505.3 | K30: =IFERROR(J30/$J$31,"") -> 0.019386671
A31: Total Assets | B31: 27331.1 | C31: =IFERROR(B31/$B$31,"") -> 1 | D31: 27619 | E31: =IFERROR(D31/$D$31,"") -> 1 | F31: 25868.3 | G31: =IFERROR(F31/$F$31,"") -> 1 | H31: 26375.1 | I31: =IFERROR(H31/$H$31,"") -> 1 | J31: 26064.3 | K31: =IFERROR(J31/$J$31,"") -> 1 | L31: Total assets have remained relatively stable around $26–27 billion from 2020 to 2024, suggesting Coors is operating with a consistent asset base. The slight decline since 2021 indicates asset optimization and disciplined capital management rather than aggressive expansion.
A32: LIABILITIES | C32: =IFERROR(B32/$B$31,"") -> 0 | E32: =IFERROR(D32/$D$31,"") -> 0 | G32: =IFERROR(F32/$F$31,"") -> 0 | I32: =IFERROR(H32/$H$31,"") -> 0 | K32: =IFERROR(J32/$J$31,"") -> 0
A33: Accounts Payable | B33: 1732.7 | C33: =IFERROR(B33/$B$31,"") -> 0.063396643 | D33: 2098.1 | E33: =IFERROR(D33/$D$31,"") -> 0.075965821 | F33: 2225.1 | G33: =IFERROR(F33/$F$31,"") -> 0.086016476 | H33: 2128.3 | I33: =IFERROR(H33/$H$31,"") -> 0.080693533 | J33: 2020.1 | K33: =IFERROR(J33/$J$31,"") -> 0.077504479
A34: Accrued Exp. | B34: 637.5 | C34: =IFERROR(B34/$B$31,"") -> 0.023325077 | D34: 577.7 | E34: =IFERROR(D34/$D$31,"") -> 0.02091676 | F34: 576.7 | G34: =IFERROR(F34/$F$31,"") -> 0.022293695 | H34: 823.7 | I34: =IFERROR(H34/$H$31,"") -> 0.031230213 | J34: 735.7 | K34: =IFERROR(J34/$J$31,"") -> 0.028226348
A35: Short-term Borrowings | B35: 14 | C35: =IFERROR(B35/$B$31,"") -> 0.00051223698 | D35: 6.9 | E35: =IFERROR(D35/$D$31,"") -> 0.00024982802 | F35: 20.9 | G35: =IFERROR(F35/$F$31,"") -> 0.00080793867 | H35: 21.5 | I35: =IFERROR(H35/$H$31,"") -> 0.00081516279 | J35: 19.9 | K35: =IFERROR(J35/$J$31,"") -> 0.00076349643
A36: Curr. Port. of LT Debt | B36: 1049.7 | C36: =IFERROR(B36/$B$31,"") -> 0.038406797 | D36: 571.1 | E36: =IFERROR(D36/$D$31,"") -> 0.020677794 | F36: 370.9 | G36: =IFERROR(F36/$F$31,"") -> 0.014338012 | H36: 885.1 | I36: =IFERROR(H36/$H$31,"") -> 0.033558167 | J36: 2.4 | K36: =IFERROR(J36/$J$31,"") -> 9.2079971e-05
A37: Curr. Port. of Leases | B37: 51.2 | C37: =IFERROR(B37/$B$31,"") -> 0.0018733238 | D37: 50 | E37: =IFERROR(D37/$D$31,"") -> 0.0018103479 | F37: 50 | G37: =IFERROR(F37/$F$31,"") -> 0.0019328676 | H37: 52.1 | I37: =IFERROR(H37/$H$31,"") -> 0.001975348 | J37: 56.6 | K37: =IFERROR(J37/$J$31,"") -> 0.0021715527
A38: Other Current Liabilities | B38: 424.5 | C38: =IFERROR(B38/$B$31,"") -> 0.015531757 | D38: 318.4 | E38: =IFERROR(D38/$D$31,"") -> 0.011528296 | F38: 131.8 | G38: =IFERROR(F38/$F$31,"") -> 0.0050950391 | H38: 181.9 | I38: =IFERROR(H38/$H$31,"") -> 0.0068966563 | J38: 210.5 | K38: =IFERROR(J38/$J$31,"") -> 0.0080761808
A39: Total Current Liabilities | B39: 3909.6 | C39: =IFERROR(B39/$B$31,"") -> 0.14304583 | D39: 3622.2 | E39: =IFERROR(D39/$D$31,"") -> 0.13114885 | F39: 3375.4 | G39: =IFERROR(F39/$F$31,"") -> 0.13048403 | H39: 4092.6 | I39: =IFERROR(H39/$H$31,"") -> 0.15516908 | J39: 3045.2 | K39: =IFERROR(J39/$J$31,"") -> 0.11683414 | L39: Current liabilities dropped from 14.3% to 11.7% of assets. The decline suggests improved short-term solvency and reduced reliance on short-term borrowing, supported by higher cash reserves.
A40: Long-Term Debt | B40: 7322.1 | C40: =IFERROR(B40/$B$31,"") -> 0.2679036 | D40: 6687.7 | E40: =IFERROR(D40/$D$31,"") -> 0.24214128 | F40: 6109 | G40: =IFERROR(F40/$F$31,"") -> 0.23615777 | H40: 5263.6 | I40: =IFERROR(H40/$H$31,"") -> 0.19956702 | J40: 6057 | K40: =IFERROR(J40/$J$31,"") -> 0.23238683
A41: Long-Term Leases | B41: 166.3 | C41: =IFERROR(B41/$B$31,"") -> 0.0060846435 | D41: 150.4 | E41: =IFERROR(D41/$D$31,"") -> 0.0054455266 | F41: 155.5 | G41: =IFERROR(F41/$F$31,"") -> 0.0060112184 | H41: 212.4 | I41: =IFERROR(H41/$H$31,"") -> 0.00805305 | J41: 218.4 | K41: =IFERROR(J41/$J$31,"") -> 0.0083792774
A42: Pension & Other Post-Retire. Benefits | B42: 763.2 | C42: =IFERROR(B42/$B$31,"") -> 0.027924233 | D42: 654.4 | E42: =IFERROR(D42/$D$31,"") -> 0.023693834 | F42: 473.3 | G42: =IFERROR(F42/$F$31,"") -> 0.018296525 | H42: 465.8 | I42: =IFERROR(H42/$H$31,"") -> 0.017660597 | J42: 416.7 | K42: =IFERROR(J42/$J$31,"") -> 0.015987385
A43: Def. Tax Liability, Non-Curr. | B43: 2381.6 | C43: =IFERROR(B43/$B$31,"") -> 0.087138827 | D43: 2704.6 | E43: =IFERROR(D43/$D$31,"") -> 0.097925341 | F43: 2646.4 | G43: =IFERROR(F43/$F$31,"") -> 0.10230282 | H43: 2697.2 | I43: =IFERROR(H43/$H$31,"") -> 0.10226312 | J43: 2733.4 | K43: =IFERROR(J43/$J$31,"") -> 0.10487141
A44: Other Non-Current Liabilities | B44: 167 | C44: =IFERROR(B44/$B$31,"") -> 0.0061102554 | D44: 135.6 | E44: =IFERROR(D44/$D$31,"") -> 0.0049096636 | F44: 193.5 | G44: =IFERROR(F44/$F$31,"") -> 0.0074801978 | H44: 208.4 | I44: =IFERROR(H44/$H$31,"") -> 0.0079013918 | J44: 140.9 | K44: =IFERROR(J44/$J$31,"") -> 0.0054058617
A45: Total Liabilities | B45: 14709.8 | C45: =IFERROR(B45/$B$31,"") -> 0.53820739 | D45: 13954.9 | E45: =IFERROR(D45/$D$31,"") -> 0.50526449 | F45: 12953.1 | G45: =IFERROR(F45/$F$31,"") -> 0.50073256 | H45: 12940 | I45: =IFERROR(H45/$H$31,"") -> 0.49061425 | J45: 12611.6 | K45: =IFERROR(J45/$J$31,"") -> 0.4838649 | L45: Coors has deleveraged steadily, improving its balance sheet strength and reducing financial risk — a key positive for investors and creditors.
A46: Common Stock | B46: 522.2 | C46: =IFERROR(B46/$B$31,"") -> 0.019106439 | D46: 522.1 | E46: =IFERROR(D46/$D$31,"") -> 0.018903653 | F46: 517.6 | G46: =IFERROR(F46/$F$31,"") -> 0.020009046 | H46: 455.2 | I46: =IFERROR(H46/$H$31,"") -> 0.017258702 | J46: 374 | K46: =IFERROR(J46/$J$31,"") -> 0.014349129
A47: Additional Paid In Capital | B47: 6937.8 | C47: =IFERROR(B47/$B$31,"") -> 0.25384269 | D47: 6970.9 | E47: =IFERROR(D47/$D$31,"") -> 0.25239509 | F47: 7006.4 | G47: =IFERROR(F47/$F$31,"") -> 0.27084888 | H47: 7108.4 | I47: =IFERROR(H47/$H$31,"") -> 0.26951177 | J47: 7223.6 | K47: =IFERROR(J47/$J$31,"") -> 0.27714537
A48: Retained Earnings | B48: 6544.2 | C48: =IFERROR(B48/$B$31,"") -> 0.23944152 | D48: 7401.5 | E48: =IFERROR(D48/$D$31,"") -> 0.26798581 | F48: 6894.1 | G48: =IFERROR(F48/$F$31,"") -> 0.26650766 | H48: 7484.3 | I48: =IFERROR(H48/$H$31,"") -> 0.28376385 | J48: 8238 | K48: =IFERROR(J48/$J$31,"") -> 0.3160645
A49: Treasury Stock | B49: -471.4 | C49: =IFERROR(B49/$B$31,"") -> -0.017247751 | D49: -471.4 | E49: =IFERROR(D49/$D$31,"") -> -0.01706796 | F49: -522.9 | G49: =IFERROR(F49/$F$31,"") -> -0.02021393 | H49: -735.6 | I49: =IFERROR(H49/$H$31,"") -> -0.027889942 | J49: -1380.8 | K49: =IFERROR(J49/$J$31,"") -> -0.052976677 | L49: This modest growth in Treasury Stock reflects share repurchases and foreign exchange adjustments, but they remain moderate relative to total equity, posing minimal balance sheet risk.
A50: Comprehensive Inc. and Other | B50: -1167.8 | C50: =IFERROR(B50/$B$31,"") -> -0.042727881 | D50: -1006 | E50: =IFERROR(D50/$D$31,"") -> -0.036424201 | F50: -1205.5 | G50: =IFERROR(F50/$F$31,"") -> -0.046601439 | H50: -1116.3 | I50: =IFERROR(H50/$H$31,"") -> -0.04232401 | J50: -1362.4 | K50: =IFERROR(J50/$J$31,"") -> -0.05227073
A51: Total Common Equity | B51: 12365 | C51: =IFERROR(B51/$B$31,"") -> 0.45241501 | D51: 13417.1 | E51: =IFERROR(D51/$D$31,"") -> 0.48579239 | F51: 12689.7 | G51: =IFERROR(F51/$F$31,"") -> 0.49055021 | H51: 13196 | I51: =IFERROR(H51/$H$31,"") -> 0.50032038 | J51: 13092.4 | K51: =IFERROR(J51/$J$31,"") -> 0.50231159
A52: Minority Interest | B52: 256.3 | C52: =IFERROR(B52/$B$31,"") -> 0.0093775955 | D52: 247 | E52: =IFERROR(D52/$D$31,"") -> 0.0089431189 | F52: 225.5 | G52: =IFERROR(F52/$F$31,"") -> 0.0087172331 | H52: 239.1 | I52: =IFERROR(H52/$H$31,"") -> 0.0090653685 | J52: 360.3 | K52: =IFERROR(J52/$J$31,"") -> 0.013823506
A53: Total Equity | B53: 12621.3 | C53: =IFERROR(B53/$B$31,"") -> 0.46179261 | D53: 13664.1 | E53: =IFERROR(D53/$D$31,"") -> 0.49473551 | F53: 12915.2 | G53: =IFERROR(F53/$F$31,"") -> 0.49926744 | H53: 13435.1 | I53: =IFERROR(H53/$H$31,"") -> 0.50938575 | J53: 13452.7 | K53: =IFERROR(J53/$J$31,"") -> 0.5161351 | L53: Between 2020 and 2024, total equity increased from 46.2% to 51.6% of assets. Improved financial stability and the generation of shareholder value are indicated by the consistent rise in equity, which is a reflection of growing retained earnings and decreased leverage.
A54: Total Liabilities And Equity | B54: 27331.1 | C54: =IFERROR(B54/$B$31,"") -> 1 | D54: 27619 | E54: =IFERROR(D54/$D$31,"") -> 1 | F54: 25868.3 | G54: =IFERROR(F54/$F$31,"") -> 1 | H54: 26375.1 | I54: =IFERROR(H54/$H$31,"") -> 1 | J54: 26064.3 | K54: =IFERROR(J54/$J$31,"") -> 1
A56: Supplemental Items
A57: Total Shares Out. on Filing Date | B57: 216.78052 | D57: 216.9834 | F57: 216.29107 | H57: 212.60685 | J57: 202.60592
A58: Total Shares Out. on Balance Sheet Date | B58: 216.7 | D58: 217 | F58: 216.3 | H58: 213.3 | J58: 203.2
A59: Book Value/Share | B59: 57.06 | D59: 61.83 | F59: 58.67 | H59: 61.87 | J59: 64.43
A60: Tangible Book Value | B60: -7342.1 | D60: -6022.3 | F60: -5402.3 | H60: -4743.9 | J60: -4685.1
A61: Tangible Book Value/Share | B61: -33.88 | D61: -27.75 | F61: -24.98 | H61: -22.24 | J61: -23.06
A62: Total Debt | B62: 8603.3 | D62: 7466.1 | F62: 6706.3 | H62: 6434.7 | J62: 6354.3
A63: Net Debt | B63: 7833.2 | D63: 6828.7 | F63: 6106.3 | H63: 5565.8 | J63: 5385
A64: Debt Equiv. of Unfunded Proj. Benefit Obligation | B64: -386.9 | D64: -571.7 | F64: -358.8 | H64: -378.8 | J64: -366.9
A65: Debt Equivalent Oper. Leases | B65: 571.2 | D65: 585.6 | F65: 580 | H65: 650.4 | J65: 695.2
A66: Total Minority Interest | B66: 256.3 | D66: 247 | F66: 225.5 | H66: 239.1 | J66: 360.3
A67: Equity Method Investments | B67: NA | D67: NA | F67: NA | H67: 222.7 | J67: 108.9
A68: Inventory Method | B68: FIFO | D68: FIFO | F68: FIFO | H68: FIFO | J68: FIFO
A69: Raw Materials Inventory | B69: 324.9 | D69: 381.4 | F69: 451.9 | H69: 459.2 | J69: 398.2
A70: Work in Progress Inventory | B70: 72.7 | D70: 71.8 | F70: 71.9 | H70: 97.4 | J70: 83.8
A71: Finished Goods Inventory | B71: 266.7 | D71: 351.5 | F71: 269.1 | H71: 245.7 | J71: 245.8
A72: Land | B72: 341.3 | D72: 355.9 | F72: 355.9 | H72: 365.1 | J72: 362.9
A73: Buildings | B73: 1074.8 | D73: 1225.1 | F73: 1205.5 | H73: 1283.4 | J73: 1450.2
A74: Machinery | B74: 4833.6 | D74: 4858.5 | F74: 4897.3 | H74: 5156 | J74: 5479.8
A75: Construction in Progress | B75: 532.1 | D75: 335.2 | F75: 497.4 | H75: 783.7 | J75: 612.1
A76: Natural Resources, at Cost | B76: 3.8 | D76: - | F76: - | H76: - | J76: -
A77: Full Time Employees | B77: 17000 | D77: 16300 | F77: 16600 | H77: 16500 | J77: 16800
A78: Accum. Allowance for Doubtful Accts | B78: 18.1 | D78: 19 | F78: 13.2 | H78: 12.7 | J78: 8.9
A79: Filing Date | B79: 44978 | D79: 45342 | F79: 45706 | H79: 45706 | J79: 45706
A80: Restatement Type | B80: NC | D80: NC | F80: NC | H80: NC | J80: O
A81: Calculation Type | B81: RUP | D81: RUP | F81: RUP | H81: REP | J81: REP
A84: Note: For multiple class companies, total share counts are primary class equivalent, and for foreign companies listed as primary ADRs, total share counts are ADR-equivalent.

Sheet Coors Ratios
A5: Molson Coors Beverage Company (NYSE:TAP) > Financials > Ratios
B7: Restatement: | C7: Latest Filings | E7: Period Type: | F7: Annual
B8: Order: | C8: Latest on Right | E8: Decimals: | F8: Capital IQ (Default)
B9: Source: | C9: Capital IQ & Proprietary Data
A12: Ratios
A13: For the Fiscal Period Ending | B13: 2020 | C13: 2021 | D13: 2022 | E13: 2023 | F13: 2024
A14: Profitability
A15: Return on Assets % | B15: 0.030903 | C15: 0.035152 | D15: 0.026384 | E15: 0.03826 | F15: 0.043166
A16: Return on Capital % | B16: 0.039275 | C16: 0.045605 | D16: 0.03463 | E16: 0.050615 | F16: 0.057051
A17: Return on Equity % | B17: -0.071931 | C17: 0.076734 | D17: -0.014033 | E17: 0.072591 | F17: 0.086113
A18: Return on Common Equity % | B18: -0.07361 | C18: 0.078015 | D18: -0.013429 | E18: 0.073314 | F18: 0.085391
A20: Margin Analysis
A21: Gross Margin % | B21: 0.393194 | C21: 0.394311 | D21: 0.341575 | E21: 0.373334 | F21: 0.389902
A22: SG&A Margin % | B22: 0.226507 | C22: 0.222778 | D22: 0.216624 | E22: 0.218969 | F22: 0.216401
A23: EBITDA Margin % | B23: 0.22777 | C23: 0.225298 | D23: 0.169498 | E23: 0.194999 | F23: 0.213012
A24: EBITA Margin % | B24: 0.166687 | C24: 0.171532 | D24: 0.12495 | E24: 0.154365 | F24: 0.173501
A25: EBIT Margin % | B25: 0.143898 | C25: 0.150325 | D25: 0.105504 | E25: 0.13665 | F25: 0.155749
A26: Earnings from Cont. Ops Margin % | B26: -0.097959 | C26: 0.098105 | D26: -0.017428 | E26: 0.081728 | F26: 0.099569
A27: Net Income Margin % | B27: -0.098301 | C27: 0.097833 | D27: -0.016381 | E27: 0.081088 | F27: 0.096533
A28: Net Income Avail. for Common Margin % | B28: -0.098301 | C28: 0.097833 | D28: -0.016381 | E28: 0.081088 | F28: 0.096533
A29: Normalized Net Income Margin % | B29: 0.072574 | C29: 0.077781 | D29: 0.052274 | E29: 0.074943 | F29: 0.081272
A30: Levered Free Cash Flow Margin % | B30: 0.108776 | C30: 0.077524 | D30: 0.06134 | E30: 0.100305 | F30: 0.079824
A31: Unlevered Free Cash Flow Margin % | B31: 0.125714 | C31: 0.092698 | D31: 0.075256 | E31: 0.112316 | F31: 0.094565
A33: Asset Turnover
A34: Total Asset Turnover | B34: 0.343614 | C34: 0.374146 | D34: 0.400132 | E34: 0.447983 | F34: 0.443445
A35: Fixed Asset Turnover | B35: 2.124676 | C35: 2.363692 | D35: 2.469366 | E35: 2.600264 | F35: 2.501882
A36: Accounts Receivable Turnover | B36: 15.378733 | C36: 16.735368 | D36: 15.085641 | E36: 15.627804 | F36: 16.027293
A37: Inventory Turnover | B37: 9.151851 | C37: 8.476923 | D37: 8.82048 | E37: 9.194207 | F37: 9.272073
A39: Short Term Liquidity
A40: Current Ratio | B40: 0.618682 | C40: 0.76713 | D40: 0.781537 | E40: 0.696012 | F40: 0.935373
A41: Quick Ratio | B41: 0.372723 | C41: 0.418751 | D41: 0.434378 | E41: 0.427185 | F41: 0.5951
A42: Cash from Ops. to Curr. Liab. | B42: 0.433727 | C42: 0.434404 | D42: 0.444984 | E42: 0.50799 | F42: 0.627315
A43: Avg. Days Sales Out. | B43: 23.798784 | C43: 21.809845 | D43: 24.19512 | E43: 23.35562 | F43: 22.835838
A44: Avg. Days Inventory Out. | B44: 39.991722 | C44: 43.057955 | D44: 41.38078 | E44: 39.69886 | F44: 39.4731
A45: Avg. Days Payable Out. | B45: 105.94565 | C45: 109.80879 | D45: 112.16706 | E45: 108.20206 | F45: 108.15556
A46: Avg. Cash Conversion Cycle | B46: -42.2 | C46: -44.9 | D46: -46.6 | E46: -45.1 | F46: -45.8
A48: Long Term Solvency
A49: Total Debt/Equity | B49: 0.681649 | C49: 0.546402 | D49: 0.519256 | E49: 0.478946 | F49: 0.472343
A50: Total Debt Ratio | B50: 0.405345 | C50: 0.353337 | D50: 0.341783 | E50: 0.323843 | F50: 0.32081
A51: LT Debt/Equity | B51: 0.593314 | C51: 0.500442 | D51: 0.485048 | E51: 0.407589 | F51: 0.466478
A52: LT Debt/Capital | B52: 0.352817 | C52: 0.323617 | D52: 0.319267 | E52: 0.275594 | F52: 0.316827
A53: Total Liabilities/Total Assets | B53: 0.538207 | C53: 0.505264 | D53: 0.500732 | E53: 0.490614 | F53: 0.483864
A55: Times Interest Earned | B55: 5.058994 | C55: 5.936611 | D55: 4.505187 | E55: 6.83376 | F55: 6.40573
A56: EBITDA / Interest Exp. | B56: 8.267662 | C56: 9.17864 | D56: 7.527134 | E56: 10.099145 | F56: 9.06827
A57: (EBITDA-CAPEX) / Interest Exp. | B57: 6.174435 | C57: 7.170956 | D57: 4.887869 | E57: 7.229487 | F57: 6.683763
A58: Total Debt/EBITDA | B58: 3.789499 | C58: 3.124937 | D58: 3.555266 | E58: 2.722875 | F58: 2.478662
A59: Net Debt/EBITDA | B59: 3.450292 | C59: 2.858153 | D59: 3.237183 | E59: 2.355196 | F59: 2.100561
A60: Total Debt/(EBITDA-CAPEX) | B60: 5.074196 | C60: 3.999839 | D60: 5.474977 | E60: 3.803688 | F60: 3.362953
A61: Net Debt/(EBITDA-CAPEX) | B61: 4.619994 | C61: 3.658362 | D61: 4.985141 | E61: 3.290063 | F61: 2.84996
A63: Altman Z Score | B63: 1.162389 | C63: 1.36053 | D63: 1.424233 | E63: 1.583752 | F63: 1.691896
A65: Growth Over Prior Year
A66: Total Revenue | B66: -0.087472 | C66: 0.064812 | D66: 0.040983 | E66: 0.093552 | F66: -0.006418
A67: Gross Profit | B67: -0.096473 | C67: 0.067836 | D67: -0.098239 | E67: 0.195228 | F67: 0.037676
A68: EBITDA | B68: -0.055618 | C68: 0.053253 | D68: -0.21684 | E68: 0.258076 | F68: 0.085367
A69: EBITA | B69: -0.065669 | C69: 0.095761 | D69: -0.241706 | E69: 0.350983 | F69: 0.116751
A70: EBIT | B70: -0.074546 | C70: 0.112366 | D70: -0.269398 | E70: 0.416386 | F70: 0.132449
A71: Earnings from Cont. Ops. | B71: NM | C71: NM | D71: NM | E71: NM | F71: 0.210476
A72: Net Income | B72: NM | C72: NM | D72: NM | E72: NM | F72: 0.182843
A73: Normalized Net Income | B73: -0.083236 | C73: 0.14121 | D73: -0.300394 | E73: 0.567786 | F73: 0.07748
A74: Diluted EPS before Extra | B74: NM | C74: NM | D74: NM | E74: NM | F74: 0.224256
A76: Accounts Receivable | B76: -0.22142 | C76: 0.235262 | D76: 0.089703 | E76: 0.02433 | F76: -0.085379
A77: Inventory | B77: 0.078584 | C77: 0.21135 | D77: -0.014664 | E77: 0.011855 | F77: -0.092859
A78: Net PP&E | B78: -0.066901 | C78: -0.017098 | D78: 0.010205 | E78: 0.066513 | F78: 0.000904
A79: Total Assets | B79: -0.05297 | C79: 0.010533 | D79: -0.063388 | E79: 0.019591 | F79: -0.011784
A81: Tangible Book Value | B81: NM | C81: NM | D81: NM | E81: NM | F81: NM
A82: Common Equity | B82: -0.078573 | C82: 0.085086 | D82: -0.054215 | E82: 0.039898 | F82: -0.007851
A83: Cash from Ops. | B83: -0.106257 | C83: -0.072065 | D83: -0.045441 | E83: 0.384154 | F83: -0.081145
A84: Capital Expenditures | B84: -0.031998 | C84: -0.090815 | D84: 0.265595 | E84: 0.01527 | F84: 0.003871
A85: Levered Free Cash Flow | B85: -0.030468 | C85: -0.241115 | D85: -0.176335 | E85: 0.788219 | F85: -0.209291
A86: Unlevered Free Cash Flow | B86: -0.02525 | C86: -0.214838 | D86: -0.154881 | E86: 0.632058 | F86: -0.163448
A87: Dividend per Share | B87: -0.709184 | C87: 0.192982 | D87: 1.235294 | E87: 0.078947 | F87: 0.07317
A89: Compound Annual Growth Rate Over Two Years
A90: Total Revenue | B90: -0.05321 | C90: -0.014266 | D90: 0.05283 | E90: 0.066944 | F90: 0.042369
A91: Gross Profit | B91: -0.047599 | C91: -0.017748 | D91: -0.018709 | E91: 0.038177 | F91: 0.11367
A92: EBITDA | B92: -0.019215 | C92: -0.002667 | D92: -0.091779 | E92: -0.007389 | F92: 0.168535
A93: EBITA | B93: -0.022229 | C93: 0.011832 | D93: -0.088458 | E93: 0.012147 | F93: 0.228296
A94: EBIT | B94: -0.024247 | C94: 0.014616 | D94: -0.098503 | E94: 0.017259 | F94: 0.266485
A95: Earnings from Cont. Ops. | B95: NM | C95: 1.023923 | D95: NM | E95: -0.026173 | F95: NM
A96: Net Income | B96: NM | C96: 1.039839 | D96: NM | E96: -0.02865 | F96: NM
A97: Normalized Net Income | B97: -0.004879 | C97: 0.022849 | D97: -0.106469 | E97: 0.047297 | F97: 0.299715
A98: Diluted EPS before Extra | B98: NM | C98: 1.040138 | D98: NM | E98: -0.027433 | F98: NM
A100: Accounts Receivable | B100: -0.135859 | C100: -0.019311 | D100: 0.160202 | E100: 0.056512 | F100: -0.032077
A101: Inventory | B101: 0.059484 | C101: 0.143041 | D101: 0.092514 | E101: -0.001493 | F101: -0.041931
A102: Net PP&E | B102: -0.024362 | C102: -0.042323 | D102: -0.00354 | E102: 0.037977 | F102: 0.033188
A103: Total Assets | B103: -0.04726 | C103: -0.021734 | D103: -0.027129 | E103: -0.022778 | F103: 0.003781
A105: Tangible Book Value | B105: NM | C105: NM | D105: NM | E105: NM | F105: NM
A106: Common Equity | B106: -0.043222 | C106: -8.6e-05 | D106: 0.013044 | E106: -0.008274 | F106: 0.015743
A107: Cash from Ops. | B107: -0.147145 | C107: -0.089321 | D107: -0.058847 | E107: 0.14946 | F107: 0.127758
A108: Capital Expenditures | B108: -0.060851 | C108: -0.061867 | D108: 0.072689 | E108: 0.133544 | F108: 0.009555
A109: Levered Free Cash Flow | B109: 0.008566 | C109: -0.142233 | D109: -0.209388 | E109: 0.213629 | F109: 0.189101
A110: Unlevered Free Cash Flow | B110: 0.001078 | C110: -0.125165 | D110: -0.185411 | E110: 0.174429 | F110: 0.168461
A111: Dividend per Share | B111: -0.410458 | C111: -0.410986 | D111: 0.632993 | E111: 0.552986 | F111: 0.076055
A113: Compound Annual Growth Rate Over Three Years
A114: Total Revenue | B114: -0.042656 | C114: -0.015399 | D114: 0.003817 | E114: 0.066233 | F114: 0.041907
A115: Gross Profit | B115: -0.073062 | C115: -0.010578 | D115: -0.045346 | E115: 0.04797 | F115: 0.03801
A116: EBITDA | B116: -0.057261 | C116: 0.00437 | D116: -0.079881 | E116: 0.012427 | F116: 0.022613
A117: EBITA | B117: -0.07816 | C117: 0.015617 | D117: -0.080924 | E117: 0.039285 | F117: 0.045879
A118: EBIT | B118: -0.088118 | C118: 0.019317 | D118: -0.090586 | E118: 0.048022 | F118: 0.054291
A119: Earnings from Cont. Ops. | B119: NM | C119: -0.038511 | D119: NM | E119: NM | F119: 0.047064
A120: Net Income | B120: NM | C120: -0.034239 | D120: NM | E120: NM | F120: 0.037273
...

Sheet Heineken Ratios
A5: Heineken N.V. (ENXTAM:HEIA) > Financials > Ratios
B7: Restatement: | C7: Latest Filings | E7: Period Type: | F7: Annual
B8: Order: | C8: Latest on Right | E8: Decimals: | F8: Capital IQ (Default)
B9: Source: | C9: Capital IQ & Proprietary Data
A12: Ratios
A13: For the Fiscal Period Ending | B13: 2020 | C13: 2021 | D13: 2022 | E13: 2023 | F13: 2024
A14: Profitability
A15: Return on Assets % | B15: 0.027429 | C15: 0.041702 | D15: 0.049935 | E15: 0.044266 | F15: 0.044169
A16: Return on Capital % | B16: 0.036519 | C16: 0.055161 | D16: 0.067533 | E16: 0.060022 | F16: 0.059783
A17: Return on Equity % | B17: -0.005551 | C17: 0.20738 | D17: 0.146035 | E17: 0.107405 | F17: 0.051381
A18: Return on Common Equity % | B18: -0.013812 | C18: 0.216209 | D18: 0.145338 | E18: 0.116343 | F18: 0.049347
A20: Margin Analysis
A21: Gross Margin % | B21: 0.378645 | C21: 0.392643 | D21: 0.362025 | E21: 0.352513 | F21: 0.363904
A22: SG&A Margin % | B22: 0.176971 | C22: 0.163802 | D22: 0.14412 | E22: 0.144654 | F22: 0.151604
A23: EBITDA Margin % | B23: 0.177986 | C23: 0.207055 | D23: 0.198161 | E23: 0.180949 | F23: 0.191241
A24: EBITA Margin % | B24: 0.113264 | C24: 0.152089 | D24: 0.152372 | E24: 0.135992 | F24: 0.139532
A25: EBIT Margin % | B25: 0.099213 | C25: 0.1391 | D25: 0.140847 | E25: 0.125452 | F25: 0.12907
A26: Earnings from Cont. Ops Margin % | B26: -0.004463 | C26: 0.161113 | D26: 0.105818 | E26: 0.079079 | F26: 0.038932
A27: Net Income Margin % | B27: -0.010347 | C27: 0.151497 | D27: 0.093387 | E27: 0.075884 | F27: 0.032795
A28: Net Income Avail. for Common Margin % | B28: -0.010347 | C28: 0.151497 | D28: 0.093387 | E28: 0.075884 | F28: 0.032795
A29: Normalized Net Income Margin % | B29: 0.036691 | C29: 0.076295 | D29: 0.071137 | E29: 0.061709 | F29: 0.043073
A30: Levered Free Cash Flow Margin % | B30: 0.074099 | C30: 0.100576 | D30: 0.07754 | E30: 0.019979 | F30: 0.089488
A31: Unlevered Free Cash Flow Margin % | B31: 0.089855 | C31: 0.113736 | D31: 0.087507 | E31: 0.033154 | F31: 0.103739
A33: Asset Turnover
A34: Total Asset Turnover | B34: 0.442357 | C34: 0.479679 | D34: 0.567255 | E34: 0.564564 | F34: 0.547546
A35: Fixed Asset Turnover | B35: 1.588638 | C35: 1.83208 | D35: 2.207116 | E35: 2.138545 | F35: 2.025264
A36: Accounts Receivable Turnover | B36: 8.366221 | C36: 10.505626 | D36: 10.426211 | E36: 9.347906 | F36: 9.17428
A37: Inventory Turnover | B37: 5.873891 | C37: 6.062784 | D37: 6.442334 | E37: 5.640223 | F37: 5.201974
A39: Short Term Liquidity
A40: Current Ratio | B40: 0.829959 | C40: 0.791962 | D40: 0.77625 | E40: 0.768903 | F40: 0.765486
A41: Quick Ratio | B41: 0.605263 | C41: 0.545642 | D41: 0.485905 | E41: 0.476222 | F41: 0.459404
A42: Cash from Ops. to Curr. Liab. | B42: 0.288553 | C42: 0.345708 | D42: 0.316842 | E42: 0.298819 | F42: 0.3865
A43: Avg. Days Sales Out. | B43: 43.747248 | C43: 34.743255 | D43: 35.00788 | E43: 39.045875 | F43: 39.894
A44: Avg. Days Inventory Out. | B44: 62.309304 | C44: 60.2031 | D44: 56.656395 | E44: 64.713405 | F44: 70.357644
A45: Avg. Days Payable Out. | B45: 127.89394 | C45: 109.63724 | D45: 99.98664 | E45: 105.04846 | F45: 113.9713
A46: Avg. Cash Conversion Cycle | B46: -21.8 | C46: -14.7 | D46: -8.3 | E46: -1.3 | F46: -3.7
A48: Long Term Solvency
A49: Total Debt/Equity | B49: 1.264313 | C49: 0.856497 | D49: 0.747125 | E49: 0.800298 | F49: 0.761048
A50: Total Debt Ratio | B50: 0.558365 | C50: 0.461351 | D50: 0.427631 | E50: 0.444536 | F50: 0.432156
A51: LT Debt/Equity | B51: 1.015564 | C51: 0.692385 | D51: 0.588184 | E51: 0.616349 | F51: 0.615257
A52: LT Debt/Capital | B52: 0.448508 | C52: 0.372952 | D52: 0.336658 | E52: 0.342359 | F52: 0.34937
A53: Total Liabilities/Total Assets | B53: 0.662413 | C53: 0.596724 | D53: 0.581727 | E53: 0.586803 | F53: 0.583396
A55: Times Interest Earned | B55: 3.935613 | C55: 6.60606 | D55: 8.831877 | E55: 5.951562 | F55: 5.660294
A56: EBITDA / Interest Exp. | B56: 7.623742 | C56: 10.430735 | D56: 12.980349 | E56: 9.059375 | F56: 8.844117
A57: (EBITDA-CAPEX) / Interest Exp. | B57: 4.603621 | C57: 7.564935 | D57: 9.069868 | E57: 5.25625 | F57: 5.632352
A58: Total Debt/EBITDA | B58: 4.802322 | C58: 3.501348 | D58: 2.754751 | E58: 3.145567 | F58: 2.834885
A59: Net Debt/EBITDA | B59: 3.746634 | C59: 2.82735 | D59: 2.289655 | E59: 2.735598 | F59: 2.44413
A60: Total Debt/(EBITDA-CAPEX) | B60: 7.952797 | C60: 4.827753 | D60: 3.942465 | E60: 5.421521 | F60: 4.451436
A61: Net Debt/(EBITDA-CAPEX) | B61: 6.204545 | C61: 3.898426 | D61: 3.276841 | E61: 4.714922 | F61: 3.837859
A63: Altman Z Score | B63: 2.070333 | C63: 2.208953 | D63: 2.284897 | E63: 2.21159 | F63: 2.177281
A65: Growth Over Prior Year
A66: Total Revenue | B66: -0.17748 | C66: 0.112908 | D66: 0.308919 | E66: 0.057209 | F66: -0.017819
A67: Gross Profit | B67: -0.219469 | C67: 0.154052 | D67: 0.206848 | E67: 0.029431 | F67: 0.013921
A68: EBITDA | B68: -0.329064 | C68: 0.29467 | D68: 0.252696 | E68: -0.034617 | F68: 0.038041
A69: EBITA | B69: -0.438945 | C69: 0.494402 | D69: 0.311357 | E69: -0.056445 | F69: 0.00775
A70: EBIT | B70: -0.46674 | C70: 0.560327 | D70: 0.32536 | E70: -0.058344 | F70: 0.010501
A71: Earnings from Cont. Ops. | B71: NM | C71: NM | D71: -0.140312 | E71: -0.209938 | F71: -0.516452
A72: Net Income | B72: NM | C72: NM | D72: -0.193141 | E72: -0.14094 | F72: -0.575521
A73: Normalized Net Income | B73: -0.617793 | C73: 1.314152 | D73: 0.22043 | E73: -0.082906 | F73: -0.314431
A74: Diluted EPS before Extra | B74: NM | C74: NM | D74: -0.194108 | E74: -0.120624 | F74: -0.574479
A76: Accounts Receivable | B76: -0.388718 | C76: 0.336129 | D76: 0.305985 | E76: 0.082051 | F76: -0.074349
A77: Inventory | B77: -0.115229 | C77: 0.245148 | D77: 0.333059 | E77: 0.144923 | F77: -0.040043
A78: Net PP&E | B78: -0.129475 | C78: 0.073586 | D78: 0.09854 | E78: 0.084342 | F78: -0.006432
A79: Total Assets | B79: -0.083262 | C79: 0.145852 | D79: 0.072794 | E79: 0.052417 | F79: -0.025022
A81: Tangible Book Value | B81: NM | C81: NM | D81: NM | E81: NM | F81: NM
A82: Common Equity | B82: -0.17062 | C82: 0.295997 | D82: 0.126469 | E82: 0.025829 | F82: -0.023684
A83: Cash from Ops. | B83: -0.27692 | C83: 0.333227 | D83: 0.07534 | E83: -0.01468 | F83: 0.242212
A84: Capital Expenditures | B84: -0.216188 | C84: -0.117922 | D84: 0.352719 | E84: 0.359017 | F84: -0.102712
A85: Levered Free Cash Flow | B85: -0.251937 | C85: 0.510567 | D85: 0.009119 | E85: -0.72759 | F85: 3.399134
A86: Unlevered Free Cash Flow | B86: -0.224218 | C86: 0.408693 | D86: 0.007062 | E86: -0.599453 | F86: 2.073264
A87: Dividend per Share | B87: -0.583334 | C87: 0.771428 | D87: 0.395161 | E87: 0 | F87: 0.075144
A89: Compound Annual Growth Rate Over Two Years
A90: Total Revenue | B90: -0.063704 | C90: -0.04324 | D90: 0.206942 | E90: 0.176351 | F90: 0.019005
A91: Gross Profit | B91: -0.085136 | C91: -0.050909 | D91: 0.180155 | E91: 0.114615 | F91: 0.021647
A92: EBITDA | B92: -0.140683 | C92: -0.06799 | D92: 0.273511 | E92: 0.099697 | F92: 0.001053
A93: EBITA | B93: -0.212095 | C93: -0.084335 | D93: 0.399891 | E93: 0.112357 | F93: -0.024875
A94: EBIT | B94: -0.227769 | C94: -0.087826 | D94: 0.438053 | E94: 0.117154 | F94: -0.024528
A95: Earnings from Cont. Ops. | B95: NM | C95: 0.220266 | D95: NM | E95: -0.17586 | F95: -0.381912
A96: Net Income | B96: NM | C96: 0.2388 | D96: NM | E96: -0.16745 | F96: -0.396135
A97: Normalized Net Income | B97: -0.351701 | C97: -0.059529 | D97: 0.680554 | E97: 0.057946 | F97: -0.207074
A98: Diluted EPS before Extra | B98: NM | C98: 0.237135 | D98: NM | E98: -0.158167 | F98: -0.388287
A100: Accounts Receivable | B100: -0.17009 | C100: -0.096257 | D100: 0.320972 | E100: 0.188757 | F100: 0.000801
A101: Inventory | B101: 0.009847 | C101: 0.049605 | D101: 0.288354 | E101: 0.235415 | F101: 0.048368
A102: Net PP&E | B102: 0.008416 | C102: -0.033261 | D102: 0.085992 | E102: 0.091418 | F102: 0.037964
A103: Total Assets | B103: 0.005689 | C103: 0.024913 | D103: 0.108722 | E103: 0.062557 | F103: 0.012958
A105: Tangible Book Value | B105: NM | C105: NM | D105: NM | E105: NM | F105: NM
A106: Common Equity | B106: -0.039794 | C106: 0.036761 | D106: 0.208264 | E106: 0.074972 | F106: 0.000767
A107: Cash from Ops. | B107: -0.154615 | C107: -0.01815 | D107: 0.197361 | E107: 0.029347 | F107: 0.106334
A108: Capital Expenditures | B108: -0.10836 | C108: -0.168506 | D108: 0.092339 | E108: 0.355864 | F108: 0.104278
A109: Levered Free Cash Flow | B109: -0.068464 | C109: 0.063015 | D109: 0.234643 | E109: -0.475696 | F109: 0.094702
A110: Unlevered Free Cash Flow | B110: -0.056733 | C110: 0.045389 | D110: 0.191068 | E110: -0.364881 | F110: 0.109499
A111: Dividend per Share | B111: -0.338562 | C111: -0.140875 | D111: 0.572078 | E111: 0.181169 | F111: 0.036892
A113: Compound Annual Growth Rate Over Three Years
A114: Total Revenue | B114: -0.030114 | C114: -0.00819 | D114: 0.062119 | E114: 0.154812 | F114: 0.107699
A115: Gross Profit | B115: -0.049352 | C115: -0.011493 | D115: 0.028228 | E115: 0.127609 | F115: 0.079986
A116: EBITDA | B116: -0.094228 | C116: -0.014881 | D116: 0.028558 | E116: 0.161186 | F116: 0.078748
A117: EBITA | B117: -0.143186 | C117: -0.024699 | D117: 0.032123 | E117: 0.227398 | F117: 0.076334
A118: EBIT | B118: -0.153964 | C118: -0.02373 | D118: 0.033149 | E118: 0.248765 | F118: 0.080408
A119: Earnings from Cont. Ops. | B119: NM | C119: 0.188627 | D119: 0.0858 | E119: NM | F119: -0.310056
A120: Net Income | B120: NM | C120: 0.202214 | D120: 0.073825 | E120: NM | F120: -0.334892
...

Sheet Constellation Brands Ratios
A5: Constellation Brands, Inc. (NYSE:STZ) > Financials > Ratios
B7: Restatement: | C7: Latest Filings | E7: Period Type: | F7: Annual
B8: Order: | C8: Latest on Right | E8: Decimals: | F8: Capital IQ (Default)
B9: Source: | C9: Capital IQ & Proprietary Data
A12: Ratios
A13: For the Fiscal Period Ending | B13: 2020 | C13: 2021 | D13: 2022 | E13: 2023 | F13: 2024
A14: Profitability
A15: Return on Assets % | B15: 0.060132 | C15: 0.067717 | D15: 0.07189 | E15: 0.073523 | F15: 0.079147
A16: Return on Capital % | B16: 0.065812 | C16: 0.073522 | D16: 0.079463 | E16: 0.083099 | F16: 0.08993
A17: Return on Equity % | B17: 0.00169 | C17: 0.153904 | D17: 7.6e-05 | E17: -0.003705 | F17: 0.187802
A18: Return on Common Equity % | B18: -0.000956 | C18: 0.1553 | D18: -0.003189 | E18: -0.007048 | F18: 0.190276
A20: Margin Analysis
A21: Gross Margin % | B21: 0.513633 | C21: 0.530975 | D21: 0.534084 | E21: 0.50512 | F21: 0.504035
A22: SG&A Margin % | B22: 0.1898 | C22: 0.188707 | D22: 0.188771 | E22: 0.190772 | F22: 0.183982
A23: EBITDA Margin % | B23: 0.364978 | C23: 0.376974 | D23: 0.38413 | E23: 0.354949 | F23: 0.363006
A24: EBITA Margin % | B24: 0.326757 | C24: 0.342882 | D24: 0.34589 | E24: 0.314347 | F24: 0.320052
A25: EBIT Margin % | B25: 0.326074 | C25: 0.342267 | D25: 0.345312 | E25: 0.314347 | F25: 0.320052
A26: Earnings from Cont. Ops Margin % | B26: 0.002564 | C26: 0.235847 | D26: 0.000113 | E26: -0.004072 | F26: 0.177196
A27: Net Income Margin % | B27: -0.001414 | C27: 0.231923 | D27: -0.00458 | E27: -0.007511 | F27: 0.173402
A28: Net Income Avail. for Common Margin % | B28: -0.001414 | C28: 0.231923 | D28: -0.00458 | E28: -0.007511 | F28: 0.173402
A29: Normalized Net Income Margin % | B29: -0.032197 | C29: 0.191653 | D29: 0.067445 | E29: 0.027756 | F29: 0.136121
A30: Levered Free Cash Flow Margin % | B30: 0.149605 | C30: 0.21507 | D30: 0.119484 | E30: 0.088167 | F30: 0.08849
A31: Unlevered Free Cash Flow Margin % | B31: 0.179789 | C31: 0.240232 | D31: 0.140214 | E31: 0.112532 | F31: 0.114676
A33: Asset Turnover
A34: Total Asset Turnover | B34: 0.295059 | C34: 0.316561 | D34: 0.333104 | E34: 0.374226 | F34: 0.39567
A35: Fixed Asset Turnover | B35: 1.505815 | C35: 1.422316 | D35: 1.374154 | E35: 1.365371 | F35: 1.246923
A36: Accounts Receivable Turnover | B36: 9.748787 | C36: 10.44167 | D36: 10.474024 | E36: 10.499389 | F36: 11.487315
A37: Inventory Turnover | B37: 2.31621 | C37: 3.032686 | D37: 2.869601 | E37: 2.69472 | F37: 2.484636
A39: Short Term Liquidity
A40: Current Ratio | B40: 1.507094 | C40: 2.398944 | D40: 1.23377 | E40: 1.177812 | F40: 1.187096
A41: Quick Ratio | B41: 0.560861 | C41: 1.220628 | D41: 0.488587 | E41: 0.407404 | F41: 0.39243
A42: Cash from Ops. to Curr. Liab. | B42: 1.103512 | C42: 2.211409 | D42: 1.002445 | E42: 0.92878 | F42: 0.884871
A43: Avg. Days Sales Out. | B43: 37.542816 | C43: 34.95605 | D43: 34.84801 | E43: 34.763695 | F43: 31.861032
A44: Avg. Days Inventory Out. | B44: 158.01647 | C44: 120.3551 | D44: 127.1952 | E44: 135.45004 | F44: 147.30512
A45: Avg. Days Payable Out. | B45: 65.096394 | C45: 46.91929 | D45: 56.48083 | E45: 67.13956 | F45: 73.216836
A46: Avg. Cash Conversion Cycle | B46: 130.4629 | C46: 108.39186 | D46: 105.56238 | E46: 103.07417 | F46: 105.94931
A48: Long Term Solvency
A49: Total Debt/Equity | B49: 1.021748 | C49: 0.788435 | D49: 0.909261 | E49: 1.483884 | F49: 1.247699
A50: Total Debt Ratio | B50: 0.505378 | C50: 0.440852 | D50: 0.476237 | E50: 0.597404 | F50: 0.5551
A51: LT Debt/Equity | B51: 0.937479 | C51: 0.7814 | D51: 0.825536 | E51: 1.340054 | F51: 1.119746
A52: LT Debt/Capital | B52: 0.463697 | C52: 0.436918 | D52: 0.432385 | E52: 0.539499 | F52: 0.498174
A53: Total Liabilities/Total Assets | B53: 0.543453 | C53: 0.486102 | D53: 0.534038 | E53: 0.64586 | F53: 0.608254
A55: Times Interest Earned | B55: 6.346162 | C55: 7.644801 | D55: 8.546296 | E55: 7.026247 | F55: 7.310937
A56: EBITDA / Interest Exp. | B56: 8.294844 | C56: 9.247342 | D56: 10.349887 | E56: 8.59423 | F56: 8.958954
A57: (EBITDA-CAPEX) / Interest Exp. | B57: 6.600186 | C57: 7.005703 | D57: 7.468855 | E57: 6.145897 | F57: 6.048842
A58: Total Debt/EBITDA | B58: 3.584251 | C58: 3.079092 | D58: 2.969772 | E58: 3.565855 | F58: 3.214128
A59: Net Debt/EBITDA | B59: 3.561361 | C59: 2.949953 | D59: 2.915715 | E59: 3.529123 | F59: 3.175121
A60: Total Debt/(EBITDA-CAPEX) | B60: 4.504541 | C60: 4.06432 | D60: 4.115331 | E60: 4.986379 | F60: 4.760453
A61: Net Debt/(EBITDA-CAPEX) | B61: 4.475773 | C61: 3.89386 | D61: 4.040422 | E61: 4.935015 | F61: 4.70268
A63: Altman Z Score | B63: 2.87004 | C63: 3.154271 | D63: 3.435388 | E63: 3.187262 | F63: 3.264646
A65: Growth Over Prior Year
A66: Total Revenue | B66: 0.028031 | C66: 0.032528 | D66: 0.023888 | E66: 0.071638 | F66: 0.053868
A67: Gross Profit | B67: 0.044377 | C67: 0.06739 | D67: 0.029884 | E67: 0.013521 | F67: 0.051605
A68: EBITDA | B68: 0.028227 | C68: 0.066465 | D68: 0.043324 | E68: -0.009769 | F68: 0.077789
A69: EBITA | B69: 0.033707 | C69: 0.083483 | D69: 0.032871 | E69: -0.02609 | F69: 0.072995
A70: EBIT | B70: 0.033898 | C70: 0.083805 | D70: 0.032998 | E70: -0.02446 | F70: 0.072995
A71: Earnings from Cont. Ops. | B71: -0.993814 | C71: 93.943925 | D71: -0.999508 | E71: NM | F71: NM
A72: Net Income | B72: NM | C72: NM | D72: NM | E72: NM | F72: NM
A73: Normalized Net Income | B73: NM | C73: NM | D73: -0.639682 | E73: -0.558969 | F73: 4.168222
A74: Diluted EPS before Extra | B74: NM | C74: NM | D74: NM | E74: NM | F74: NM
A76: Accounts Receivable | B76: 0.021135 | C76: -0.091929 | D76: 0.144785 | E76: 0.002892 | F76: -0.076309
A77: Inventory | B77: -0.355239 | C77: -0.060062 | D77: 0.218495 | E77: 0.206903 | F77: 0.094591
A78: Net PP&E | B78: 0.103867 | C78: 0.08343 | D78: 0.037939 | E78: 0.117641 | F78: 0.186488
A79: Total Assets | B79: -0.065283 | C79: -0.007994 | D79: -0.046081 | E79: -0.04616 | F79: 0.041739
A81: Tangible Book Value | B81: 0.309864 | C81: 0.856081 | D81: -0.637426 | E81: NM | F81: NM
A82: Common Equity | B82: -0.0334 | C82: 0.12093 | D82: -0.137291 | E82: -0.282845 | F82: 0.158017
A83: Cash from Ops. | B83: 0.135689 | C83: 0.100113 | D83: -0.036024 | E83: 0.019036 | F83: 0.008378
A84: Capital Expenditures | B84: -0.180301 | C84: 0.190089 | D84: 0.187601 | E84: 0.008375 | F84: 0.225709
A85: Levered Free Cash Flow | B85: 0.595217 | C85: 0.484342 | D85: -0.431169 | E85: -0.20924 | F85: 0.057729
A86: Unlevered Free Cash Flow | B86: 0.526755 | C86: 0.379647 | D86: -0.402396 | E86: -0.13993 | F86: 0.07395
A87: Dividend per Share | B87: 0.013513 | C87: 0 | D87: 0.013333 | E87: 0.052631 | F87: 0.1125
A89: Compound Annual Growth Rate Over Two Years
A90: Total Revenue | B90: 0.049134 | C90: 0.030277 | D90: 0.028199 | E90: 0.047491 | F90: 0.062716
A91: Gross Profit | B91: 0.055002 | C91: 0.055821 | D91: 0.048469 | E91: 0.02167 | F91: 0.032388
A92: EBITDA | B92: 0.04479 | C92: 0.047172 | D92: 0.054831 | E92: 0.016431 | F92: 0.033083
A93: EBITA | B93: 0.045137 | C93: 0.058302 | D93: 0.057875 | E93: 0.002958 | F93: 0.022253
A94: EBIT | B94: 0.04528 | C94: 0.058558 | D94: 0.058097 | E94: 0.003859 | F94: 0.023108
A95: Earnings from Cont. Ops. | B95: -0.903865 | C95: -0.233594 | D95: -0.783833 | E95: NM | F95: 41.014283
A96: Net Income | B96: NM | C96: -0.237434 | D96: NM | E96: NM | F96: NM
A97: Normalized Net Income | B97: NM | C97: -0.213259 | D97: NM | E97: -0.601364 | F97: 0.509751
A98: Diluted EPS before Extra | B98: NM | C98: -0.236952 | D98: NM | E98: NM | F98: NM
A100: Accounts Receivable | B100: 0.055531 | C100: -0.037055 | D100: 0.019581 | E100: 0.071492 | F100: -0.037523
A101: Inventory | B101: -0.18814 | C101: -0.221517 | D101: 0.070192 | E101: 0.212685 | F101: 0.149376
A102: Net PP&E | B102: 0.101789 | C102: 0.093601 | D102: 0.060441 | E102: 0.077053 | F102: 0.15155
A103: Total Assets | B103: 0.153398 | C103: -0.037064 | D103: -0.027224 | E103: -0.046121 | F103: -0.003179
A105: Tangible Book Value | B105: NM | C105: 0.559235 | D105: -0.179654 | E105: NM | F105: NM
A106: Common Equity | B106: 0.233373 | C106: 0.040909 | D106: -0.01662 | E106: -0.213427 | F106: -0.088694
A107: Cash from Ops. | B107: 0.149285 | C107: 0.11776 | D107: 0.029798 | E107: -0.008876 | F107: 0.013693
A108: Capital Expenditures | B108: -0.171186 | C108: -0.012318 | D108: 0.188844 | E108: 0.094325 | F108: 0.111744
A109: Levered Free Cash Flow | B109: 0.55031 | C109: 0.538782 | D109: -0.08112 | E109: -0.329322 | F109: -0.085445
A110: Unlevered Free Cash Flow | B110: 0.557792 | C110: 0.451339 | D110: -0.09199 | E110: -0.283075 | F110: -0.038921
A111: Dividend per Share | B111: 0.200961 | C111: 0.006734 | D111: 0.006644 | E111: 0.032795 | F111: 0.082152
A113: Compound Annual Growth Rate Over Three Years
A114: Total Revenue | B114: 0.044537 | C114: 0.043569 | D114: 0.028143 | E114: 0.04248 | F114: 0.049613
A115: Gross Profit | B115: 0.065867 | C115: 0.059115 | D115: 0.047104 | E115: 0.036688 | F115: 0.031553
A116: EBITDA | B116: 0.067656 | C116: 0.051966 | D116: 0.045888 | E116: 0.032843 | F116: 0.036486
A117: EBITA | B117: 0.063786 | C117: 0.057766 | D117: 0.049757 | E117: 0.029112 | F117: 0.02578
A118: EBIT | B118: 0.064676 | C118: 0.057967 | D118: 0.049968 | E118: 0.02983 | F118: 0.026395
A119: Earnings from Cont. Ops. | B119: -0.759204 | C119: -0.042605 | D119: -0.933885 | E119: NM | F119: -0.045804
A120: Net Income | B120: NM | C120: -0.046307 | D120: NM | E120: NM | F120: -0.047352
...

Sheet Boston Beer Ratios
A5: The Boston Beer Company, Inc. (NYSE:SAM) > Financials > Ratios
B7: Restatement: | C7: Latest Filings | E7: Period Type: | F7: Annual
B8: Order: | C8: Latest on Right | E8: Decimals: | F8: Capital IQ (Default)
B9: Source: | C9: Capital IQ & Proprietary Data
A12: Ratios
A13: For the Fiscal Period Ending | B13: 2020 | C13: 2021 | D13: 2022 | E13: 2023 | F13: 2024
A14: Profitability
A15: Return on Assets % | B15: 0.127766 | C15: 0.025841 | D15: 0.056121 | E15: 0.053416 | F15: 0.070798
A16: Return on Capital % | B16: 0.17025 | C16: 0.034418 | D16: 0.07254 | E16: 0.067677 | F16: 0.091183
A17: Return on Equity % | B17: 0.226822 | C17: 0.015 | D17: 0.065559 | E17: 0.071046 | F17: 0.059871
A18: Return on Common Equity % | B18: 0.225446 | C18: 0.014946 | D18: 0.065405 | E18: 0.070903 | F18: 0.05973
A20: Margin Analysis
A21: Gross Margin % | B21: 0.469037 | C21: 0.387725 | D21: 0.412367 | E21: 0.424354 | F21: 0.443996
A22: SG&A Margin % | B22: 0.325828 | C22: 0.359938 | D22: 0.352065 | E22: 0.363704 | F22: 0.368587
A23: EBITDA Margin % | B23: 0.18102 | C23: 0.062824 | D23: 0.099222 | E23: 0.104531 | F23: 0.122103
A24: EBITA Margin % | B24: 0.143354 | C24: 0.027909 | D24: 0.060302 | E24: 0.060775 | F24: 0.075713
A25: EBIT Margin % | B25: 0.143209 | C25: 0.027786 | D25: 0.060302 | E25: 0.060649 | F25: 0.075409
A26: Earnings from Cont. Ops Margin % | B26: 0.110548 | C26: 0.007072 | D26: 0.032178 | E26: 0.037961 | F26: 0.029655
A27: Net Income Margin % | B27: 0.110548 | C27: 0.007072 | D27: 0.032178 | E27: 0.037961 | F27: 0.029655
A28: Net Income Avail. for Common Margin % | B28: 0.109878 | C28: 0.007047 | D28: 0.032102 | E28: 0.037884 | F28: 0.029586
A29: Normalized Net Income Margin % | B29: 0.089514 | C29: 0.017036 | D29: 0.037881 | E29: 0.040889 | F29: 0.050741
A30: Levered Free Cash Flow Margin % | B30: 0.059391 | C30: -0.040688 | D30: 0.056399 | E30: 0.090432 | F30: 0.075302
A31: Unlevered Free Cash Flow Margin % | B31: 0.059463 | C31: -0.040654 | D31: 0.056399 | E31: 0.090432 | F31: 0.075302
A33: Asset Turnover
A34: Total Asset Turnover | B34: 1.427469 | C34: 1.488006 | D34: 1.489076 | E34: 1.409182 | F34: 1.502177
A35: Fixed Asset Turnover | B35: 2.720844 | C35: 2.941235 | D35: 2.925045 | E35: 2.890638 | F35: 3.044935
A36: Accounts Receivable Turnover | B36: 26.158569 | C36: 30.853531 | D36: 37.429656 | E36: 32.483888 | F36: 31.349104
A37: Inventory Turnover | B37: 7.782129 | C37: 8.997885 | D37: 8.255914 | E37: 8.752122 | F37: 9.609619
A39: Short Term Liquidity
A40: Current Ratio | B40: 1.592661 | C40: 1.353715 | D40: 2.072135 | E40: 2.25498 | F40: 1.801549
A41: Quick Ratio | B41: 0.971513 | C41: 0.53034 | D41: 1.210954 | E41: 1.644508 | F41: 1.208497
A42: Cash from Ops. to Curr. Liab. | B42: 0.97681 | C42: 0.22068 | D42: 0.978841 | E42: 1.187484 | F42: 1.074528
A43: Avg. Days Sales Out. | B43: 13.914992 | C43: 11.797604 | D43: 9.911636 | E43: 11.205376 | F43: 11.610872
A44: Avg. Days Inventory Out. | B44: 46.773636 | C44: 40.453868 | D44: 44.937375 | E44: 41.589912 | F44: 37.878568
A45: Avg. Days Payable Out. | B45: 38.062752 | C45: 29.55862 | D45: 25.711784 | E45: 27.77866 | F45: 28.34468
A46: Avg. Cash Conversion Cycle | B46: 22.625876 | C46: 22.692852 | D46: 29.137227 | E46: 25.016628 | F46: 21.14476
A48: Long Term Solvency
A49: Total Debt/Equity | B49: 0.074701 | C49: 0.065628 | D49: 0.052032 | E49: 0.044513 | F49: 0.042327
A50: Total Debt Ratio | B50: 0.069509 | C50: 0.061586 | D50: 0.049458 | E50: 0.042616 | F50: 0.040608
A51: LT Debt/Equity | B51: 0.064581 | C51: 0.056241 | D51: 0.042859 | E51: 0.034892 | F51: 0.033989
A52: LT Debt/Capital | B52: 0.060092 | C52: 0.052777 | D52: 0.04074 | E52: 0.033405 | F52: 0.032609
A53: Total Liabilities/Total Assets | B53: 0.305954 | C53: 0.29087 | D53: 0.24791 | E53: 0.246199 | F53: 0.26706
A55: Times Interest Earned | B55: NM | C55: NM | D55: NA | E55: NA | F55: NA
A56: EBITDA / Interest Exp. | B56: NM | C56: NM | D56: NA | E56: NA | F56: NA
A57: (EBITDA-CAPEX) / Interest Exp. | B57: NM | C57: NM | D57: NA | E57: NA | F57: NA
A58: Total Debt/EBITDA | B58: 0.219462 | C58: 0.458755 | D58: 0.254938 | E58: 0.219186 | F58: 0.151622
A59: Net Debt/EBITDA | B59: NM | C59: 0.267882 | D59: NM | E59: NM | F59: NM
A60: Total Debt/(EBITDA-CAPEX) | B60: 0.384874 | C60: NM | D60: 0.43605 | E60: 0.309917 | F60: 0.216057
A61: Net Debt/(EBITDA-CAPEX) | B61: NM | C61: NM | D61: NM | E61: NM | F61: NM
A63: Altman Z Score | B63: 13.450759 | C63: 17.329761 | D63: 10.087052 | E63: 9.408394 | F63: 8.771917
A65: Growth Over Prior Year
A66: Total Revenue | B66: 0.389341 | C66: 0.184971 | D66: 0.015897 | E66: -0.039089 | F66: 0.002141
A67: Gross Profit | B67: 0.32611 | C67: -0.020456 | D67: 0.080464 | E67: -0.011157 | F67: 0.048527
A68: EBITDA | B68: 0.555365 | C68: -0.588745 | D68: 0.604455 | E68: 0.012323 | F68: 0.170605
A69: EBITA | B69: 0.705556 | C69: -0.769301 | D69: 1.194995 | E69: -0.031543 | F69: 0.248451
A70: EBIT | B70: 0.705307 | C70: -0.770084 | D70: 1.204708 | E70: -0.03355 | F70: 0.246012
A71: Earnings from Cont. Ops. | B71: 0.74444 | C71: -0.924188 | D71: 3.621933 | E71: 0.133609 | F71: -0.217115
A72: Net Income | B72: 0.74444 | C72: -0.924188 | D72: 3.621933 | E72: 0.133609 | F72: -0.217115
A73: Normalized Net Income | B73: 0.711827 | C73: -0.77448 | D73: 1.258977 | E73: 0.037198 | F73: 0.243603
A74: Diluted EPS before Extra | B74: 0.695799 | C74: -0.924669 | D74: 3.645137 | E74: 0.142015 | F74: -0.184645
A76: Accounts Receivable | B76: 0.440298 | C76: -0.297813 | D76: 0.029988 | E76: 0.182188 | F76: -0.083198
A77: Inventory | B77: 0.234557 | C77: 0.139087 | D77: -0.00448 | E77: -0.220122 | F77: 0.011971
A78: Net PP&E | B78: 0.145824 | C78: 0.052853 | D78: -0.008239 | E78: -0.047226 | F78: -0.050127
... A84: Capital Expenditures | B84: 0.501571 | C84: 0.056594 | D84: -0.387625 | E84: -0.292498 | F84: 0.19021
A85: Levered Free Cash Flow | B85: 0.659911 | C85: NM | D85: NM | E85: 0.540758 | F85: -0.165525
A86: Unlevered Free Cash Flow | B86: 0.661913 | C86: NM | D86: NM | E86: 0.540758 | F86: -0.165525
A87: Dividend per Share | B87: NA | C87: NA | D87: NA | E87: NA | F87: NA
A89: Compound Annual Growth Rate Over Two Years
A90: Total Revenue | B90: 0.320613 | C90: 0.283094 | D90: 0.097182 | E90: -0.011978 | F90: -0.018691
A91: Gross Profit | B91: 0.260941 | C91: 0.13973 | D91: 0.028768 | E91: 0.033639 | F91: 0.018248
A92: EBITDA | B92: 0.365814 | C92: -0.200218 | D92: -0.187694 | E92: 0.274452 | F92: 0.088591
A93: EBITA | B93: 0.46154 | C93: -0.372728 | D93: -0.288394 | E93: 0.457998 | F93: 0.099578
A94: EBIT | B94: 0.460797 | C94: -0.373839 | D94: -0.288032 | E94: 0.459706 | F94: 0.097365
A95: Earnings from Cont. Ops. | B95: 0.439303 | C95: -0.636338 | D95: -0.408053 | E95: 1.288989 | F95: -0.057935
A96: Net Income | B96: 0.439303 | C96: -0.636338 | D96: -0.408053 | E96: 1.288989 | F96: -0.057935
A97: Normalized Net Income | B97: 0.458332 | C97: -0.37867 | D97: -0.286246 | E97: 0.530689 | F97: 0.135722
A98: Diluted EPS before Extra | B98: 0.409142 | C98: -0.642584 | D98: -0.408457 | E98: 1.303219 | F98: -0.035039
A100: Accounts Receivable | B100: 0.516479 | C100: 0.005663 | D100: -0.149562 | E100: 0.103467 | F100: 0.041073
A101: Inventory | B101: 0.365106 | C101: 0.185862 | D101: 0.064887 | E101: -0.118873 | F101: -0.111622
A102: Net PP&E | B102: 0.322328 | C102: 0.098355 | D102: 0.021851 | E102: -0.027927 | F102: -0.048677
... A108: Capital Expenditures | B108: 0.588795 | C108: 0.259584 | D108: -0.195617 | E108: -0.341777 | F108: -0.082353
A109: Levered Free Cash Flow | B109: 0.152659 | C109: NM | D109: 0.069188 | E109: NM | F109: 0.133898
A110: Unlevered Free Cash Flow | B110: 0.153354 | C110: NM | D110: 0.068543 | E110: NM | F110: 0.133898
A111: Dividend per Share | B111: NA | C111: NA | D111: NA | E111: NA | F111: NA
A113: Compound Annual Growth Rate Over Three Years
A114: Total Revenue | B114: 0.262458 | C114: 0.273756 | D114: 0.187013 | E114: 0.049737 | F114: -0.007294
A115: Gross Profit | B115: 0.218754 | C115: 0.159145 | D115: 0.119622 | E115: 0.015284 | F115: 0.038578
A116: EBITDA | B116: 0.228871 | C116: -0.084556 | D116: 0.008689 | E116: -0.125849 | F116: 0.238851
A117: EBITA | B117: 0.28206 | C117: -0.21013 | D117: -0.047682 | E117: -0.211407 | F117: 0.384507
A118: EBIT | B118: 0.281625 | C118: -0.211292 | D118: -0.047406 | E118: -0.211684 | F118: 0.384685
A119: Earnings from Cont. Ops. | B119: 0.246771 | C119: -0.460471 | D119: -0.151327 | E119: -0.264906 | F119: 0.600768
A120: Net Income | B120: 0.246771 | C120: -0.460471 | D120: -0.151327 | E120: -0.264906 | F120: 0.600768
A121: Normalized Net Income | B121: 0.27998 | C121: -0.217233 | D121: -0.044599 | E121: -0.19155 | F121: 0.428297
A122: Diluted EPS before Extra | B122: 0.243039 | C122: -0.469164 | D122: -0.159671 | E122: -0.263428 | F122: 0.629318
A124: Accounts Receivable | B124: 0.324161 | C124: 0.173209 | D124: 0.013707 | E124: -0.050874 | F124: 0.037365
A125: Inventory | B125: 0.37234 | C125: 0.285178 | D125: 0.118681 | E125: -0.040132 | F125: -0.077255
A126: Net PP&E | B126: 0.210468 | C126: 0.2256 | D126: 0.061608 | E126: -0.001714 | F126: -0.035384
... A132: Capital Expenditures | B132: 0.61904 | C132: 0.386803 | D132: -0.00957 | E132: -0.229301 | F132: -0.198095
A133: Levered Free Cash Flow | B133: 0.014419 | C133: NM | D133: 0.238029 | E133: 0.207668 | F133: NM
A134: Unlevered Free Cash Flow | B134: 0.014827 | C134: NM | D134: 0.238029 | E134: 0.207183 | F134: NM
...

Sheet Busch Ratios
A5: Anheuser-Busch InBev SA/NV (ENXTBR:ABI) > Financials > Ratios
B7: Restatement: | C7: Latest Filings | E7: Period Type: | F7: Annual
B8: Order: | C8: Latest on Right | E8: Decimals: | F8: Capital IQ (Default)
B9: Source: | C9: Capital IQ & Proprietary Data
A12: Ratios
A13: For the Fiscal Period Ending | B13: 2020 | C13: 2021 | D13: 2022 | E13: 2023 | F13: 2024
A14: Profitability
A15: Return on Assets % | B15: 0.032674 | C15: 0.039616 | D15: 0.041836 | E15: 0.041587 | F15: 0.044738
A16: Return on Capital % | B16: 0.041473 | C16: 0.050923 | D16: 0.054139 | E16: 0.053587 | F16: 0.057396
A17: Return on Equity % | B17: 0.001804 | C17: 0.077544 | D17: 0.092862 | E17: 0.077884 | F17: 0.081774
A18: Return on Common Equity % | B18: -0.009043 | C18: 0.068328 | D18: 0.08403 | E18: 0.068806 | F18: 0.073148
A20: Margin Analysis
A21: Gross Margin % | B21: 0.581194 | C21: 0.574672 | D21: 0.544785 | E21: 0.538632 | F21: 0.552536
A22: SG&A Margin % | B22: 0.329579 | C22: 0.324985 | D22: 0.305056 | E22: 0.307561 | F22: 0.308342
A23: EBITDA Margin % | B23: 0.361191 | C23: 0.335021 | D23: 0.32333 | E23: 0.315847 | F23: 0.319786
A24: EBITA Margin % | B24: 0.258185 | C24: 0.271011 | D24: 0.260582 | E24: 0.254176 | F24: 0.258666
A25: EBIT Margin % | B25: 0.258185 | C25: 0.259152 | D25: 0.249385 | E25: 0.242202 | F25: 0.255086
A26: Earnings from Cont. Ops Margin % | B26: 0.003135 | C26: 0.112588 | D26: 0.131467 | E26: 0.116049 | F26: 0.124079
A27: Net Income Margin % | B27: 0.029969 | C27: 0.085997 | D27: 0.103294 | E27: 0.089946 | F27: 0.097962
A28: Net Income Avail. for Common Margin % | B28: -0.013864 | C28: 0.085997 | D28: 0.103294 | E28: 0.089946 | F28: 0.097962
A29: Normalized Net Income Margin % | B29: 0.062882 | C29: 0.080709 | D29: 0.072986 | E29: 0.074425 | F29: 0.091441
A30: Levered Free Cash Flow Margin % | B30: 0.351365 | C30: 0.165158 | D30: 0.097489 | E30: 0.132292 | F30: 0.152067
A31: Unlevered Free Cash Flow Margin % | B31: 0.406838 | C31: 0.20948 | D31: 0.138664 | E31: 0.173404 | F31: 0.190047
A33: Asset Turnover
A34: Total Asset Turnover | B34: 0.202484 | C34: 0.244592 | D34: 0.268416 | E34: 0.274727 | F34: 0.280616
A35: Fixed Asset Turnover | B35: 1.737523 | C35: 2.045463 | D35: 2.166338 | E35: 2.220269 | F35: 2.375469
A36: Accounts Receivable Turnover | B36: 12.390907 | C36: 15.593395 | D36: 15.894925 | E36: 14.618414 | F36: 14.455919
A37: Inventory Turnover | B37: 4.407677 | C37: 4.675032 | D37: 4.380151 | E37: 4.492988 | F37: 5.04461
A39: Short Term Liquidity
A40: Current Ratio | B40: 0.819702 | C40: 0.70059 | D40: 0.674344 | E40: 0.628889 | F40: 0.695548
A41: Quick Ratio | B41: 0.642371 | C41: 0.513339 | D41: 0.459616 | E41: 0.451367 | F41: 0.511068
A42: Cash from Ops. to Curr. Liab. | B42: 0.33664 | C42: 0.432921 | D42: 0.38676 | E42: 0.357008 | F42: 0.455301
A43: Avg. Days Sales Out. | B43: 29.537664 | C43: 23.407085 | D43: 22.963245 | E43: 24.96819 | F43: 25.31805
A44: Avg. Days Inventory Out. | B44: 83.036616 | C44: 78.07423 | D44: 83.33023 | E44: 81.23732 | F44: 72.552546
A45: Avg. Days Payable Out. | B45: 295.3243 | C45: 256.1716 | D45: 241.39896 | E45: 251.37587 | F45: 235.82881
A46: Avg. Cash Conversion Cycle | B46: -182.8 | C46: -154.7 | D46: -135.1 | E46: -145.2 | F46: -138
A48: Long Term Solvency
A49: Total Debt/Equity | B49: 1.261349 | C49: 1.120846 | D49: 0.951422 | E49: 0.845321 | F49: 0.81531
A50: Total Debt Ratio | B50: 0.557786 | C50: 0.52849 | D50: 0.487553 | E50: 0.458088 | F50: 0.449129
A51: LT Debt/Equity | B51: 1.218593 | C51: 1.101197 | D51: 0.93595 | E51: 0.801858 | F51: 0.798027
A52: LT Debt/Capital | B52: 0.538878 | C52: 0.519225 | D52: 0.479624 | E52: 0.434535 | F52: 0.439609
A53: Total Liabilities/Total Assets | B53: 0.653941 | C53: 0.635431 | D53: 0.604222 | E53: 0.577477 | F53: 0.570744
A55: EBIT / Interest Exp. | B55: 2.908916 | C55: 3.654375 | D55: 3.785395 | E55: 3.682027 | F55: 4.197687
A56: EBITDA / Interest Exp. | B56: 4.069454 | C56: 4.873279 | D56: 5.073023 | E56: 5.007936 | F56: 5.477698
A57: (EBITDA-CAPEX) / Interest Exp. | B57: 3.160778 | C57: 3.408725 | D57: 3.717625 | E57: 3.820532 | F57: 4.414096
A58: Total Debt/EBITDA | B58: 5.836414 | C58: 4.73853 | D58: 4.151814 | E58: 4.004958 | F58: 3.634983
A59: Net Debt/EBITDA | B59: 4.912301 | C59: 4.074012 | D59: 3.630404 | E59: 3.473339 | F59: 3.062226
A60: Total Debt/(EBITDA-CAPEX) | B60: 7.514294 | C60: 6.774434 | D60: 5.665512 | E60: 5.249681 | F60: 4.510853
A61: Net Debt/(EBITDA-CAPEX) | B61: 6.324513 | C61: 5.824407 | D61: 4.954002 | E61: 4.552837 | F61: 3.800087
A63: Altman Z Score | B63: 1.002734 | C63: 1.180215 | D63: 1.204418 | E63: 1.236796 | F63: 1.406001
A65: Growth Over Prior Year
A66: Total Revenue | B66: -0.104111 | C66: 0.158337 | D66: 0.06412 | E66: 0.027584 | F66: 0.006534
A67: Gross Profit | B67: -0.147653 | C67: 0.145337 | D67: 0.00878 | E67: 0.015977 | F67: 0.032516
A68: EBITDA | B68: -0.164381 | C68: 0.07441 | D68: 0.026988 | E68: 0.0038 | F68: 0.019088
A69: EBITA | B69: -0.278709 | C69: 0.215879 | D69: 0.02317 | E69: 0.002324 | F69: 0.024315
A70: EBIT | B70: -0.250712 | C70: 0.162673 | D70: 0.024017 | E70: -0.002013 | F70: 0.060075
A71: Earnings from Cont. Ops. | B71: -0.985286 | C71: 40.591836 | D71: 0.242558 | E71: -0.092932 | F71: 0.076186
A72: Net Income | B72: -0.8468 | C72: 2.323843 | D72: 0.278158 | E72: -0.105211 | F72: 0.096236
A73: Normalized Net Income | B73: -0.526911 | C73: 0.486728 | D73: -0.037704 | E73: 0.047834 | F73: 0.236656
A74: Diluted EPS before Extra | B74: NM | C74: NM | D74: 0.276315 | E74: -0.10653 | F74: 0.1
A76: Accounts Receivable | B76: -0.18363 | C76: 0.047927 | D76: 0.040123 | E76: 0.191529 | F76: -0.127915
A77: Inventory | B77: 0.012423 | C77: 0.204596 | D77: 0.224671 | E77: -0.155627 | F77: -0.100842
A78: Net PP&E | B78: -0.040844 | C78: 0.009803 | D78: -0.000263 | E78: 0.005511 | F78: -0.123612
A79: Total Assets | B79: -0.043263 | C79: -0.038793 | D79: -0.021524 | E79: 0.03004 | F79: -0.057915
A81: Tangible Book Value | B81: NM | C81: NM | D81: NM | E81: NM | F81: NM
A82: Common Equity | B82: -0.101662 | C82: 0.009481 | D82: 0.068866 | E82: 0.115125 | F82: -0.044119
A83: Cash from Ops. | B83: -0.224067 | C83: 0.358828 | D83: -0.101426 | E83: -0.002482 | F83: 0.134941
A84: Capital Expenditures | B84: -0.269231 | C84: 0.491668 | D84: -0.085107 | E84: -0.101163 | F84: -0.167098
A85: Levered Free Cash Flow | B85: NM | C85: -0.455528 | D85: -0.371875 | E85: 0.394426 | F85: 0.156991
A86: Unlevered Free Cash Flow | B86: NM | C86: -0.403575 | D86: -0.295611 | E86: 0.285025 | F86: 0.103139
A87: Dividend per Share | B87: -0.580758 | C87: -0.070284 | D87: 0.409586 | E87: 0.130797 | F87: 0.142243
A89: Compound Annual Growth Rate Over Two Years
A90: Total Revenue | B90: -0.05986 | C90: 0.018696 | D90: 0.11023 | E90: 0.045693 | F90: 0.017004
A91: Gross Profit | B91: -0.092821 | C91: -0.011959 | D91: 0.074892 | E91: 0.012372 | F91: 0.024213
A92: EBITDA | B92: -0.101976 | C92: -0.052477 | D92: 0.050432 | E92: 0.015328 | F92: 0.011415
A93: EBITA | B93: -0.166458 | C93: -0.063516 | D93: 0.11537 | E93: 0.012693 | F93: 0.01326
A94: EBIT | B94: -0.154507 | C94: -0.066631 | D94: 0.091145 | E94: 0.010918 | F94: 0.028563
A95: Earnings from Cont. Ops. | B95: -0.831169 | C95: -0.217688 | D95: 6.188899 | E95: 0.061643 | F95: -0.011985
A96: Net Income | B96: -0.432981 | C96: -0.286408 | D96: 1.061164 | E96: 0.069431 | F96: -0.009596
A97: Normalized Net Income | B97: -0.240697 | C97: -0.161337 | D97: 0.196107 | E97: 0.004155 | F97: 0.138337
A98: Diluted EPS before Extra | B98: NM | C98: -0.273517 | D98: NM | E98: 0.067872 | F98: -0.008629
A100: Accounts Receivable | B100: -0.13591 | C100: -0.07507 | D100: 0.044018 | E100: 0.113255 | F100: 0.01937
A101: Inventory | B101: 0.02887 | C101: 0.104337 | D101: 0.214592 | E101: 0.016897 | F101: -0.128665
A102: Net PP&E | B102: -0.021895 | C102: -0.015846 | D102: 0.004758 | E102: 0.00262 | F102: -0.061267
A103: Total Assets | B103: -0.016074 | C103: -0.04103 | D103: -0.030196 | E103: 0.003928 | F103: -0.014918
A105: Tangible Book Value | B105: NM | C105: NM | D105: NM | E105: NM | F105: NM
A106: Common Equity | B106: 0.027074 | C106: -0.04771 | D106: 0.03875 | E106: 0.091751 | F106: 0.032438
A107: Cash from Ops. | B107: -0.146081 | C107: 0.02682 | D107: 0.104992 | E107: -0.053246 | F107: 0.064014
A108: Capital Expenditures | B108: -0.130837 | C108: 0.044062 | D108: 0.168211 | E108: -0.09317 | F108: -0.134758
A109: Levered Free Cash Flow | B109: 0.217297 | C109: NM | D109: -0.415196 | E109: -0.064119 | F109: 0.270173
A110: Unlevered Free Cash Flow | B110: 0.166805 | C110: NM | D110: -0.351836 | E110: -0.048602 | F110: 0.190614
A111: Dividend per Share | B111: -0.455232 | C111: -0.37568 | D111: 0.144777 | E111: 0.26252 | F111: 0.136506
A113: Compound Annual Growth Rate Over Three Years
A114: Total Revenue | B114: -0.060003 | C114: 0.007875 | D114: 0.033618 | E114: 0.081968 | F114: 0.032473
A115: Gross Profit | B115: -0.080588 | C115: -0.019518 | D115: -0.005094 | E115: 0.054884 | F115: 0.019043
A116: EBITDA | B116: -0.080049 | C116: -0.046657 | D116: -0.026697 | E116: 0.034652 | F116: 0.01658
A117: EBITA | B117: -0.124745 | C117: -0.054673 | D117: -0.035468 | E117: 0.076338 | F117: 0.016553
A118: EBIT | B118: -0.116713 | C118: -0.059787 | D118: -0.037344 | E118: 0.059165 | F118: 0.027046
A119: Earnings from Cont. Ops. | B119: -0.747722 | C119: 0.058383 | D119: -0.087235 | E119: 2.605689 | F119: 0.066468
A120: Net Income | B120: -0.439898 | C120: 0.022378 | D120: -0.133381 | E120: 0.560686 | F120: 0.078293
...
